Workbook
Name BULAN: #REF!
Name BULAN: #REF!
Name BULAN: #REF!
Name BULAN: #REF!
Name BULAN: #REF!
Name BULAN: #REF!
Name BULAN: #REF!
Name BULAN: #REF!
Name BULAN: #REF!
Name BULAN: #REF!
Name BULAN: #REF!
Name BULAN: #REF!
Name BULAN: #REF!
Name BULAN: #REF!
Name BULAN: #REF!
Name BULAN: #REF!
Name BULAN: #REF!
Name D: #REF!
Name D: #REF!
Name D: #REF!
Name D: #REF!
Name D: #REF!
Name D: #REF!
Name D: #REF!
Name D: #REF!
Name D: #REF!
Name D: #REF!
Name D: #REF!
Name D: #REF!
Name D: #REF!
Name D: #REF!
Name D: #REF!
Name D: #REF!
Name D: #REF!
Name gt: #REF!
Name gt: #REF!
Name gt: #REF!
Name gt: #REF!
Name gt: #REF!
Name gt: #REF!
Name gt: #REF!
Name gt: #REF!
Name gt: #REF!
Name gt: #REF!
Name gt: #REF!
Name gt: #REF!
Name gt: #REF!
Name gt: #REF!
Name gt: #REF!
Name gt: #REF!
Name gt: #REF!
Name S: #REF!
Name S: #REF!
Name S: #REF!
Name S: #REF!
Name S: #REF!
Name S: #REF!
Name S: #REF!
Name S: #REF!
Name S: #REF!

Sheet juli
A1: BUKU KAS UMUM
A2: BULAN JULI 2025
A4: Instansi | C4: : PC AL IRSYAD AL ISLAMIYYAH PURWOKERTO | H4: BKU
A5: Kabupaten | C5: : BANYUMAS
A6: Provinsi | C6: : JAWA TENGAH
A8: Tanggal | B8: No. Kode | C8: No. Bukti | D8: Uraian | E8: Penerimaan (Debit) | F8: Pengeluaran (Kredit) | G8: Saldo Kas-Sub | H8: Saldo Kas Total
A9: 45839 | D9: Saldo rekening 1035241902 - YAYASAN AL IRSYAD PURWOKERTO | E9: 5.9769108e+08 | G9: =E9 -> 5.9769108e+08 | H9: =G9 -> 5.9769108e+08 | J9: rek SPP karangkobar 5558
A10: 45852 | C10: 1 | D10: MAXHUB MOBILE STAND ALIRSYAD PWT | F10: 2900 | G10: =(G9+E10)-F10 -> 5.9768818e+08 | H10: =G10 -> 5.9768818e+08
A11: 45852 | C11: 1 | D11: MAXHUB MOBILE STAND ALIRSYAD PWT | F11: 6100000 | G11: =(G10+E11)-F11 -> 5.9158818e+08 | H11: =G11 -> 5.9158818e+08
A12: 45853 | C12: 2 | D12: PAYMENT SUBJECT WORKSHOP MYP JULY 1 3 PARTICIPANTS (PPAA N064054) | F12: 76798800 | G12: =(G11+E12)-F12 -> 5.1478938e+08 | H12: =G12 -> 5.1478938e+08
A13: 45853 | C13: 2 | D13: PAYMENT SUBJECT WORKSHOP MYP JULY 1 3 PARTICIPANTS (PPAA N064054) | F13: 410250 | G13: =(G12+E13)-F13 -> 5.1437913e+08 | H13: =G13 -> 5.1437913e+08
A14: 45869 | D14: Pendapatan SPP bulan Agustus rek 1035241902 | E14: 6020029500 | G14: =(G13+E14)-F14 -> 6.5344086e+09 | H14: =G14 -> 6.5344086e+09
A15: 45869 | C15: 3 | D15: PAYROLL OPD0001607 2025-07 | F15: 1319052496 | G15: =(G14+E15)-F15 -> 5.2153561e+09 | H15: =G15 -> 5.2153561e+09
A16: 45869 | D16: Biaya Administrasi | F16: 15000 | G16: =(G15+E16)-F16 -> 5.2153411e+09 | H16: =G16 -> 5.2153411e+09
A17: 45869 | C17: 4 | D17: Dropping bulan Juli 2025 LPP | F17: 161461900 | G17: =(G16+E17)-F17 -> 5.0538792e+09 | H17: =G17 -> 5.0538792e+09
A18: 45869 | C18: 5 | D18: Dropping bulan Juli 2025 unit SMA IT | F18: 135550000 | G18: =(G17+E18)-F18 -> 4.9183292e+09 | H18: =G18 -> 4.9183292e+09
A19: 45869 | C19: 6 | D19: Dropping bulan Juli 2025 unit SD 2 | F19: 88600000 | G19: =(G18+E19)-F19 -> 4.8297292e+09 | H19: =G19 -> 4.8297292e+09
A20: 45869 | C20: 7 | D20: Dropping bulan Juli 2025 unit SMP | F20: 138910000 | G20: =(G19+E20)-F20 -> 4.6908192e+09 | H20: =G20 -> 4.6908192e+09
D21: JUMLAH | E21: =SUM(E9:E20) -> 6.6177206e+09 | F21: =SUM(F10:F20) -> 1926901346 | G21: =E21-F21 -> 4.6908192e+09 | H21: =G21 -> 4.6908192e+09 | I21: 4.6908192e+09 | J21: =H21-I21 -> 0
A23: 45839 | D23: Saldo rekening 7099206505 - AL IRSYAD AL ISLAMIYYAH PURWOKERTO | E23: 1.8836859e+09 | G23: =E23 -> 1.8836859e+09 | H23: =H21+G23 -> 6.5745052e+09 | J23: rek spp soedirman 9088
A24: 45839.237 | D24: Bagi Hasil atau Bonus | E24: 1574649.2 | G24: =(G23+E24)-F24 -> 1.8852606e+09 | H24: =(H23+E24)-F24 -> 6.5760798e+09
A25: 45839.237 | D25: Pajak | F25: 314929.84 | G25: =(G24+E25)-F25 -> 1.8849456e+09 | H25: =(H24+E25)-F25 -> 6.5757649e+09
A26: 45840.247 | D26: Biaya Administrasi | F26: 10000 | G26: =(G25+E26)-F26 -> 1.8849356e+09 | H26: =(H25+E26)-F26 -> 6.5757549e+09
A27: 45842.121 | D27: Biaya Administrasi | F27: 15000 | G27: =(G26+E27)-F27 -> 1.8849206e+09 | H27: =(H26+E27)-F27 -> 6.5757399e+09
A28: 45842.488 | C28: 8 | D28: PROYEK SISWA LIBUR SD 01 01 SMP SMA | F28: 81149000 | G28: =(G27+E28)-F28 -> 1.8037716e+09 | H28: =(H27+E28)-F28 -> 6.4945909e+09
A29: 45849.662 | C29: 9 | D29: SARPRAS PC MEJA KURSI ALMARI | F29: 30900000 | G29: =(G28+E29)-F29 -> 1.7728716e+09 | H29: =(H28+E29)-F29 -> 6.4636909e+09
A30: 45852.614 | C30: 10 | D30: PELNSN 33 IFP EDU MAXHUB ALIRSYAD | F30: 745275000 | G30: =(G29+E30)-F30 -> 1.0275966e+09 | H30: =(H29+E30)-F30 -> 5.7184159e+09
A31: 45852.614 | C31: 11 | D31: PELNSN 33 IFP EDU MAXHUB ALIRSYAD | F31: 30000 | G31: =(G30+E31)-F31 -> 1.0275666e+09 | H31: =(H30+E31)-F31 -> 5.7183859e+09
A32: 45859.609 | C32: 13 | D32: PEMBELIAN LAPTOP DAN PRINTER PC AL | F32: 2900 | G32: =(G31+E32)-F32 -> 1.0275637e+09 | H32: =(H31+E32)-F32 -> 5.718383e+09
A33: 45859.609 | C33: 13 | D33: PEMBELIAN LAPTOP DAN PRINTER PC AL | F33: 36240000 | G33: =(G32+E33)-F33 -> 9.9132373e+08 | H33: =(H32+E33)-F33 -> 5.682143e+09
A34: 45863.695 | C34: 14 | D34: SALDO AWAL PT HAJI UMROH AL IRSYAD | F34: 6000000 | G34: =(G33+E34)-F34 -> 9.8532373e+08 | H34: =(H33+E34)-F34 -> 5.676143e+09
A35: 45866.493 | C35: 15 | D35: pembayaran snack acara kajian PC b ersama Drs Muhammmad Taufik AB | F35: 1524500 | G35: =(G34+E35)-F35 -> 9.8379923e+08 | H35: =(H34+E35)-F35 -> 5.6746185e+09
A36: 45866.629 | C36: 16 | D36: Tunjangan pulsa dan transport staff bendahara harian | F36: 500000 | G36: =(G35+E36)-F36 -> 9.8329923e+08 | H36: =(H35+E36)-F36 -> 5.6741185e+09
A37: 45866.629 | C37: 16 | D37: Tunjangan transport dan pulsa ketua lajnah media dan humas | F37: 1000000 | G37: =(G36+E37)-F37 -> 9.8229923e+08 | H37: =(H36+E37)-F37 -> 5.6731185e+09
A38: 45866.629 | C38: 16 | D38: Tunjangan transport dan pulsa ketua lajnah dakwah | F38: 1000000 | G38: =(G37+E38)-F38 -> 9.8129923e+08 | H38: =(H37+E38)-F38 -> 5.6721185e+09
A39: 45866.629 | C39: 16 | D39: Tunj Transport dan pulsa Wasek 2 se kretaris umum | F39: 1000000 | G39: =(G38+E39)-F39 -> 9.8029923e+08 | H39: =(H38+E39)-F39 -> 5.6711185e+09
... A41: 45869.528 | C41: 17 | D41: PERSEDIAN BUKU CEK CHQCC306051-306060.1115757233 | F41: 120000 | G41: =(G40+E41)-F41 -> 9.7917923e+08 | H41: =(H40+E41)-F41 -> 5.6699985e+09
A42: 45869.528 | D42: Pendapatan SPP bulan Juli 2025 | E42: 7668908500 | G42: =(G41+E42)-F42 -> 8.6480877e+09 | H42: =(H41+E42)-F42 -> 1.3338907e+10
A43: 45869.677 | C43: 18 | D43: PAYROLL OPD0002186 2025-07 | F43: 1159106902 | G43: =(G42+E43)-F43 -> 7.4889808e+09 | H43: =(H42+E43)-F43 -> 1.21798e+10
A44: 45869.852 | C44: 19 | D44: Dropping bulan Juli 2025 unit MA Bo arding | F44: 69714500 | G44: =(G43+E44)-F44 -> 7.4192663e+09 | H44: =(H43+E44)-F44 -> 1.2110086e+10
A45: 45869.852 | C45: 20 | D45: Dropping bulan Juli 2025 unit SMA B oarding | F45: 120470000 | G45: =(G44+E45)-F45 -> 7.2987963e+09 | H45: =(H44+E45)-F45 -> 1.1989616e+10
A46: 45869.852 | C46: 21 | D46: Dropping bulan Juli 2025 unit SMP B oarding | F46: 80820000 | G46: =(G45+E46)-F46 -> 7.2179763e+09 | H46: =(H45+E46)-F46 -> 1.1908796e+10
A47: 45869.852 | C47: 22 | D47: Dropping bulan Juli 2025 unit Kepes antrenan | F47: 903630120 | G47: =(G46+E47)-F47 -> 6.3143462e+09 | H47: =(H46+E47)-F47 -> 1.1005165e+10
A48: 45869.852 | C48: 23 | D48: Dropping bulan Juli 2025 unit SD 01 | F48: 180970900 | G48: =(G47+E48)-F48 -> 6.1333753e+09 | H48: =(H47+E48)-F48 -> 1.0824195e+10
A49: 45869.852 | C49: 24 | D49: Dropping bulan Juli 2025 unit TK | F49: 64290000 | G49: =(G48+E49)-F49 -> 6.0690853e+09 | H49: =(H48+E49)-F49 -> 1.0759905e+10 | I49: =SUM(F28:F49) -> 3484743822
D50: JUMLAH | E50: =SUM(E23:E49) -> 9.5541691e+09 | F50: =SUM(F23:F49) -> 3.4850838e+09 | G50: =E50-F50 -> 6.0690853e+09 | H50: =H49 -> 1.0759905e+10 | I50: 6.0690853e+09 | J50: =G50-I50 -> 0
A52: 45839 | D52: Saldo rekening 7152696536 - AL IRSYAD AL ISLAMIYYAH PURWOKERTO | E52: 5.1159079e+09 | G52: =E52 -> 5.1159079e+09 | H52: =H50+G52 -> 1.5875812e+10 | J52: rek pembayaran PPDB 9633
A53: 45866.079 | D53: Pajak | F53: 7268785.4 | G53: =(G52+E53)-F53 -> 5.1086391e+09 | H53: =(H52+E53)-F53 -> 1.5868544e+10
A54: 45866.079 | D54: Bagi Hasil atau Bonus | E54: 36343927 | G54: =(G53+E54)-F54 -> 5.1449831e+09 | H54: =(H53+E54)-F54 -> 1.5904888e+10
A55: 45868.636 | C55: 25 | D55: Pelunasan lift masjid SMAIT Al Irsy | F55: 224550000 | G55: =(G54+E55)-F55 -> 4.9204331e+09 | H55: =(H54+E55)-F55 -> 1.5680338e+10
A56: 45868.636 | C56: 25 | D56: Pelunasan lift masjid SMAIT Al Irsy | F56: 2500 | G56: =(G55+E56)-F56 -> 4.9204306e+09 | H56: =(H55+E56)-F56 -> 1.5680335e+10 | I56: =F55+F56 -> 224552500
A57: 45869.842 | D57: Biaya Administrasi | F57: 15000 | G57: =(G56+E57)-F57 -> 4.9204156e+09 | H57: =(H56+E57)-F57 -> 1.568032e+10
A58: 45869.842 | D58: Pendapatan SPP bulan Juli 2025 | E58: 239353000 | G58: =(G57+E58)-F58 -> 5.1597686e+09 | H58: =(H57+E58)-F58 -> 1.5919673e+10
D59: JUMLAH | E59: =SUM(E52:E58) -> 5.3916048e+09 | F59: =SUM(F52:F58) -> 2.3183629e+08 | G59: =E59-F59 -> 5.1597686e+09 | H59: =H58 -> 1.5919673e+10 | I59: 5.1597686e+09 | J59: =G59-I59 -> 0
A61: 45839 | D61: Saldo rekening 7107802511 - AL IRSYAD AL ISLAMIYYAH PURWOKERTO | E61: 65212803 | G61: =E61 -> 65212803 | H61: =H59+G61 -> 1.5984886e+10 | J61: rekening penampunga QRIS MASJID
A62: 21 Juli 2025 | D62: Pemasukan infak masjid Al Irsyad dari rek 7107802511 | E62: 95000 | G62: =(G61+E62)-F62 -> 65307803 | H62: =(H61+E62)-F62 -> 1.5984981e+10
A63: 45869.493 | D63: Biaya administrasi bulanan dari rek 7107802511 | F63: 15000 | G63: =(G62+E63)-F63 -> 65292803 | H63: =(H62+E63)-F63 -> 1.5984966e+10
D64: JUMLAH | E64: =SUM(E61:E63) -> 65307803 | F64: =SUM(F61:F63) -> 15000 | G64: =E64-F64 -> 65292803 | H64: =H63 -> 1.5984966e+10 | I64: 65292803 | J64: =G64-I64 -> 0
A66: 45839 | D66: Saldo rekening 7188000163 - AL IRSYAD AL ISLAMIYYAH PURWOKERTO | E66: 9439301 | G66: =E66 -> 9439301 | H66: =H64+G66 -> 1.5994405e+10 | J66: rek tidak ada aktivitas
A67: 45869.493 | D67: Biaya administrasi bulanan dari rek 7188000163 | F67: 15000 | G67: =G66-F67 -> 9424301 | H67: =H66-F67 -> 1.599439e+10
D68: JUMLAH | E68: =SUM(E65:E67) -> 9439301 | F68: =SUM(F65:F67) -> 15000 | G68: =E68-F68 -> 9424301 | H68: =H67 -> 1.599439e+10 | I68: 9424301
A70: 45839 | D70: Saldo rekening 1770001777 - AL IRSYAD AL ISLAMIYYAH PURWOKERTO | E70: 7.8770117e+09 | G70: =E70 -> 7.8770117e+09 | H70: =H68+G70 -> 2.3871402e+10 | J70: rek pembayaran PPDB 9635
A71: 45869 | D71: Pendapatan SPP bulan Juli rek 1770001777 | E71: 732911000 | G71: =(G70+E71)-F71 -> 8.6099227e+09 | H71: =(H70+E71)-F71 -> 2.4604313e+10
A72: 45869 | D72: Biaya Administrasi dari rek 7777889871 | F72: 15000 | G72: =(G71+E72)-F72 -> 8.6099077e+09 | H72: =(H71+E72)-F72 -> 2.4604298e+10
D73: JUMLAH | E73: =SUM(E70:E72) -> 8.6099227e+09 | F73: =SUM(F71:F72) -> 15000 | G73: =E73-F73 -> 8.6099077e+09 | H73: =H72 -> 2.4604298e+10 | I73: 8.6099077e+09 | J73: =G73-I73 -> 0
A75: 45839 | D75: Saldo rekening 7777889871 - AL IRSYAD AL ISLAMIYYAH PURWOKERTO | E75: 0 | G75: =E75 -> 0 | H75: =H73 -> 2.4604298e+10 | J75: rekening baru
A77: Pada hari ini Kamis, 31 Juli 2025 Buku Kas Umum ditutup dengan keadaan / posisi buku sebagai berikut :
C79: No | D79: Uraian | E79: Pemasukan | F79: Pengeluaran | G79: Saldo
C80: 1. | D80: Saldo awal 1 Juli 2025 | E80: =E75+E70+E66+E61+E52+E23+E9 -> 1.5548949e+10
C81: 2. | D81: Pendapatan SPP Bulan Juli 2025 | E81: =E71+E58+E42+E14 -> 14661202000
C82: 3. | D82: Penerimaan infak masjid Al Irsyad bulan Juli 2025 | E82: =E62 -> 95000
C83: 4. | D83: Penerimaan bunga bank | E83: =E54+E24 -> 37918576
C84: 5. | D84: Operasional kegiatan | F84: =F56+F55+I49+F20+F19+F18+F17+F15+F13+F12+F11+F10 -> 5636182668 | I84: 103 524 1902
C85: 6 | D85: Pajak bunga bank | F85: =F53+F25 -> 7583715.3 | I85: 177 000 1777
C86: 7 | D86: Biaya adm bulanan | F86: =F72+F67+F63+F57+F27+F26+F16 -> 100000
D87: Jumlah | E87: =SUM(E80:E86) -> 3.0248164e+10 | F87: =SUM(F80:F86) -> 5.6438664e+09 | G87: =E87-F87 -> 2.4604298e+10
G88: =H75-G87 -> 0 | J88: =E81-J89 -> -1850000
J89: 14663052000
E91: Purwokerto, 31 Juli 2025
B92: Wakil Bendahara | E92: Staff Bendahara
B96: Ali Saleh | E96: Yuni Prastiawan
A97: Mengetahui,
A98: Bendahara Umum
A103: Tauriq Farhan
J108: =#REF! -> #REF!
J109: =G73 -> 8.6099077e+09
J110: =G68 -> 9424301
J111: =G64 -> 65292803
J112: =G59 -> 5.1597686e+09
J113: =G50 -> 6.0690853e+09
J114: =G21 -> 4.6908192e+09
J115: =SUM(J77:J114) -> #REF!

Sheet agustus
A1: BUKU KAS UMUM
A2: BULAN AGUSTUS 2025
A4: Instansi | C4: : PC AL IRSYAD AL ISLAMIYYAH PURWOKERTO | H4: BKU
A5: Kabupaten | C5: : BANYUMAS
A6: Provinsi | C6: : JAWA TENGAH
A8: Tanggal | B8: No. Kode | C8: No. Bukti | D8: Uraian | E8: Penerimaan (Debit) | F8: Pengeluaran (Kredit) | G8: Saldo Kas-Sub | H8: Saldo Kas Total | K8: closing balance
A9: 45870 | D9: Saldo rekening 1035241902 - YAYASAN AL IRSYAD PURWOKERTO | E9: 4.6908192e+09 | G9: =E9 -> 4.6908192e+09 | H9: =G9 -> 4.6908192e+09 | J9: rek SPP karangkobar 5558
A10: 45895 | C10: 1 | D10: Dropping LPP dari rek 1035241902 | F10: 924139730 | G10: =(G9+E10)-F10 -> 3.7666795e+09 | H10: =G10 -> 3.7666795e+09
A11: 45895 | C11: 2 | D11: Dropping SMA IT dari rek 1035241902 | F11: 278597500 | G11: =(G10+E11)-F11 -> 3.488082e+09 | H11: =G11 -> 3.488082e+09
A12: 45895 | C12: 3 | D12: Dropping SMP dari rek 1035241902 | F12: 393810500 | G12: =(G11+E12)-F12 -> 3.0942715e+09 | H12: =G12 -> 3.0942715e+09
A13: 45895 | C13: 4 | D13: Dropping SD 02 dari rek 1035241902 | F13: 309374100 | G13: =(G12+E13)-F13 -> 2.7848974e+09 | H13: =G13 -> 2.7848974e+09
A14: 45898 | C14: 5 | D14: Pemindahbukuan dana ke 7777889871 dari 1035241902 | F14: 1500000000 | G14: =(G13+E14)-F14 -> 1.2848974e+09 | H14: =G14 -> 1.2848974e+09
A15: 31 Agustus 2025 | D15: Pendapatan SPP bulan Agustus rek 1035241902 | E15: 1339560750 | G15: =(G14+E15)-F15 -> 2.6244582e+09 | H15: =G15 -> 2.6244582e+09
A16: 45898 | C16: 6 | D16: Payroll Gaji Agustus 2025 BSI Karangkobar dari rek 1035241902 | F16: 1419357366 | G16: =(G15+E16)-F16 -> 1.2051008e+09 | H16: =G16 -> 1.2051008e+09
A17: 45900 | D17: Biaya Administrasi dari rek 1035241902 | F17: 15000 | G17: =(G16+E17)-F17 -> 1.2050858e+09 | H17: =G17 -> 1.2050858e+09
D18: JUMLAH | E18: =SUM(E9:E17) -> 6.03038e+09 | F18: =SUM(F10:F17) -> 4825294196 | G18: =E18-F18 -> 1.2050858e+09 | H18: =G18 -> 1.2050858e+09 | I18: 1.2050858e+09 | J18: =G18-I18 -> 0
A20: 45870 | D20: Saldo rekening 7099206505 - AL IRSYAD AL ISLAMIYYAH PURWOKERTO | E20: 6.0690853e+09 | G20: =E20 -> 6.0690853e+09 | H20: =H18+G20 -> 7.2741711e+09 | J20: rek spp soedirman 9088
A21: 45870.247 | D21: Pajak | F21: 648665.63 | G21: =(G20+E21)-F21 -> 6.0684366e+09 | H21: =(H20+E21)-F21 -> 7.2735224e+09
A22: 45870.247 | D22: Bagi Hasil atau Bonus | E22: 3243328.2 | G22: =(G21+E22)-F22 -> 6.07168e+09 | H22: =(H21+E22)-F22 -> 7.2767658e+09
A23: 45871.271 | D23: By. Adm. BSMNet JUL 25 | F23: 10000 | G23: =(G22+E23)-F23 -> 6.07167e+09 | H23: =(H22+E23)-F23 -> 7.2767558e+09
A24: 45873.146 | D24: Biaya Administrasi | F24: 15000 | G24: =(G23+E24)-F24 -> 6.071655e+09 | H24: =(H23+E24)-F24 -> 7.2767408e+09
A25: 45881.413 | C25: 7 | D25: Tunjangan transport dan pulsa bulan agustus 2025 | F25: 4500000 | G25: =(G24+E25)-F25 -> 6.067155e+09 | H25: =(H24+E25)-F25 -> 7.2722408e+09
A26: 45881.766 | C26: 8 | D26: kunjungan lajnah media dan humas | F26: 450000 | G26: =(G25+E26)-F26 -> 6.066705e+09 | H26: =(H25+E26)-F26 -> 7.2717908e+09
A27: 45899.712 | C27: 8 | D27: pngmbalian knjungan lajnah media Trf Dari - YUNI PRASTIAWAN | E27: 16016 | G27: =(G26+E27)-F27 -> 6.066721e+09 | H27: =(H26+E27)-F27 -> 7.2718068e+09 | M27: 1.2050858e+09
A28: 45883.346 | C28: 9 | D28: konsumsi snack dan honor pembicara pengajian malam jumat | F28: 2625000 | G28: =(G27+E28)-F28 -> 6.064096e+09 | H28: =(H27+E28)-F28 -> 7.2691818e+09
A29: 45883.658 | C29: 10 | D29: DP Desain kantin SMP SMA Reg dan Des kantin Bording | F29: 5000000 | G29: =(G28+E29)-F29 -> 6.059096e+09 | H29: =(H28+E29)-F29 -> 7.2641818e+09
A30: 45883.658 | C30: 10 | D30: Biaya Pemindahbukuan e-Banking | F30: 2500 | G30: =(G29+E30)-F30 -> 6.0590935e+09 | H30: =(H29+E30)-F30 -> 7.2641793e+09
A31: 45888.43 | C31: 11 | D31: Dana operasional pendirian STIT Trf Ke - BIDANG PAUD DIKDASMEN | F31: 110000000 | G31: =(G30+E31)-F31 -> 5.9490935e+09 | H31: =(H30+E31)-F31 -> 7.1541793e+09
A32: 45890.466 | C32: 11 | D32: PENGEMBALIAN DANA OPERASIONAL STIT | E32: 100000000 | G32: =(G31+E32)-F32 -> 6.0490935e+09 | H32: =(H31+E32)-F32 -> 7.2541793e+09
A33: 45891.344 | C33: 11 | D33: PEMINDAHAN DANA Trf Dari - BIDANG PAUD DIKDASMEN AL IRSYAD PWT | E33: 5000000 | G33: =(G32+E33)-F33 -> 6.0540935e+09 | H33: =(H32+E33)-F33 -> 7.2591793e+09
A34: 45899.712 | C34: 11 | D34: pngmbalian sisa dr 110 juta STIT Trf Dari - YUNI PRASTIAWAN | E34: 361500 | G34: =(G33+E34)-F34 -> 6.054455e+09 | H34: =(H33+E34)-F34 -> 7.2595408e+09
A35: 45889.377 | C35: 12 | D35: Pencaiaran dana Bank Garansi PT Al Irsyad | F35: 100000000 | G35: =(G34+E35)-F35 -> 5.954455e+09 | H35: =(H34+E35)-F35 -> 7.1595408e+09
A36: 45894.608 | C36: 13 | D36: Pengembalian daftar ulang an Alhana | F36: 4337500 | G36: =(G35+E36)-F36 -> 5.9501175e+09 | H36: =(H35+E36)-F36 -> 7.1552033e+09
A37: 45894.608 | C37: 13 | D37: Biaya Pemindahbukuan e-Banking | F37: 2500 | G37: =(G36+E37)-F37 -> 5.950115e+09 | H37: =(H36+E37)-F37 -> 7.1552008e+09
A38: 45894.608 | C38: 14 | D38: Pengembalian daftar ulang an Aruna | F38: 12500000 | G38: =(G37+E38)-F38 -> 5.937615e+09 | H38: =(H37+E38)-F38 -> 7.1427008e+09
A39: 45894.608 | C39: 14 | D39: Biaya Pemindahbukuan e-Banking | F39: 2500 | G39: =(G38+E39)-F39 -> 5.9376125e+09 | H39: =(H38+E39)-F39 -> 7.1426983e+09
A40: 45894.608 | C40: 15 | D40: Payment Online Workshop August, 40 participants (PPAA: N064054) | F40: 410000 | G40: =(G39+E40)-F40 -> 5.9372025e+09 | H40: =(H39+E40)-F40 -> 7.1422883e+09
A41: 45894.608 | C41: 15 | D41: Payment Online Workshop August, 40 participants (PPAA: N064054) | F41: 236160000 | G41: =(G40+E41)-F41 -> 5.7010425e+09 | H41: =(H40+E41)-F41 -> 6.9061283e+09 | J41: =F41+F40 -> 236570000
A42: 45894.608 | C42: 16 | D42: Pengembalian kelebihan biaya daftar ulang an Narraya Pilar Mahardika | F42: 1000000 | G42: =(G41+E42)-F42 -> 5.7000425e+09 | H42: =(H41+E42)-F42 -> 6.9051283e+09
A43: 45894.608 | C43: 16 | D43: Biaya Pemindahbukuan e-Banking | F43: 2500 | G43: =(G42+E43)-F43 -> 5.70004e+09 | H43: =(H42+E43)-F43 -> 6.9051258e+09
A44: 45894.608 | C44: 17 | D44: BIFAST - TRF Ke - Bank BCA ADIB Pengembalian daftar ulang an Sholeh | F44: 3500000 | G44: =(G43+E44)-F44 -> 5.69654e+09 | H44: =(H43+E44)-F44 -> 6.9016258e+09
A45: 45894.608 | C45: 18 | D45: Deposit makan siang TA 2025 2026 Trf Ke - DROPPING BIRO SDM | F45: 200000000 | G45: =(G44+E45)-F45 -> 5.49654e+09 | H45: =(H44+E45)-F45 -> 6.7016258e+09
A46: 45894.608 | C46: 19 | D46: Lembur SDM bulan Juli 2025 Trf Ke - DROPPING BIRO SDM | F46: 631000 | G46: =(G45+E46)-F46 -> 5.495909e+09 | H46: =(H45+E46)-F46 -> 6.7009948e+09
A47: 45894.609 | C47: 20 | D47: Dana sosial SDM menikah an Yuyun Su kma Wardani unit SD 01 | F47: 2000000 | G47: =(G46+E47)-F47 -> 5.493909e+09 | H47: =(H46+E47)-F47 -> 6.6989948e+09
A48: 45894.609 | C48: 21 | D48: Pencairan beasiswa prestasi non aka | F48: 2334500 | G48: =(G47+E48)-F48 -> 5.4915745e+09 | H48: =(H47+E48)-F48 -> 6.6966603e+09
A49: 45894.609 | C49: 21 | D49: Biaya Pemindahbukuan e-Banking | F49: 2500 | G49: =(G48+E49)-F49 -> 5.491572e+09 | H49: =(H48+E49)-F49 -> 6.6966578e+09
A50: 45894.621 | C50: 22 | D50: Payment PYP F2F July Workshop, 135 participants (PPAA: N064054) | F50: 511600 | G50: =(G49+E50)-F50 -> 5.4910604e+09 | H50: =(H49+E50)-F50 -> 6.6961462e+09 | J50: =F50+F51 -> 622105600
A51: 45894.621 | C51: 22 | D51: Payment PYP F2F July Workshop, 135 participants (PPAA: N064054) | F51: 621594000 | G51: =(G50+E51)-F51 -> 4.8694664e+09 | H51: =(H50+E51)-F51 -> 6.0745522e+09 | J51: 622105600
A52: 45895.729 | C52: 23 | D52: Dropping unit Kepesantrenan bulan Agustus 2025 | F52: 1016985650 | G52: =(G51+E52)-F52 -> 3.8524807e+09 | H52: =(H51+E52)-F52 -> 5.0575665e+09
A53: 45895.729 | C53: 24 | D53: Dropping unit SMP Boarding bulan Ag ustus 2025 | F53: 369675000 | G53: =(G52+E53)-F53 -> 3.4828057e+09 | H53: =(H52+E53)-F53 -> 4.6878915e+09
A54: 45895.729 | C54: 25 | D54: Dropping unit TK bulan Agustus 2025 | F54: 264147688 | G54: =(G53+E54)-F54 -> 3.2186581e+09 | H54: =(H53+E54)-F54 -> 4.4237438e+09
A55: 45895.729 | C55: 26 | D55: Droping unit SD 01 bulan Agustus 2025 | F55: 410644047 | G55: =(G54+E55)-F55 -> 2.808014e+09 | H55: =(H54+E55)-F55 -> 4.0130998e+09
A56: 45897.695 | C56: 27 | D56: Biaya jasa pembuatan akta pernyataan keputusan pembina yayasan | F56: 5000000 | G56: =(G55+E56)-F56 -> 2.803014e+09 | H56: =(H55+E56)-F56 -> 4.0080998e+09
A57: 45897.695 | C57: 28 | D57: jasa pembuatan akta sewa menyewa antara jamhurylam dgn yayasan | F57: 1500000 | G57: =(G56+E57)-F57 -> 2.801514e+09 | H57: =(H56+E57)-F57 -> 4.0065998e+09
A58: 45898.381 | C58: 29 | D58: Dropping unit MA Boarding bulan Agustus 2025 | F58: 161480000 | G58: =(G57+E58)-F58 -> 2.640034e+09 | H58: =(H57+E58)-F58 -> 3.8451198e+09
A59: 45898.381 | C59: 30 | D59: Dropping unit SMA Boarding bulan Agustus 2025 | F59: 262679346 | G59: =(G58+E59)-F59 -> 2.3773547e+09 | H59: =(H58+E59)-F59 -> 3.5824405e+09
A60: 45898.563 | C60: 31 | D60: Biaya sewa gedung selama 3 tahun | F60: 213750000 | G60: =(G59+E60)-F60 -> 2.1636047e+09 | H60: =(H59+E60)-F60 -> 3.3686905e+09
A61: 45898.563 | C61: 31 | D61: Biaya Pemindahbukuan e-Banking | F61: 2500 | G61: =(G60+E61)-F61 -> 2.1636022e+09 | H61: =(H60+E61)-F61 -> 3.368688e+09
A62: 45898.743 | C62: 32 | D62: Payroll Gaji bulan Agustus 2025 BSI Soedirman 1 | F62: 1236678974 | G62: =(G61+E62)-F62 -> 9.2692318e+08 | H62: =(H61+E62)-F62 -> 2.132009e+09 | J62: 213752500
A63: 45900 | D63: Pendapatan SPP bulan Agustus rek 7099206505 | E63: 2529571000 | G63: =(G62+E63)-F63 -> 3.4564942e+09 | H63: =(H62+E63)-F63 -> 4.66158e+09 | K63: 3,459,076,894.70
A64: 45900.493 | D64: Pajak | F64: 645677.74 | G64: =(G63+E64)-F64 -> 3.4558485e+09 | H64: =(H63+E64)-F64 -> 4.6609343e+09 | J64: 2529571000
A65: 45900.493 | D65: Bagi Hasil atau Bonus | E65: 3228388.7 | G65: =(G64+E65)-F65 -> 3.4590769e+09 | H65: =(H64+E65)-F65 -> 4.6641627e+09
D66: JUMLAH | E66: =SUM(E20:E65) -> 8.7105055e+09 | F66: =SUM(F20:F65) -> 5.2514286e+09 | G66: =E66-F66 -> 3.4590769e+09 | H66: =H65 -> 4.6641627e+09 | I66: 3.4590769e+09 | J66: =G66-I66 -> 0
A70: 45870 | D70: Saldo rekening 7152696536 - AL IRSYAD AL ISLAMIYYAH PURWOKERTO | E70: 5.1597686e+09 | G70: =E70 -> 5.1597686e+09 | H70: =H66+G70 -> 9.8239312e+09
A71: 45875.377 | C71: 33 | D71: Perlengkapan pendukung lift Trf Ke - AZIM BI AL KHOIR | F71: 13919700 | G71: =(G70+E71)-F71 -> 5.1458489e+09 | H71: =(H70+E71)-F71 -> 9.8100115e+09 | J71: =F71-E72 -> 13908200
A72: 45899.495 | C72: 33 | D72: pngmbalian sisa prlrngkalan lift Trf Dari - YUNI PRASTIAWAN | E72: 11500 | G72: =(G71+E72)-F72 -> 5.1458604e+09 | H72: =(H71+E72)-F72 -> 9.810023e+09
A73: 45900.493 | D73: Pendapatan SPP bulan Agustus rek 7152696536 | E73: 97242500 | G73: =(G72+E73)-F73 -> 5.2431029e+09 | H73: =(H72+E73)-F73 -> 9.9072655e+09
A74: 45897.493 | D74: Bagi Hasil atau Bonus | E74: 36895067 | G74: =(G73+E74)-F74 -> 5.2799979e+09 | H74: =(H73+E74)-F74 -> 9.9441606e+09
A75: 45897.493 | D75: Pajak | F75: 7379013.4 | G75: =(G74+E75)-F75 -> 5.2726189e+09 | H75: =(H74+E75)-F75 -> 9.9367816e+09
A76: 45900.493 | D76: Biaya administrasi bulanan dari rek 7152696536 | F76: 15000 | G76: =(G75+E76)-F76 -> 5.2726039e+09 | H76: =(H75+E76)-F76 -> 9.9367666e+09
D77: JUMLAH | E77: =SUM(E70:E76) -> 5.2939176e+09 | F77: =SUM(F70:F76) -> 21313713 | G77: =E77-F77 -> 5.2726039e+09 | H77: =H76 -> 9.9367666e+09 | I77: 5.2726039e+09 | J77: =G77-I77 -> 0
A79: 45870 | D79: Saldo rekening 7107802511 - AL IRSYAD AL ISLAMIYYAH PURWOKERTO | E79: 65292803 | G79: =E79 -> 65292803 | H79: =H77+G79 -> 1.0002059e+10 | J79: rekening penampunga QRIS MASJID
A80: 45900.493 | D80: Pemasukan infak masjid Al Irsyad dari rek 7107802511 | E80: 242000 | G80: =(G79+E80)-F80 -> 65534803 | H80: =(H79+E80)-F80 -> 1.0002301e+10
A81: 45900.493 | D81: Biaya administrasi bulanan dari rek 7107802511 | F81: 15000 | G81: =(G80+E81)-F81 -> 65519803 | H81: =(H80+E81)-F81 -> 1.0002286e+10
D82: JUMLAH | E82: =SUM(E79:E81) -> 65534803 | F82: =SUM(F79:F81) -> 15000 | G82: =E82-F82 -> 65519803 | H82: =H81 -> 1.0002286e+10 | I82: 65519803
A84: 45870 | D84: Saldo rekening 7188000163 - AL IRSYAD AL ISLAMIYYAH PURWOKERTO | E84: 9424301 | G84: =E84 -> 9424301 | H84: =H82+G84 -> 1.0011711e+10 | J84: rek tidak ada aktivitas
A85: 45900.493 | D85: Biaya administrasi bulanan dari rek 7188000163 | F85: 15000 | G85: =G84-F85 -> 9409301 | H85: =H84-F85 -> 1.0011696e+10
D86: JUMLAH | E86: =SUM(E83:E85) -> 9424301 | F86: =SUM(F83:F85) -> 15000 | G86: =E86-F86 -> 9409301 | H86: =H85 -> 1.0011696e+10 | I86: 9409301
A88: 45870 | D88: Saldo rekening 1770001777 - AL IRSYAD AL ISLAMIYYAH PURWOKERTO | E88: 8.6099077e+09 | G88: =E88 -> 8.6099077e+09 | H88: =H86+G88 -> 1.8621603e+10 | J88: rek pembayaran PPDB 9635
A89: 45900 | D89: Pendapatan SPP bulan Agustus rek 1770001777 | E89: 275830000 | G89: =(G88+E89)-F89 -> 8.8857377e+09 | H89: =(H88+E89)-F89 -> 1.8897433e+10 | K89: 385,722,714.87
A90: 45898 | D90: Pemindahbukuan dana ke 7777889871 dari 1770001777 | F90: 8500000000 | G90: =(G89+E90)-F90 -> 3.8573771e+08 | H90: =(H89+E90)-F90 -> 1.0397433e+10
A91: 45900 | D91: Biaya Administrasi dari rek 1770001777 | F91: 15000 | G91: =(G90+E91)-F91 -> 3.8572271e+08 | H91: =(H90+E91)-F91 -> 1.0397418e+10
D92: JUMLAH | E92: =SUM(E88:E91) -> 8.8857377e+09 | F92: =SUM(F89:F91) -> 8500015000 | G92: =E92-F92 -> 3.8572271e+08 | H92: =H91 -> 1.0397418e+10 | I92: 3.8572271e+08
A94: 45870 | D94: Saldo rekening 7777889871 - AL IRSYAD AL ISLAMIYYAH PURWOKERTO | E94: 0 | G94: =E94 -> 0 | H94: =H92 -> 1.0397418e+10 | J94: rekening baru
A95: 45898 | D95: Pemindahbukuan dana ke 7777889871 dari 1035241902 | E95: 1500000000 | G95: =(G94+E95)-F95 -> 1500000000 | H95: =H94+E95 -> 1.1897418e+10
A96: 45898 | D96: Pemindahbukuan dana ke 7777889871 dari 1770001777 | E96: 8500000000 | G96: =G95+E96 -> 10000000000 | H96: =H95+E96 -> 2.0397418e+10
A97: 45900 | D97: Bagi Hasil atau Bonus | E97: 579431.38 | G97: =G96+E97 -> 1.0000579e+10 | H97: =H96+E97 -> 2.0397998e+10
D98: JUMLAH | E98: =SUM(E95:E97) -> 1.0000579e+10 | F98: =SUM(F94:F96) -> 0 | G98: =E98-F98 -> 1.0000579e+10 | H98: =H96 -> 2.0397418e+10 | I98: 1.0000579e+10 | J98: =G98-I98 -> 0
A100: Pada hari ini Senin, 31 Agustus 2025 Buku Kas Umum ditutup dengan keadaan / posisi buku sebagai berikut :
C102: No | D102: Uraian | E102: Pemasukan | F102: Pengeluaran | G102: Saldo
C103: 1. | D103: Saldo awal 1 Agustus 2025 | E103: =E9+E20+E70+E79+E84+E88+E94 -> 2.4604298e+10
C104: 2. | D104: Pendapatan SPP Bulan Agustus 2025 | E104: =E15+E63+E73+E89 -> 4242204250
C105: 3. | D105: Penerimaan infak masjid Al Irsyad bulan Agustus 2025 | E105: =E80 -> 242000
C106: 4. | D106: Penerimaan bunga bank | E106: =E74+E65+E22 -> 43366784
C107: 5. | D107: Operasional kegiatan | F107: =(F71-E72)+F62+F61+F60+F59+F58+F57+F56+F55+F54+F53+F52+F51+F50+F49+F48+F47+F46+F44+F43+F42+F41+F40+F39+F38+F37+F36+F35+(F31-E32-E33-E34)+F30+F29+F28+F26-E27+F25+F16+F13+F12+F11+F10 -> 8283919185
C108: 6. | D108: Piutang makan siang biro SDM | F108: 200000000 | J108: 4256035250
C109: 7. | D109: Pajak bunga bank | F109: =F75+F64+F21 -> 8673356.8 | J109: =J108-E104 -> 13831000
C110: 8. | D110: Biaya adm bulanan | F110: =F91+F85+F81+F76+F24+F23+F17 -> 100000
D111: Jumlah | E111: =SUM(E103:E110) -> 2.8890111e+10 | F111: =SUM(F103:F110) -> 8.4926925e+09 | G111: =E111-F111 -> 2.0397418e+10
G112: =H98-G111 -> 0
...

Sheet sept
A1: BUKU KAS UMUM
A2: BULAN SEPTEMBER 2025
A4: Instansi | C4: : PC AL IRSYAD AL ISLAMIYYAH PURWOKERTO | H4: BKU
A5: Kabupaten | C5: : BANYUMAS
A6: Provinsi | C6: : JAWA TENGAH
A8: Tanggal | B8: No. Kode | C8: No. Bukti | D8: Uraian | E8: Penerimaan (Debit) | F8: Pengeluaran (Kredit) | G8: Saldo Kas-Sub | H8: Saldo Kas Total
A9: 45901 | D9: Saldo rekening 1035241902 - YAYASAN AL IRSYAD PURWOKERTO | E9: 1.2050858e+09 | G9: =E9 -> 1.2050858e+09 | H9: =G9 -> 1.2050858e+09
A10: 45918.898 | C10: 1 | D10: Dropping Sept 2025 unit SMA IT Trf Ke - SMA AL IRSYAD PURWOKERTO | F10: 891781000 | G10: =(G9+E10)-F10 -> 3.1330479e+08 | H10: =G10 -> 3.1330479e+08
A11: 45918.898 | C11: 2 | D11: Dropping Sept 2025 unit SD 2 Trf Ke - SD AL IRSYAD 02 PURWOKERTO | F11: 245605900 | G11: =(G10+E11)-F11 -> 67698893 | H11: =G11 -> 67698893
A12: 45930.656 | D12: Diterima pemindahbukuan dari rek 7777889871 | E12: 1500000000 | G12: =(G11+E12)-F12 -> 1.5676989e+09 | H12: =G12 -> 1.5676989e+09
A13: 45930.656 | D13: Pendapatan SPP bulan Agustus rek 1035241902 | E13: 1340335250 | G13: =(G12+E13)-F13 -> 2.9080341e+09 | H13: =G13 -> 2.9080341e+09
A14: 45918.898 | C14: 3 | D14: Dropping Sept 2025 unit SMP Trf Ke - SMP AL IRSYAD PURWOKERTO | F14: 459244400 | G14: =(G13+E14)-F14 -> 2.4487897e+09 | H14: =G14 -> 2.4487897e+09
A15: 45924.83 | C15: 4 | D15: P250924144937335821EJ-Pencairan dan a komite sekolah | F15: 274900000 | G15: =(G14+E15)-F15 -> 2.1738897e+09 | H15: =G15 -> 2.1738897e+09
A16: 45925.604 | C16: 5 | D16: Pencairan dana komite SMA IT Tahap 2 TP 2024 2025 Trf Ke - KOMITE SMA AL IRSYAD PURWOKERTO | F16: 3150000 | G16: =(G15+E16)-F16 -> 2.1707397e+09 | H16: =G16 -> 2.1707397e+09
A17: 45925.604 | C17: 6 | D17: Pencairan dana komite SMA IT Tahap 1 TP 2025 2026 Trf Ke - KOMITE SMA AL IRSYAD PURWOKERTO | F17: 106050000 | G17: =(G16+E17)-F17 -> 2.0646897e+09 | H17: =G17 -> 2.0646897e+09
A18: 45930.577 | D18: Biaya Administrasi | F18: 15000 | G18: =(G17+E18)-F18 -> 2.0646747e+09 | H18: =G18 -> 2.0646747e+09
A19: 45930.656 | C19: 7 | D19: P2509301438309212793H-Gaji September | F19: 1229665166 | G19: =(G18+E19)-F19 -> 8.3500958e+08 | H19: =G19 -> 8.3500958e+08
D20: JUMLAH | E20: =SUM(E9:E19) -> 4.045421e+09 | F20: =SUM(F10:F19) -> 3210411466 | G20: =E20-F20 -> 8.3500958e+08 | H20: =G20 -> 8.3500958e+08 | I20: 8.3500958e+08 | J20: =G20-I20 -> 0
A22: 45901 | D22: Saldo rekening 7099206505 - AL IRSYAD AL ISLAMIYYAH PURWOKERTO | E22: 3.4590769e+09 | G22: =E22 -> 3.4590769e+09 | H22: =H20+G22 -> 4.2940865e+09
A23: 45902.259 | D23: By. Adm. BSMNet AUG 25 | F23: 10000 | G23: =(G22+E23)-F23 -> 3.4590669e+09 | H23: =(H22+E23)-F23 -> 4.2940765e+09
A24: 45902.43 | C24: 8 | D24: Pencairan dana BG Trf Ke - PT ALIRSYAD ALISLAMIYYAH PURWOKERTO | F24: 5000000 | G24: =(G23+E24)-F24 -> 3.4540669e+09 | H24: =(H23+E24)-F24 -> 4.2890765e+09
A25: 45904.149 | D25: Biaya Administrasi | F25: 15000 | G25: =(G24+E25)-F25 -> 3.4540519e+09 | H25: =(H24+E25)-F25 -> 4.2890615e+09
A26: 45905.016 | C26: 9 | D26: Claim makan siang SDM bulan Juli 20 25 Trf Ke - DROPPING BIRO SDM | F26: 204408500 | G26: =(G25+E26)-F26 -> 3.2496434e+09 | H26: =(H25+E26)-F26 -> 4.084653e+09
A27: 45905.016 | C27: 10 | D27: Pengajian malam jumat bulan septemb er oleh lajnah dakwah Trf Ke - SUFYAN | F27: 3500000 | G27: =(G26+E27)-F27 -> 3.2461434e+09 | H27: =(H26+E27)-F27 -> 4.081153e+09
A28: 45909.702 | C28: 11 | D28: pendanaan program pelatihan bhs Ara b dr lajnah kaderisasi bln Septembe r 2025 Trf Ke - AGUS TARDIAN | F28: 5600000 | G28: =(G27+E28)-F28 -> 3.2405434e+09 | H28: =(H27+E28)-F28 -> 4.075553e+09 | I28: pindah ke kas
A29: 45911.493 | C29: 12 | D29: Operasional harian kantor PC bulan Agst dan sept 2025 Trf Ke - PC AL IRSYAD AL ISLAMIYYAH PWT | F29: 13690600 | G29: =(G28+E29)-F29 -> 3.2268528e+09 | H29: =(H28+E29)-F29 -> 4.0618624e+09
A30: 45911.653 | D30: Biaya Pemindahbukuan e-Banking | F30: 2500 | G30: =(G29+E30)-F30 -> 3.2268503e+09 | H30: =(H29+E30)-F30 -> 4.0618599e+09
A31: 45911.653 | C31: 13 | D31: BIFAST - TRF Ke - Bank BCA TAOFIK NAHDI pembayaran 3 buah meja untuk laznas | F31: 2400000 | G31: =(G30+E31)-F31 -> 3.2244503e+09 | H31: =(H30+E31)-F31 -> 4.0594599e+09
A32: 45913.401 | C32: 14 | D32: pembuatan ruang observasi SD 2 Trf Ke - AZIM BI AL KHOIR | F32: 58540900 | G32: =(G31+E32)-F32 -> 3.1659094e+09 | H32: =(H31+E32)-F32 -> 4.000919e+09 | I32: ke kas
A33: 45913.402 | C33: 15 | D33: BIFAST - TRF Ke - Bank BCA IKHSAN ADITYA PRABOWO Production Booth Al Irsyad Al Islam | F33: 8500000 | G33: =(G32+E33)-F33 -> 3.1574094e+09 | H33: =(H32+E33)-F33 -> 3.992419e+09
A34: 45913.402 | D34: Biaya Pemindahbukuan e-Banking | F34: 2500 | G34: =(G33+E34)-F34 -> 3.1574069e+09 | H34: =(H33+E34)-F34 -> 3.9924165e+09
A35: 45918.461 | D35: Pendapatan biaya sewa payment point SD 1 | E35: 98910000 | G35: =(G34+E35)-F35 -> 3.2563169e+09 | H35: =(H34+E35)-F35 -> 4.0913265e+09
A36: 45918.461 | C36: 16 | D36: BIFAST - TRF Ke - Bank Mandiri DANIEL YUSLIFAR RACH DP Pintu stainles masjid Al Irsyad | F36: 7800000 | G36: =(G35+E36)-F36 -> 3.2485169e+09 | H36: =(H35+E36)-F36 -> 4.0835265e+09
A37: 45918.461 | D37: Biaya Pemindahbukuan e-Banking | F37: 2500 | G37: =(G36+E37)-F37 -> 3.2485144e+09 | H37: =(H36+E37)-F37 -> 4.083524e+09
A38: 45918.898 | C38: 17 | D38: Dropping Sept 2025 unit Kepesantren an Trf Ke - KEPESANTRENAN ALIRSYAD BOARDING PWT | F38: 1055337250 | G38: =(G37+E38)-F38 -> 2.1931771e+09 | H38: =(H37+E38)-F38 -> 3.0281867e+09
A39: 45918.898 | C39: 18 | D39: Dropping Sept 2025 unit SMP Boardin g Trf Ke - SMP AL IRSYAD BOARDING SCHOOL PWT | F39: 143715000 | G39: =(G38+E39)-F39 -> 2.0494621e+09 | H39: =(H38+E39)-F39 -> 2.8844717e+09
A40: 45918.898 | C40: 19 | D40: Dropping Sept unit TK Trf Ke - KB & TK AL IRSYAD | F40: 72163000 | G40: =(G39+E40)-F40 -> 1.9772991e+09 | H40: =(H39+E40)-F40 -> 2.8123087e+09
A41: 45918.898 | C41: 20 | D41: Dropping Sept 2025 unit SD 1 Trf Ke - SD AL IRSYAD 01 PURWOKERTO | F41: 262742510 | G41: =(G40+E41)-F41 -> 1.7145566e+09 | H41: =(H40+E41)-F41 -> 2.5495662e+09
A42: 45919.419 | C42: 21 | D42: BIFAST - TRF Ke - Bank BTN YAYASAN AL IRSYAD AL ISLAMIYYAH Sewa Save Deposit Box bank BTN Purw | F42: 8530000 | G42: =(G41+E42)-F42 -> 1.7060266e+09 | H42: =(H41+E42)-F42 -> 2.5410362e+09
A43: 45919.419 | D43: Biaya Pemindahbukuan e-Banking | F43: 2500 | G43: =(G42+E43)-F43 -> 1.7060241e+09 | H43: =(H42+E43)-F43 -> 2.5410337e+09
A44: 45922.486 | C44: 22 | D44: Dana sosial SDM bln Agustus 2025 Trf Ke - DROPPING BIRO SDM | F44: 2000000 | G44: =(G43+E44)-F44 -> 1.7040241e+09 | H44: =(H43+E44)-F44 -> 2.5390337e+09
A45: 45922.486 | C45: 23 | D45: Sponsor Pendukung dari PC Al Irsyad Purwokerto untuk acara Rapimnas Al Irsyad Pimpinan Pusat Al Irsyad Al Islamiyyah Trf Ke - PP AL IRSYAD AL ISLAMIYYAH | F45: 100000000 | G45: =(G44+E45)-F45 -> 1.6040241e+09 | H45: =(H44+E45)-F45 -> 2.4390337e+09
A46: 45922.486 | C46: 24 | D46: Makan siang SDM bulan Agustus 2025 Trf Ke - DROPPING BIRO SDM | F46: 177899000 | G46: =(G45+E46)-F46 -> 1.4261251e+09 | H46: =(H45+E46)-F46 -> 2.2611347e+09
A47: 45924.445 | C47: 25 | D47: Pembuatan Ruang Psikologi MA Boardi ng Trf Ke - AZIM BI AL KHOIR | F47: 9003000 | G47: =(G46+E47)-F47 -> 1.4171221e+09 | H47: =(H46+E47)-F47 -> 2.2521317e+09
A48: 45924.445 | C48: 26 | D48: instalasi LAB MA Boarding Trf Ke - AZIM BI AL KHOIR | F48: 64921491 | G48: =(G47+E48)-F48 -> 1.3522006e+09 | H48: =(H47+E48)-F48 -> 2.1872102e+09
A49: 45924.83 | C49: 27 | D49: P250924145234743014FZ-Pencairan dan a komite sekolah 2 | F49: 290975000 | G49: =(G48+E49)-F49 -> 1.0612256e+09 | H49: =(H48+E49)-F49 -> 1.8962352e+09
A50: 45925.604 | C50: 28 | D50: Pencairan dana komite SMA Boarding Tahap 2 TP 2024 2025 Trf Ke - KOMITE SMA AL IRSYAD BOARDING PWT | F50: 12625000 | G50: =(G49+E50)-F50 -> 1.0486006e+09 | H50: =(H49+E50)-F50 -> 1.8836102e+09
A51: 45925.604 | C51: 29 | D51: Pencairan dana komite SMA Boarding Tahap 1 TP 2025 2026 Trf Ke - KOMITE SMA AL IRSYAD BOARDING PWT | F51: 55000000 | G51: =(G50+E51)-F51 -> 9.9360064e+08 | H51: =(H50+E51)-F51 -> 1.8286102e+09
A52: 45929.737 | C52: 30 | D52: Pemberangkatan perdana jamaah umroh Trf Ke - PT ALIRSYAD ALISLAMIYYAH PURWOKERTO | F52: 28720000 | G52: =(G51+E52)-F52 -> 9.6488064e+08 | H52: =(H51+E52)-F52 -> 1.7998902e+09
A53: 45929.737 | C53: 31 | D53: Pelantikan dan Pelatihan PC Wanita Al Irsyad Al Islamiyyah Purwokerto Trf Ke - PC WANITA AL IRSYAD PURWOKERTO | F53: 13487000 | G53: =(G52+E53)-F53 -> 9.5139364e+08 | H53: =(H52+E53)-F53 -> 1.7864032e+09
A54: 45930.656 | D54: Pendapatan SPP bulan September rek 7099206505 | E54: 2619059500 | G54: =(G53+E54)-F54 -> 3.5704531e+09 | H54: =(H53+E54)-F54 -> 4.4054627e+09
A55: 45930.656 | C55: 32 | D55: P250930094536350108TF-Gaji Septembe r 2025 | F55: 1201656116 | G55: =(G54+E55)-F55 -> 2.368797e+09 | H55: =(H54+E55)-F55 -> 3.2038066e+09
A56: 45930 | D56: Pajak | F56: 387602.94 | G56: =(G55+E56)-F56 -> 2.3684094e+09 | H56: =(H55+E56)-F56 -> 3.203419e+09
A57: 45930 | D57: Bagi Hasil atau Bonus | E57: 1938014.7 | G57: =(G56+E57)-F57 -> 2.3703474e+09 | H57: =(H56+E57)-F57 -> 3.205357e+09
D58: JUMLAH | E58: =SUM(E22:E57) -> 6.1789844e+09 | F58: =SUM(F22:F57) -> 3.808637e+09 | G58: =E58-F58 -> 2.3703474e+09 | H58: =H57 -> 3.205357e+09 | I58: 2.3703474e+09 | J58: =G58-I58 -> 0
A60: 45901 | D60: Saldo rekening 7152696536 - AL IRSYAD AL ISLAMIYYAH PURWOKERTO | E60: 5.2726039e+09 | G60: =E60 -> 5.2726039e+09 | H60: =H58+G60 -> 8.4779609e+09
A61: 45928.055 | D61: Pajak | F61: 7438667.7 | G61: =(G60+E61)-F61 -> 5.2651652e+09 | H61: =(H60+E61)-F61 -> 8.4705223e+09
A62: 45930 | D62: Biaya Administrasi | F62: 15000 | G62: =(G61+E62)-F62 -> 5.2651502e+09 | H62: =(H61+E62)-F62 -> 8.4705073e+09
A63: 45930 | D63: Bagi Hasil atau Bonus | E63: 37193338 | G63: =(G62+E63)-F63 -> 5.3023436e+09 | H63: =(H62+E63)-F63 -> 8.5077006e+09
A64: 45930 | D64: Pendapatan SPP bulan September rek 7152696536 | E64: 201827500 | G64: =(G63+E64)-F64 -> 5.5041711e+09 | H64: =(H63+E64)-F64 -> 8.7095281e+09
D65: JUMLAH | E65: =SUM(E60:E64) -> 5.5116248e+09 | F65: =SUM(F60:F64) -> 7453667.7 | G65: =E65-F65 -> 5.5041711e+09 | H65: =H64 -> 8.7095281e+09 | I65: 5.5041711e+09 | J65: =G65-I65 -> 0
A67: 45901 | D67: Saldo rekening 7107802511 - AL IRSYAD AL ISLAMIYYAH PURWOKERTO | E67: =agustus!G82 -> 65519803 | G67: =E67 -> 65519803 | H67: =H65+G67 -> 8.7750479e+09
A68: 45930 | D68: Pemasukan infak masjid Al Irsyad dari rek 7107802511 | E68: 46000 | G68: =(G67+E68)-F68 -> 65565803 | H68: =(H67+E68)-F68 -> 8.7750939e+09
A69: 45930 | D69: Biaya administrasi bulanan dari rek 7107802511 | F69: 15000 | G69: =(G68+E69)-F69 -> 65550803 | H69: =(H68+E69)-F69 -> 8.7750789e+09
D70: JUMLAH | E70: =SUM(E67:E69) -> 65565803 | F70: =SUM(F67:F69) -> 15000 | G70: =E70-F70 -> 65550803 | H70: =H69 -> 8.7750789e+09 | I70: 65550803 | J70: =G70-I70 -> 0
A72: 45901 | D72: Saldo rekening 7188000163 - AL IRSYAD AL ISLAMIYYAH PURWOKERTO | E72: =agustus!G86 -> 9409301 | G72: =E72 -> 9409301 | H72: =H70+G72 -> 8.7844882e+09
A73: 45930 | D73: Biaya administrasi bulanan dari rek 7188000163 | F73: 15000 | G73: =G72-F73 -> 9394301 | H73: =H72-F73 -> 8.7844732e+09
D74: JUMLAH | E74: =SUM(E71:E73) -> 9409301 | F74: =SUM(F71:F73) -> 15000 | G74: =E74-F74 -> 9394301 | H74: =H73 -> 8.7844732e+09 | I74: 9394301 | J74: =G74-I74 -> 0
A76: 45901 | D76: Saldo rekening 1770001777 - AL IRSYAD AL ISLAMIYYAH PURWOKERTO | E76: =agustus!G92 -> 3.8572271e+08 | G76: =E76 -> 3.8572271e+08 | H76: =H74+G76 -> 9.1701959e+09
A77: 45930 | D77: Pendapatan SPP bulan Agustus rek 1770001777 | E77: 463273500 | G77: =(G76+E77)-F77 -> 8.4899621e+08 | H77: =(H76+E77)-F77 -> 9.6334694e+09
A78: 45930 | D78: Biaya Administrasi dari rek 1770001777 | F78: 15000 | G78: =(G77+E78)-F78 -> 8.4898121e+08 | H78: =(H77+E78)-F78 -> 9.6334544e+09
D79: JUMLAH | E79: =SUM(E76:E78) -> 8.4899621e+08 | F79: =SUM(F77:F78) -> 15000 | G79: =E79-F79 -> 8.4898121e+08 | H79: =H78 -> 9.6334544e+09 | I79: 8.4898121e+08 | J79: =G79-I79 -> 0
A81: 45901 | D81: Saldo rekening 7777889871 - AL IRSYAD AL ISLAMIYYAH PURWOKERTO | E81: 1.0000579e+10 | G81: =E81 -> 1.0000579e+10 | H81: =H79+G81 -> 1.9634034e+10
A82: 45904 | D82: Biaya Administrasi dari rek 7777889871 | F82: 10000 | G82: =(G81+E82)-F82 -> 1.0000569e+10 | H82: =(H81+E82)-F82 -> 1.9634024e+10
A83: 45930 | D83: Pemindahbukuan dana ke rek semula Trf Ke - YAYASAN AL IRSYAD PURWOKERTO | F83: 1500000000 | G83: =(G82+E83)-F83 -> 8.5005694e+09 | H83: =(H82+E83)-F83 -> 1.8134024e+10
A84: 45930 | D84: Bagi hasil atau bonus | E84: 14984725 | G84: =(G83+E84)-F84 -> 8.5155542e+09 | H84: =(H83+E84)-F84 -> 1.8149009e+10
A85: 45930 | D85: Pajak | F85: 2996945 | G85: =(G84+E85)-F85 -> 8.5125572e+09 | H85: =(H84+E85)-F85 -> 1.8146012e+10
D86: JUMLAH | E86: =SUM(E80:E85) -> 1.0015564e+10 | F86: =SUM(F81:F85) -> 1.5030069e+09 | G86: =E86-F86 -> 8.5125572e+09 | H86: =H85 -> 1.8146012e+10 | I86: 8.5125572e+09 | J86: =G86-I86 -> 0
A88: Pada hari ini Selasa, 30 September 2025 Buku Kas Umum ditutup dengan keadaan / posisi buku sebagai berikut :
C90: No | D90: Uraian | E90: Pemasukan | F90: Pengeluaran | G90: Saldo
C91: 1. | D91: Saldo awal 1 September 2025 | E91: =E9+E22+E60+E67+E72+E76+E81 -> 2.0397998e+10
C92: 2. | D92: Pendapatan SPP Bulan September 2025 | E92: =E13+E54+E64+E77 -> 4624495750
C93: 3. | D93: Pendapatan biaya sewa payment poin SD 1 | E93: =E35 -> 98910000
C94: 4. | D94: Penerimaan infak masjid Al Irsyad bulan September 2025 | E94: =E68 -> 46000
C95: 5. | D95: Penerimaan bunga bank | E95: =E84+E63+E57 -> 54116078
C96: 6. | D96: Operasional kegiatan | F96: =I20+I58 -> 3.205357e+09
C97: 7. | D97: Pajak bunga bank | F97: =F85+F61+F56 -> 10823216
C98: 8. | D98: Biaya adm bulanan | F98: =F82+F78+F73+F69+F62+F25+F23+F18 -> 110000
D99: Jumlah | E99: =SUM(E91:E98) -> 2.5175566e+10 | F99: =SUM(F91:F98) -> 3.2162902e+09 | G99: =E99-F99 -> 2.1959275e+10
G100: =H86-G99 -> -3.8132638e+09
J101: 4305339750
J102: =E92-J101 -> 319156000
E103: Purwokerto, 30 September 2025
B104: Wakil Bendahara | E104: Staff Bendahara
B108: Ali Saleh | E108: Yuni Prastiawan
A109: Mengetahui,
A110: Bendahara Umum
A115: Tauriq Farhan

Sheet okt
A1: BUKU KAS UMUM
A2: BULAN OKTOBER 2025
A4: Instansi | C4: : PC AL IRSYAD AL ISLAMIYYAH PURWOKERTO | H4: BKU
A5: Kabupaten | C5: : BANYUMAS
A6: Provinsi | C6: : JAWA TENGAH
A8: Tanggal | B8: No. Kode | C8: No. Bukti | D8: Uraian | E8: Penerimaan (Debit) | F8: Pengeluaran (Kredit) | G8: Saldo Kas-Sub | H8: Saldo Kas Total
A9: 45931 | D9: Saldo rekening 1035241902 - YAYASAN AL IRSYAD PURWOKERTO | E9: =sept!G20 -> 8.3500958e+08 | G9: =E9 -> 8.3500958e+08 | H9: =G9 -> 8.3500958e+08
A10: 45938.454 | C10: 1 | D10: Perjalanan dinasluar kota ust Tris wandi ke Jakarta BP Taskin acara so sialisasi juknis MBG tahun 2025 Trf Ke - TRISWANDI | F10: 3525000 | G10: =(G9+E10)-F10 -> 8.3148458e+08 | H10: =G10 -> 8.3148458e+08
A11: 45939.408 | C11: 2 | D11: Makan siang SDM bulan September 202 5 Trf Ke - DROPPING BIRO SDM | F11: 201737000 | G11: =(G10+E11)-F11 -> 6.2974758e+08 | H11: =G11 -> 6.2974758e+08
A12: 45939.408 | C12: 3 | D12: Gaji OS bulan Agustus 2025 Trf Ke - DROPPING BIRO SDM | F12: 25802112 | G12: =(G11+E12)-F12 -> 6.0394546e+08 | H12: =G12 -> 6.0394546e+08
A13: 45939.408 | C13: 4 | D13: lembur SDM bulan September 2025 Trf Ke - DROPPING BIRO SDM | F13: 74000 | G13: =(G12+E13)-F13 -> 6.0387146e+08 | H13: =G13 -> 6.0387146e+08
A14: 45939.408 | C14: 5 | D14: Dana sosial SDM bulan September 202 5 Trf Ke - DROPPING BIRO SDM | F14: 2500000 | G14: =(G13+E14)-F14 -> 6.0137146e+08 | H14: =G14 -> 6.0137146e+08
A15: 45960.927 | D15: Pendapatan SPP bulan Agustus rek 1035241902 | E15: 1664164550 | G15: =(G14+E15)-F15 -> 2.265536e+09 | H15: =G15 -> 2.265536e+09
A16: 45960.927 | C16: 6 | D16: P2510291823232692059Q-Gaji Oktober 2025 | F16: 1242262298 | G16: =(G15+E16)-F16 -> 1.0232737e+09 | H16: =G16 -> 1.0232737e+09
A17: 45961.713 | D17: Biaya Administrasi | F17: 15000 | G17: =(G16+E17)-F17 -> 1.0232587e+09 | H17: =G17 -> 1.0232587e+09
D18: JUMLAH | E18: =SUM(E9:E17) -> 2.4991741e+09 | F18: =SUM(F10:F17) -> 1475915410 | G18: =E18-F18 -> 1.0232587e+09 | H18: =G18 -> 1.0232587e+09 | I18: 1.0232587e+09 | J18: =G18-I18 -> 0
A20: 45931 | D20: Saldo rekening 7099206505 - AL IRSYAD AL ISLAMIYYAH PURWOKERTO | E20: =sept!G58 -> 2.3703474e+09 | G20: =E20 -> 2.3703474e+09 | H20: =H18+G20 -> 3.3936062e+09
A21: 45931.555 | D21: Sisa dana program kelas bahasa arab Alquran periode September 2025 Trf Dari - AGUS TARDIAN | E21: 600000 | G21: =(G20+E21)-F21 -> 2.3709474e+09 | H21: =(H20+E21)-F21 -> 3.3942062e+09
A22: 45931.566 | D22: sisa pengajian malam jumat sept Trf Dari - YUNI PRASTIAWAN | E22: 900000 | G22: =(G21+E22)-F22 -> 2.3718474e+09 | H22: =(H21+E22)-F22 -> 3.3951062e+09 | I22: =sept!F27-okt!E22 -> 2600000
A23: 45932.217 | D23: By. Adm. BSMNet SEP 25 | F23: 10000 | G23: =(G22+E23)-F23 -> 2.3718374e+09 | H23: =(H22+E23)-F23 -> 3.3950962e+09
A24: 45932.597 | D24: Biaya Pemindahbukuan e-Banking | F24: 2500 | G24: =(G23+E24)-F24 -> 2.3718349e+09 | H24: =(H23+E24)-F24 -> 3.3950937e+09
A25: 45932.597 | C25: 7 | D25: BIFAST - TRF Ke - Bank Mandiri DANIEL YUSLIFAR RACH Pelunasan pintu masjid Al Irsyad | F25: 7800000 | G25: =(G24+E25)-F25 -> 2.3640349e+09 | H25: =(H24+E25)-F25 -> 3.3872937e+09
A26: 45932.597 | C26: 8 | D26: Pengajian malam jumat bulan oktober 2025 Trf Ke - SUFYAN | F26: 4375000 | G26: =(G25+E26)-F26 -> 2.3596599e+09 | H26: =(H25+E26)-F26 -> 3.3829187e+09
A27: 45935.09 | D27: Biaya Administrasi | F27: 15000 | G27: =(G26+E27)-F27 -> 2.3596449e+09 | H27: =(H26+E27)-F27 -> 3.3829037e+09
A28: 45936.558 | D28: Biaya Pemindahbukuan e-Banking | F28: 2500 | G28: =(G27+E28)-F28 -> 2.3596424e+09 | H28: =(H27+E28)-F28 -> 3.3829012e+09
A29: 45936.558 | C29: 9 | D29: BIFAST - TRF Ke - Bank BCA AGUS SUPRAYITNO Pembayaran 7 set meja percobaan sis | F29: 18900000 | G29: =(G28+E29)-F29 -> 2.3407424e+09 | H29: =(H28+E29)-F29 -> 3.3640012e+09
A30: 45938.303 | C30: 10 | D30: BIFAST - TRF Ke - Bank BCA INDONESIA PARTNER SOLUTI Petugas kebersihan dan keamanan IPS | F30: 43452294 | G30: =(G29+E30)-F30 -> 2.2972901e+09 | H30: =(H29+E30)-F30 -> 3.3205489e+09
A31: 45938.303 | D31: Biaya Pemindahbukuan e-Banking | F31: 2500 | G31: =(G30+E31)-F31 -> 2.2972876e+09 | H31: =(H30+E31)-F31 -> 3.3205464e+09
A32: 45938.303 | D32: Biaya Pemindahbukuan e-Banking | F32: 2500 | G32: =(G31+E32)-F32 -> 2.2972851e+09 | H32: =(H31+E32)-F32 -> 3.3205439e+09
A33: 45938.303 | C33: 11 | D33: BIFAST - TRF Ke - Bank BRI LPP AL IRSYAD AL ISLAMIYYAH Pembayaran petugas keamanan PKSS pe | F33: 88015897 | G33: =(G32+E33)-F33 -> 2.2092692e+09 | H33: =(H32+E33)-F33 -> 3.232528e+09
A34: 45938.306 | C34: 12 | D34: P2510071315109963395M Gaji OS Septe mber 2025 | F34: 10945000 | G34: =(G33+E34)-F34 -> 2.1983242e+09 | H34: =(H33+E34)-F34 -> 3.221583e+09
A35: 45938.306 | C35: 13 | D35: P251007132733314792YU-Gaji OS Sept 2025 BSI | F35: 19705000 | G35: =(G34+E35)-F35 -> 2.1786192e+09 | H35: =(H34+E35)-F35 -> 3.201878e+09
A36: 45938.306 | D36: P2510071315109963395M Charges Fee | F36: 17500 | G36: =(G35+E36)-F36 -> 2.1786017e+09 | H36: =(H35+E36)-F36 -> 3.2018605e+09
A37: 45938.371 | D37: BIFAST - TRF Dari - Bank Seabank AZIM BI AL KHOIR sisa saldo proyek PPDB SD 2 | E37: 1042360 | G37: =(G36+E37)-F37 -> 2.1796441e+09 | H37: =(H36+E37)-F37 -> 3.2029028e+09 | I37: =sept!F32-okt!E37 -> 57498540 | J37: 57498540
A38: 45941.778 | C38: 14 | D38: pembayaran ruang psikologi Trf Ke - AZIM BI AL KHOIR | F38: 9003000 | G38: =(G37+E38)-F38 -> 2.1706411e+09 | H38: =(H37+E38)-F38 -> 3.1938998e+09
A39: 45941.778 | C39: 15 | D39: Pekerjaan pembayaran pekerjaan lab 50 persen kedua Trf Ke - AZIM BI AL KHOIR | F39: 64921491 | G39: =(G38+E39)-F39 -> 2.1057196e+09 | H39: =(H38+E39)-F39 -> 3.1289783e+09
A40: 45944.602 | C40: 16 | D40: Droppig bulan Oktober 2025 Perkant oran PC Trf Ke - PC AL IRSYAD AL ISLAMIYYAH PWT | F40: 8550000 | G40: =(G39+E40)-F40 -> 2.0971696e+09 | H40: =(H39+E40)-F40 -> 3.1204283e+09
A41: 45945.669 | C41: 17 | D41: Perjalanan dinas munas PC Wanita Al Irsyad tahun 2025 Trf Ke - PC WANITA AL IRSYAD PURWOKERTO | F41: 5740000 | G41: =(G40+E41)-F41 -> 2.0914296e+09 | H41: =(H40+E41)-F41 -> 3.1146883e+09 | I41: =F41-E52 -> 4305000
A42: 45945.669 | C42: 18 | D42: BIFAST - TRF Ke - BANK BNI SUBIYANTORO biaya peralihan hak tanah untuk aks | F42: 35132500 | G42: =(G41+E42)-F42 -> 2.0562971e+09 | H42: =(H41+E42)-F42 -> 3.0795558e+09
A43: 45945.669 | D43: Biaya Pemindahbukuan e-Banking | F43: 2500 | G43: =(G42+E43)-F43 -> 2.0562946e+09 | H43: =(H42+E43)-F43 -> 3.0795533e+09
A44: 45948.498 | C44: 19 | D44: BIFAST - TRF Ke - Bank BRI MARWA ALI Pencairan Anggaran Operasional MBG | F44: 100000000 | G44: =(G43+E44)-F44 -> 1.9562946e+09 | H44: =(H43+E44)-F44 -> 2.9795533e+09
A45: 45948.498 | D45: Biaya Pemindahbukuan e-Banking | F45: 2500 | G45: =(G44+E45)-F45 -> 1.9562921e+09 | H45: =(H44+E45)-F45 -> 2.9795508e+09
A46: 45948.498 | C46: 20 | D46: BIFAST - TRF Ke - Bank Mandiri MARWA ALI Pencairan Anggaran Operasional MBG | F46: 100000000 | G46: =(G45+E46)-F46 -> 1.8562921e+09 | H46: =(H45+E46)-F46 -> 2.8795508e+09
A47: 45948.498 | D47: Biaya Pemindahbukuan e-Banking | F47: 2500 | G47: =(G46+E47)-F47 -> 1.8562896e+09 | H47: =(H46+E47)-F47 -> 2.8795483e+09
A48: 45951.375 | C48: 21 | D48: Pembayaran pasir dan langsir bln Ja n smp Juni 2025 pkerjaan masjid SMA IT Trf Ke - FITRIAH BASRAHIL | F48: 3406800 | G48: =(G47+E48)-F48 -> 1.8528828e+09 | H48: =(H47+E48)-F48 -> 2.8761415e+09
A49: 45951.375 | D49: Biaya Pemindahbukuan e-Banking | F49: 2500 | G49: =(G48+E49)-F49 -> 1.8528803e+09 | H49: =(H48+E49)-F49 -> 2.876139e+09
A50: 45951.375 | C50: 22 | D50: BIFAST - TRF Ke - Bank BCA HAIDAR IR Pembayaran granit masjid SMAIT | F50: 32618000 | G50: =(G49+E50)-F50 -> 1.8202623e+09 | H50: =(H49+E50)-F50 -> 2.843521e+09
A51: 45953.344 | C51: 23 | D51: Honor pengajar bhs Arab dan Al qura n serta reward peserta Trf Ke - AGUS TARDIAN | F51: 7125000 | G51: =(G50+E51)-F51 -> 1.8131373e+09 | H51: =(H50+E51)-F51 -> 2.836396e+09
A52: 45954.544 | D52: pngmbalian prjlanan dinas us Ali Trf Dari - YUNI PRASTIAWAN | E52: 1435000 | G52: =(G51+E52)-F52 -> 1.8145723e+09 | H52: =(H51+E52)-F52 -> 2.837831e+09
A53: 45958.808 | C53: 24 | D53: Dropping Oktober 2025 SMA Boarding Trf Ke - SMA AL IRSYAD BOARDING SCHOOL PWT | F53: 128264000 | G53: =(G52+E53)-F53 -> 1.6863083e+09 | H53: =(H52+E53)-F53 -> 2.709567e+09
A54: 45958.808 | C54: 25 | D54: Dropping bulan September 2025 SMA B oarding Trf Ke - SMA AL IRSYAD BOARDING SCHOOL PWT | F54: 122295000 | G54: =(G53+E54)-F54 -> 1.5640133e+09 | H54: =(H53+E54)-F54 -> 2.587272e+09
A55: 45960.927 | C55: 26 | D55: P251029152720344176Q6-Gaji Oktober 2025 | F55: 1211039409 | G55: =(G54+E55)-F55 -> 3.5297391e+08 | H55: =(H54+E55)-F55 -> 1.3762326e+09
A56: 45961.446 | D56: Pajak | F56: 335808.13 | G56: =(G55+E56)-F56 -> 3.526381e+08 | H56: =(H55+E56)-F56 -> 1.3758968e+09 | I56: =SUM(F24:F55)-15000-SUM(E21:E55) -> 2017348531
A57: 45961.446 | D57: Bagi Hasil atau Bonus | E57: 1679040.6 | G57: =(G56+E57)-F57 -> 3.5431714e+08 | H57: =(H56+E57)-F57 -> 1.3775759e+09
A58: 45961.446 | D58: Pendapatan SPP bulan Oktober rek 7099206505 | E58: 2700345500 | G58: =(G57+E58)-F58 -> 3.0546626e+09 | H58: =(H57+E58)-F58 -> 4.0779214e+09
D59: JUMLAH | E59: =SUM(E20:E58) -> 5.0763493e+09 | F59: =SUM(F20:F58) -> 2.0216867e+09 | G59: =E59-F59 -> 3.0546626e+09 | H59: =H58 -> 4.0779214e+09 | I59: 3.0546626e+09 | J59: =G59-I59 -> 0
A61: 45931 | D61: Saldo rekening 7152696536 - AL IRSYAD AL ISLAMIYYAH PURWOKERTO | E61: =sept!G65 -> 5.5041711e+09 | G61: =E61 -> 5.5041711e+09 | H61: =H59+G61 -> 9.5820924e+09
A62: 45958.446 | D62: Bagi Hasil atau Bonus | E62: 34062082 | G62: =(G61+E62)-F62 -> 5.5382332e+09 | H62: =(H61+E62)-F62 -> 9.6161545e+09
A63: 45958.446 | D63: Pajak | F63: 6812416.5 | G63: =(G62+E63)-F63 -> 5.5314208e+09 | H63: =(H62+E63)-F63 -> 9.6093421e+09
A64: 45961.446 | D64: Biaya Administrasi | F64: 15000 | G64: =(G63+E64)-F64 -> 5.5314058e+09 | H64: =(H63+E64)-F64 -> 9.6093271e+09
A65: 45961.446 | D65: Pendapatan SPP bulan Oktober rek 7152696536 | E65: 704042500 | G65: =(G64+E65)-F65 -> 6.2354483e+09 | H65: =(H64+E65)-F65 -> 1.031337e+10
D66: JUMLAH | E66: =SUM(E61:E65) -> 6.2422757e+09 | F66: =SUM(F61:F65) -> 6827416.5 | G66: =E66-F66 -> 6.2354483e+09 | H66: =H65 -> 1.031337e+10 | I66: 6.2354483e+09 | J66: =G66-I66 -> 0
A68: 45931 | D68: Saldo rekening 7107802511 - AL IRSYAD AL ISLAMIYYAH PURWOKERTO | E68: =sept!G70 -> 65550803 | G68: =E68 -> 65550803 | H68: =H66+G68 -> 1.037892e+10
A69: 45961.446 | D69: Pemasukan infak masjid Al Irsyad dari rek 7107802511 | E69: 230029 | G69: =(G68+E69)-F69 -> 65780832 | H69: =(H68+E69)-F69 -> 1.037915e+10
A70: 45961.446 | D70: Biaya administrasi bulanan dari rek 7107802511 | F70: 15000 | G70: =(G69+E70)-F70 -> 65765832 | H70: =(H69+E70)-F70 -> 1.0379135e+10
D71: JUMLAH | E71: =SUM(E68:E70) -> 65780832 | F71: =SUM(F68:F70) -> 15000 | G71: =E71-F71 -> 65765832 | H71: =H70 -> 1.0379135e+10 | I71: 65765832 | J71: =G71-I71 -> 0
A73: 45931 | D73: Saldo rekening 7188000163 - AL IRSYAD AL ISLAMIYYAH PURWOKERTO | E73: =sept!G74 -> 9394301 | G73: =E73 -> 9394301 | H73: =H71+G73 -> 1.038853e+10
A74: 45961.446 | D74: Biaya administrasi bulanan dari rek 7188000163 | F74: 15000 | G74: =G73-F74 -> 9379301 | H74: =H73-F74 -> 1.0388515e+10
D75: JUMLAH | E75: =SUM(E72:E74) -> 9394301 | F75: =SUM(F72:F74) -> 15000 | G75: =E75-F75 -> 9379301 | H75: =H74 -> 1.0388515e+10 | I75: 9379301 | J75: =G75-I75 -> 0
A77: 45931 | D77: Saldo rekening 1770001777 - AL IRSYAD AL ISLAMIYYAH PURWOKERTO | E77: =sept!G79 -> 8.4898121e+08 | G77: =E77 -> 8.4898121e+08 | H77: =H75+G77 -> 1.1237496e+10
A78: 45961.446 | D78: Pendapatan SPP bulan Agustus rek 1770001777 | E78: 442559500 | G78: =(G77+E78)-F78 -> 1.2915407e+09 | H78: =(H77+E78)-F78 -> 1.1680055e+10
A79: 45961.446 | D79: Biaya Administrasi dari rek 1770001777 | F79: 15000 | G79: =(G78+E79)-F79 -> 1.2915257e+09 | H79: =(H78+E79)-F79 -> 1.168004e+10
D80: JUMLAH | E80: =SUM(E77:E79) -> 1.2915407e+09 | F80: =SUM(F78:F79) -> 15000 | G80: =E80-F80 -> 1.2915257e+09 | H80: =H79 -> 1.168004e+10 | I80: 1.2915257e+09 | J80: =G80-I80 -> 0
A82: 45931 | D82: Saldo rekening 7777889871 - AL IRSYAD AL ISLAMIYYAH PURWOKERTO | E82: =sept!G86 -> 8.5125572e+09 | G82: =E82 -> 8.5125572e+09 | H82: =H80+G82 -> 2.0192598e+10
A83: 45935.089 | D83: Biaya Administrasi | F83: 10000 | G83: =(G82+E83)-F83 -> 8.5125472e+09 | H83: =(H82+E83)-F83 -> 2.0192588e+10
A84: 45941.781 | C84: 27 | D84: P251011162506817000NB-Pencairan dro pping | F84: 2251699300 | G84: =(G83+E84)-F84 -> 6.2608479e+09 | H84: =(H83+E84)-F84 -> 1.7940888e+10
A85: 45951.375 | D85: Biaya Pemindahbukuan e-Banking | F85: 2500 | G85: =(G84+E85)-F85 -> 6.2608454e+09 | H85: =(H84+E85)-F85 -> 1.7940886e+10
A86: 45951.375 | C86: 28 | D86: BIFAST - TRF Ke - Bank BCA WAHYU TRI ELASEKAR Pembayaran pekerjaan pemeliharaan g | F86: 168763000 | G86: =(G85+E86)-F86 -> 6.0920824e+09 | H86: =(H85+E86)-F86 -> 1.7772123e+10
A87: 45961.465 | D87: Pajak | F87: 2078593.7 | G87: =(G86+E87)-F87 -> 6.0900038e+09 | H87: =(H86+E87)-F87 -> 1.7770044e+10 | I87: =SUM(F84:F86) -> 2420464800
A88: 45961.465 | D88: Bagi Hasil atau Bonus | E88: 10392968 | G88: =(G87+E88)-F88 -> 6.1003968e+09 | H88: =(H87+E88)-F88 -> 1.7780437e+10
D89: JUMLAH | E89: =SUM(E81:E88) -> 8.5229502e+09 | F89: =SUM(F82:F88) -> 2.4225534e+09 | G89: =E89-F89 -> 6.1003968e+09 | H89: =H88 -> 1.7780437e+10 | I89: 6.1003968e+09 | J89: =G89-I89 -> 0
A91: Pada hari ini Jum'at, 31 Oktober 2025 Buku Kas Umum ditutup dengan keadaan / posisi buku sebagai berikut :
C93: No | D93: Uraian | E93: Pemasukan | F93: Pengeluaran | G93: Saldo
C94: 1. | D94: Saldo awal 1 Oktober 2025 | E94: =E9+E20+E61+E68+E73+E77+E82 -> 1.8146012e+10
C95: 2. | D95: Pendapatan SPP Bulan Oktober 2025 | E95: =E78+E65+E58+E15 -> 5511112050
C96: 3. | D96: Penerimaan infak masjid Al Irsyad bulan Oktober 2025 | E96: =E69 -> 230029
C97: 4. | D97: Penerimaan bunga bank | E97: =E88+E62+E57 -> 46134091
C98: 5. | D98: Operasional kegiatan | F98: =I87+I56+I18 -> 5.461072e+09
C99: 6. | D99: Pajak bunga bank | F99: =F87+F63+F56 -> 9226818.3
C100: 7. | D100: Biaya adm bulanan | F100: =F83+F79+F74+F70+F64+F27+F23+F17 -> 110000
D101: Jumlah | E101: =SUM(E94:E100) -> 2.3703488e+10 | F101: =SUM(F94:F100) -> 5.4704089e+09 | G101: =E101-F101 -> 1.8233079e+10
G102: =H89-G101 -> -4.5264169e+08 | J102: 4699753250
J103: =E95-J102 -> 811358800
E105: Purwokerto, 30 Oktober 2025
B106: Wakil Bendahara | E106: Staff Bendahara
B110: Ali Saleh | E110: Yuni Prastiawan
A111: Mengetahui,
A112: Bendahara Umum
A117: Tauriq Farhan

Sheet nop
A1: BUKU KAS UMUM
A2: BULAN NOVEMBER 2025
A4: Instansi | C4: : PC AL IRSYAD AL ISLAMIYYAH PURWOKERTO | H4: BKU
A5: Kabupaten | C5: : BANYUMAS
A6: Provinsi | C6: : JAWA TENGAH
A8: Tanggal | B8: No. Kode | C8: No. Bukti | D8: Uraian | E8: Penerimaan (Debit) | F8: Pengeluaran (Kredit) | G8: Saldo Kas-Sub | H8: Saldo Kas Total
A9: 45962 | D9: Saldo rekening 1035241902 - YAYASAN AL IRSYAD PURWOKERTO | E9: =okt!G18 -> 1.0232587e+09 | G9: =E9 -> 1.0232587e+09 | H9: =G9 -> 1.0232587e+09
A10: 45991 | D10: Pendapatan SPP | E10: 1687846750 | G10: =(G9+E10)-F10 -> 2.7111055e+09 | H10: =G10 -> 2.7111055e+09
A11: 45979 | D11: Pendapatan dari lajnah sosial ekonomi | E11: 5000000000 | G11: =(G10+E11)-F11 -> 7.7111055e+09 | H11: =G11 -> 7.7111055e+09
A12: 45979 | D12: Pindah buku | F12: 5000000000 | G12: =(G11+E12)-F12 -> 2.7111055e+09 | H12: =G12 -> 2.7111055e+09
A13: 45991 | D13: Biaya Administrasi | F13: 15000 | G13: =(G12+E13)-F13 -> 2.7110905e+09 | H13: =G13 -> 2.7110905e+09
D14: JUMLAH | E14: =SUM(E9:E13) -> 7.7111055e+09 | F14: =SUM(F10:F13) -> 5000015000 | G14: =E14-F14 -> 2.7110905e+09 | H14: =G14 -> 2.7110905e+09 | I14: 2.7110905e+09 | J14: =G14-I14 -> 0
A16: 45962 | D16: Saldo rekening 7099206505 - AL IRSYAD AL ISLAMIYYAH PURWOKERTO | E16: =okt!G59 -> 3.0546626e+09 | G16: =E16 -> 3.0546626e+09 | H16: =H14+G16 -> 5.7657531e+09
A17: 45963.097 | D17: By. Adm. BSINet OCT 25 | F17: 10000 | G17: =(G16+E17)-F17 -> 3.0546526e+09 | H17: =(H16+E17)-F17 -> 5.7657431e+09
A18: 45964 | D18: Pngmbalian pengajian malam jumat | E18: 825000 | G18: =(G17+E18)-F18 -> 3.0554776e+09 | H18: =(H17+E18)-F18 -> 5.7665681e+09
A19: 45967.078 | D19: Biaya Administrasi | F19: 15000 | G19: =(G18+E19)-F19 -> 3.0554626e+09 | H19: =(H18+E19)-F19 -> 5.7665531e+09
A20: 45991.377 | D20: Pajak | F20: 454468.45 | G20: =(G19+E20)-F20 -> 3.0550082e+09 | H20: =(H19+E20)-F20 -> 5.7660986e+09
A21: 45991.377 | D21: Bagi Hasil atau Bonus | E21: 2272342.3 | G21: =(G20+E21)-F21 -> 3.0572805e+09 | H21: =(H20+E21)-F21 -> 5.768371e+09
A22: 45991 | D22: Pendapatan SPP | E22: 3212456000 | G22: =(G21+E22)-F22 -> 6.2697365e+09 | H22: =(H21+E22)-F22 -> 8.980827e+09
D23: JUMLAH | E23: =SUM(E16:E22) -> 6.270216e+09 | F23: =SUM(F16:F22) -> 479468.45 | G23: =E23-F23 -> 6.2697365e+09 | H23: =H22 -> 8.980827e+09 | I23: 6.2697365e+09 | J23: =G23-I23 -> 0
A25: 45962 | D25: Saldo rekening 7152696536 - AL IRSYAD AL ISLAMIYYAH PURWOKERTO | E25: =okt!G66 -> 6.2354483e+09 | G25: =E25 -> 6.2354483e+09 | H25: =H23+G25 -> 1.5216275e+10
A26: 45975.579 | D26: Pencairan deposito | E26: 7500000000 | G26: =(G25+E26)-F26 -> 1.3735448e+10 | H26: =(H25+E26)-F26 -> 2.2716275e+10
A27: 45975.579 | D27: Denda-denda | F27: 25000 | G27: =(G26+E27)-F27 -> 1.3735423e+10 | H27: =(H26+E27)-F27 -> 2.271625e+10
A28: 45979.474 | D28: pindah buku Trf Dari - YAYASAN AL IRSYAD PURWOKERTO | E28: 5000000000 | G28: =(G27+E28)-F28 -> 1.8735423e+10 | H28: =(H27+E28)-F28 -> 2.771625e+10
A29: 45979.584 | C29: 1 | D29: Biaya Pemindahbukuan e-Banking | F29: 30000 | G29: =(G28+E29)-F29 -> 1.8735393e+10 | H29: =(H28+E29)-F29 -> 2.771622e+10
A30: 45979.584 | C30: 1 | D30: PBY TNH ARCWNNGN 858M2 AN SRI R | F30: 2390142300 | G30: =(G29+E30)-F30 -> 1.6345251e+10 | H30: =(H29+E30)-F30 -> 2.5326078e+10
A31: 45979.585 | C31: 2 | D31: Biaya Pemindahbukuan e-Banking | F31: 30000 | G31: =(G30+E31)-F31 -> 1.6345221e+10 | H31: =(H30+E31)-F31 -> 2.5326048e+10
A32: 45979.585 | C32: 2 | D32: PBY TNH ARCWNNGN 2664 M2 AN SRI R | F32: 6921142300 | G32: =(G31+E32)-F32 -> 9.4240787e+09 | H32: =(H31+E32)-F32 -> 1.8404906e+10
A33: 45979.619 | C33: 3 | D33: Biaya Pemindahbukuan e-Banking | F33: 30000 | G33: =(G32+E33)-F33 -> 9.4240487e+09 | H33: =(H32+E33)-F33 -> 1.8404876e+10
A34: 45979.619 | C34: 3 | D34: PBY TNH ARCWNNGN AN JOKO WAHYONO | F34: 8564713450 | G34: =(G33+E34)-F34 -> 8.593352e+08 | H34: =(H33+E34)-F34 -> 9.8401622e+09
A35: 45991.476 | D35: Biaya Administrasi | F35: 15000 | G35: =(G34+E35)-F35 -> 8.593202e+08 | H35: =(H34+E35)-F35 -> 9.8401472e+09
A36: 45991.476 | D36: Pendapatan SPP | E36: 1856870000 | G36: =(G35+E36)-F36 -> 2.7161902e+09 | H36: =(H35+E36)-F36 -> 1.1697017e+10 | I36: =SUM(F29:F34) -> 17876088050 | J36: 17876088050
D37: JUMLAH | E37: =SUM(E25:E36) -> 2.0592318e+10 | F37: =SUM(F25:F36) -> 17876128050 | G37: =E37-F37 -> 2.7161902e+09 | H37: =H36 -> 1.1697017e+10 | I37: 2.7161902e+09 | J37: =G37-I37 -> 0
A39: 45962 | D39: Saldo rekening 7107802511 - AL IRSYAD AL ISLAMIYYAH PURWOKERTO | E39: =okt!G71 -> 65765832 | G39: =E39 -> 65765832 | H39: =H37+G39 -> 1.1762783e+10
A40: 45991.476 | D40: Pemasukan infak masjid Al Irsyad | E40: 220001 | G40: =(G39+E40)-F40 -> 65985833 | H40: =(H39+E40)-F40 -> 1.1763003e+10
A41: 45991.476 | D41: Biaya administrasi bulanan | F41: 15000 | G41: =(G40+E41)-F41 -> 65970833 | H41: =(H40+E41)-F41 -> 1.1762988e+10
D42: JUMLAH | E42: =SUM(E39:E41) -> 65985833 | F42: =SUM(F39:F41) -> 15000 | G42: =E42-F42 -> 65970833 | H42: =H41 -> 1.1762988e+10 | I42: 65970833 | J42: =G42-I42 -> 0
A44: 45962 | D44: Saldo rekening 7188000163 - AL IRSYAD AL ISLAMIYYAH PURWOKERTO | E44: =okt!G75 -> 9379301 | G44: =E44 -> 9379301 | H44: =H42+G44 -> 1.1772367e+10
A45: 45991.476 | D45: Biaya administrasi bulanan | F45: 15000 | G45: =G44-F45 -> 9364301 | H45: =H44-F45 -> 1.1772352e+10
D46: JUMLAH | E46: =SUM(E43:E45) -> 9379301 | F46: =SUM(F43:F45) -> 15000 | G46: =E46-F46 -> 9364301 | H46: =H45 -> 1.1772352e+10 | I46: 9364301 | J46: =G46-I46 -> 0
A48: 45962 | D48: Saldo rekening 1770001777 - AL IRSYAD AL ISLAMIYYAH PURWOKERTO | E48: =okt!G80 -> 1.2915257e+09 | G48: =E48 -> 1.2915257e+09 | H48: =H46+G48 -> 1.3063878e+10
A49: 45979.476 | D49: Pemasukan dari lajnah sosial ekonomi | E49: 3000000000 | G49: =(G48+E49)-F49 -> 4.2915257e+09 | H49: =(H48+E49)-F49 -> 1.6063878e+10
A50: 45991.476 | D50: Pendapatan SPP | E50: 2090394500 | G50: =(G49+E50)-F50 -> 6.3819202e+09 | H50: =(H49+E50)-F50 -> 1.8154273e+10
A51: 45991.476 | D51: Biaya administrasi bulanan | F51: 15000 | G51: =(G50+E51)-F51 -> 6.3819052e+09 | H51: =(H50+E51)-F51 -> 1.8154258e+10
D52: JUMLAH | E52: =SUM(E48:E51) -> 6.3819202e+09 | F52: =SUM(F49:F51) -> 15000 | G52: =E52-F52 -> 6.3819052e+09 | H52: =H51 -> 1.8154258e+10 | I52: 6.3819052e+09 | J52: =G52-I52 -> 0
A54: 45962 | D54: Saldo rekening 7777889871 - AL IRSYAD AL ISLAMIYYAH PURWOKERTO | E54: =okt!G89 -> 6.1003968e+09 | G54: =E54 -> 6.1003968e+09 | H54: =H52+G54 -> 2.4254654e+10
A55: 45962.348 | D55: Pencairan 50 persen biaya sewa paym ent point BSI unit SD Al Irsyad 01 PWT Trf Ke - PC WANITA AL IRSYAD PURWOKERTO | F55: 49455000 | G55: =(G54+E55)-F55 -> 6.0509418e+09 | H55: =(H54+E55)-F55 -> 2.4205199e+10
A56: 45962.348 | D56: BIFAST - TRF Ke - Bank BCA MUHAMAD RIFKI Pembayaran cetak Al Quran tahap 1 | F56: 95875000 | G56: =(G55+E56)-F56 -> 5.9550668e+09 | H56: =(H55+E56)-F56 -> 2.4109324e+10 | I56: 95877500
A57: 45962.348 | D57: Biaya Pemindahbukuan e-Banking | F57: 2500 | G57: =(G56+E57)-F57 -> 5.9550643e+09 | H57: =(H56+E57)-F57 -> 2.4109322e+10
A58: 45962.348 | D58: Pajak PPh 23 tenaga kerja outsourci ng PKSS bulan September 2025 Trf Ke - SONY NURCAHYO | F58: 158730 | G58: =(G57+E58)-F58 -> 5.9549056e+09 | H58: =(H57+E58)-F58 -> 2.4109163e+10
A59: 45962.822 | D59: kas bon untuk pembangunan dapurMBG Trf Ke - SARPRAS LPP AL IRSYAD PURWOKERTO | F59: 50000000 | G59: =(G58+E59)-F59 -> 5.9049056e+09 | H59: =(H58+E59)-F59 -> 2.4059163e+10
A60: 45962.822 | D60: BIFAST - TRF Ke - Bank Mandiri YUDHA BHUANA SAPUTRA Pembayaran tahap 2 LAB MA Boarding | F60: 122990000 | G60: =(G59+E60)-F60 -> 5.7819156e+09 | H60: =(H59+E60)-F60 -> 2.3936173e+10 | I60: 122992500
A61: 45962.822 | D61: Biaya Pemindahbukuan e-Banking | F61: 2500 | G61: =(G60+E61)-F61 -> 5.7819131e+09 | H61: =(H60+E61)-F61 -> 2.3936171e+10
A62: 45964.642 | D62: Payment workshop online 11 particip ants under school code S064268, S06 4272, S064270, S064271 | F62: 84369600 | G62: =(G61+E62)-F62 -> 5.6975435e+09 | H62: =(H61+E62)-F62 -> 2.3851801e+10
A63: 45964.642 | D63: Payment workshop online 11 particip ants under school code S064268, S06 4272, S064270, S064271 | F63: 418500 | G63: =(G62+E63)-F63 -> 5.697125e+09 | H63: =(H62+E63)-F63 -> 2.3851382e+10 | I63: 84788100
A64: 45967.082 | D64: Biaya Administrasi | F64: 10000 | G64: =(G63+E64)-F64 -> 5.697115e+09 | H64: =(H63+E64)-F64 -> 2.3851372e+10
A65: 45967.468 | D65: Pembayaran aplikasi jurnal ibadah h arian oleh lajnah kaderisasi Trf Ke - MUKHAMAD IMAM MUSLIH | F65: 5000000 | G65: =(G64+E65)-F65 -> 5.692115e+09 | H65: =(H64+E65)-F65 -> 2.3846372e+10
A66: 45967.468 | D66: Training kader pelajar Al Irsyad ol eh lajnah kaderisasi Trf Ke - AGUS TARDIAN | F66: 20000000 | G66: =(G65+E66)-F66 -> 5.672115e+09 | H66: =(H65+E66)-F66 -> 2.3826372e+10
A67: 45967.468 | D67: Pengajian rutin malam Jumat lajnah dakwah Trf Ke - SUFYAN | F67: 3500000 | G67: =(G66+E67)-F67 -> 5.668615e+09 | H67: =(H66+E67)-F67 -> 2.3822872e+10
A68: 45967.468 | D68: Pembelian sound lajnah dakwah Trf Ke - SUFYAN | F68: 2500000 | G68: =(G67+E68)-F68 -> 5.666115e+09 | H68: =(H67+E68)-F68 -> 2.3820372e+10 | I68: 2043910
A69: 45968.667 | D69: 041408327495657 Trf Ke - REKENING PENERIMAAN NEGARA TERPUSAT | F69: 158398 | G69: =(G68+E69)-F69 -> 5.6659566e+09 | H69: =(H68+E69)-F69 -> 2.3820214e+10
A70: 45968.667 | D70: BIFAST - TRF Ke - Bank BCA INDONESIA PARTNER SOLUTI Gaji petugas kebersihan IPS Oktober | F70: 43052413 | G70: =(G69+E70)-F70 -> 5.6229041e+09 | H70: =(H69+E70)-F70 -> 2.3777162e+10
A71: 45968.667 | D71: Biaya Pemindahbukuan e-Banking | F71: 2500 | G71: =(G70+E71)-F71 -> 5.6229016e+09 | H71: =(H70+E71)-F71 -> 2.3777159e+10 | I71: 43054913
A72: 45968.667 | D72: Biaya Pemindahbukuan e-Banking | F72: 2500 | G72: =(G71+E72)-F72 -> 5.6228991e+09 | H72: =(H71+E72)-F72 -> 2.3777157e+10
A73: 45968.667 | D73: BIFAST - TRF Ke - Bank BRI LPP AL IRSYAD AL ISLAMIYYAH Gaji keamanan PKSS Oktober 2025 | F73: 87831922 | G73: =(G72+E73)-F73 -> 5.5350672e+09 | H73: =(H72+E73)-F73 -> 2.3689325e+10 | I73: 87834422
A74: 45971.316 | D74: P251107124254095079GH Charges Fee | F74: 22500 | G74: =(G73+E74)-F74 -> 5.5350447e+09 | H74: =(H73+E74)-F74 -> 2.3689302e+10
A75: 45971.316 | D75: P251107124254095079GH Gaji guru OS rek non BSI Oktober 2025 | F75: 11790000 | G75: =(G74+E75)-F75 -> 5.5232547e+09 | H75: =(H74+E75)-F75 -> 2.3677512e+10
A76: 45971.316 | D76: P251107123835283118QK-Gaji Guru OS rek sesama BSI Okt 2025 | F76: 23970000 | G76: =(G75+E76)-F76 -> 5.4992847e+09 | H76: =(H75+E76)-F76 -> 2.3653542e+10 | I76: 35782500
A77: 45972.436 | D77: sisa dana beli sound untuk LD Trf Dari - SOFYAN | E77: 456090 | G77: =(G76+E77)-F77 -> 5.4997408e+09 | H77: =(H76+E77)-F77 -> 2.3653998e+10
A78: 45974.924 | D78: Kasbon Pembangunan Dapur MBG Trf Ke - SARPRAS LPP AL IRSYAD PURWOKERTO | F78: 50000000 | G78: =(G77+E78)-F78 -> 5.4497408e+09 | H78: =(H77+E78)-F78 -> 2.3603998e+10
A79: 45974.322 | D79: Dana Sosial SDM bulan Okrober 2025 Trf Ke - DROPPING BIRO SDM | F79: 4000000 | G79: =(G78+E79)-F79 -> 5.4457408e+09 | H79: =(H78+E79)-F79 -> 2.3599998e+10
A80: 45974.322 | D80: Makan siang SDM bulan Oktober 2025 Trf Ke - DROPPING BIRO SDM | F80: 211502500 | G80: =(G79+E80)-F80 -> 5.2342383e+09 | H80: =(H79+E80)-F80 -> 2.3388496e+10
A81: 45979.329 | D81: Biaya Pemindahbukuan e-Banking | F81: 2500 | G81: =(G80+E81)-F81 -> 5.2342358e+09 | H81: =(H80+E81)-F81 -> 2.3388493e+10
A82: 45979.329 | D82: BIFAST - TRF Ke - BANK BNI AHMAD PRIYO SUSETYO Pembayaran biaya pembuatan salinan | F82: 1000000 | G82: =(G81+E82)-F82 -> 5.2332358e+09 | H82: =(H81+E82)-F82 -> 2.3387493e+10 | I82: 1002500
A83: 45979.33 | D83: P2511171455310083943L-Dropping Lajn ah Pendidikan bulan November 2025 | F83: 2106251960 | G83: =(G82+E83)-F83 -> 3.1269839e+09 | H83: =(H82+E83)-F83 -> 2.1281241e+10
A84: 45980.344 | D84: Dropping kantor PC bulan November 2 025 Trf Ke - PC AL IRSYAD AL ISLAMIYYAH PWT | F84: 5700000 | G84: =(G83+E84)-F84 -> 3.1212839e+09 | H84: =(H83+E84)-F84 -> 2.1275541e+10
A85: 45982.31 | D85: Pencairan dropping Oktober 2025 uni t SD 2 Trf Ke - SD AL IRSYAD 02 PURWOKERTO | F85: 128978600 | G85: =(G84+E85)-F85 -> 2.9923053e+09 | H85: =(H84+E85)-F85 -> 2.1146563e+10
A86: 45985.432 | D86: Pengajuan sarpras dapur MBG Mafaza Trf Ke - SARPRAS LPP AL IRSYAD PURWOKERTO | F86: 185871900 | G86: =(G85+E86)-F86 -> 2.8064334e+09 | H86: =(H85+E86)-F86 -> 2.0960691e+10
A87: 45986.475 | D87: BIFAST - TRF Ke - BANK BNI HERU WIDODO Pencairan Dana Rapat dan Sidang Fat | F87: 1560000 | G87: =(G86+E87)-F87 -> 2.8048734e+09 | H87: =(H86+E87)-F87 -> 2.0959131e+10 | I87: 1562500 | J87: ke kas
A88: 45986.475 | D88: Biaya Pemindahbukuan e-Banking | F88: 2500 | G88: =(G87+E88)-F88 -> 2.8048709e+09 | H88: =(H87+E88)-F88 -> 2.0959128e+10
A89: 45989.358 | D89: P251127165021511309JC-Gaji bulan No vember 2025 | F89: 2443596776 | G89: =(G88+E89)-F89 -> 3.6127408e+08 | H89: =(H88+E89)-F89 -> 1.8515532e+10
A90: 45990.584 | D90: Pencairan dana pembangunan dapur SP PG MBG Mafaza dan AABS Trf Ke - SARPRAS LPP AL IRSYAD PURWOKERTO | F90: 249301400 | G90: =(G89+E90)-F90 -> 1.1197268e+08 | H90: =(H89+E90)-F90 -> 1.826623e+10 | I90: =SUM(F55:F90)-10000 -> 5988870199
A91: 45991.387 | D91: Pajak | F91: 1283460.4 | G91: =(G90+E91)-F91 -> 1.1068922e+08 | H91: =(H90+E91)-F91 -> 1.8264947e+10
A92: 45991.387 | D92: Bagi Hasil atau Bonus | E92: 6417302 | G92: =(G91+E92)-F92 -> 1.1710652e+08 | H92: =(H91+E92)-F92 -> 1.8271364e+10
D93: JUMLAH | E93: =SUM(E53:E92) -> 6.1072702e+09 | F93: =SUM(F54:F92) -> 5.9901637e+09 | G93: =E93-F93 -> 1.1710652e+08 | H93: =H92 -> 1.8271364e+10 | I93: 1.1710652e+08 | J93: =I93-G93 -> 8.3446503e-07
A95: Pada hari ini Minggu 30 November 2025 Buku Kas Umum ditutup dengan keadaan / posisi buku sebagai berikut :
C97: No | D97: Uraian | E97: Pemasukan | F97: Pengeluaran | G97: Saldo
C98: 1. | D98: Saldo awal 1 November 2025 | E98: =E9+E16+E25+E39+E44+E48+E54 -> 1.7780437e+10
C99: 2. | D99: Pendapatan SPP Bulan November 2025 | E99: =E10+E22+E36+E50 -> 8847567250
C100: 3. | D100: Pendapatan dari lajnah sosial ekonomi | E100: =E49+E11 -> 8000000000
C101: 4. | D101: Pencairan deposito | E101: =E26 -> 7500000000
C102: 5. | D102: Penerimaan infak masjid Al Irsyad bulan November 2025 | E102: =E40 -> 220001
C103: 6. | D103: Penerimaan bunga bank | E103: =E92+E21 -> 8689644.3
C104: 7. | D104: Operasional kegiatan | E104: 825000 | F104: =I90+I36-E77 -> 23864502159
C105: 8. | D105: Pajak bunga bank | F105: =F91+F20 -> 1737928.8
C106: 9. | D106: Biaya adm bulanan | F106: =F64+F51+F45+F41+F35+F19+F17+F13+F27 -> 135000
D107: Jumlah | E107: =SUM(E98:E106) -> 4.2137739e+10 | F107: =SUM(F98:F106) -> 2.3866375e+10 | G107: =E107-F107 -> 1.8271364e+10
G108: =H93-G107 -> 0
E111: Purwokerto, 30 November 2025
B112: Wakil Bendahara | E112: Staff Bendahara
...

Sheet des
A1: BUKU KAS UMUM
A2: BULAN DESEMBER 2025
A4: Instansi | C4: : PC AL IRSYAD AL ISLAMIYYAH PURWOKERTO | H4: BKU
A5: Kabupaten | C5: : BANYUMAS
A6: Provinsi | C6: : JAWA TENGAH
A8: Tanggal | B8: No. Kode | C8: No. Bukti | D8: Uraian | E8: Penerimaan (Debit) | F8: Pengeluaran (Kredit) | G8: Saldo Kas-Sub | H8: Saldo Kas Total
A9: 45992 | D9: Saldo rekening 1035241902 - YAYASAN AL IRSYAD PURWOKERTO | E9: =nop!G14 -> 2.7110905e+09 | G9: =E9 -> 2.7110905e+09 | H9: =G9 -> 2.7110905e+09
A10: 45994 | D10: Pindah buku | F10: 2000000000 | G10: =(G9+E10)-F10 -> 7.1109047e+08 | H10: =G10 -> 7.1109047e+08
A11: 46022.476 | D11: Pendapatan SPP | E11: 2306085250 | G11: =(G10+E11)-F11 -> 3.0171757e+09 | H11: =G11 -> 3.0171757e+09
A12: 46022.476 | D12: Biaya Administrasi | F12: 15000 | G12: =(G11+E12)-F12 -> 3.0171607e+09 | H12: =G12 -> 3.0171607e+09
D13: JUMLAH | E13: =SUM(E9:E12) -> 5.0171757e+09 | F13: =SUM(F10:F12) -> 2000015000 | G13: =E13-F13 -> 3.0171607e+09 | H13: =G13 -> 3.0171607e+09 | I13: 3.0171607e+09 | J13: =I13-G13 -> 0
A15: 45992 | D15: Saldo rekening 7099206505 - AL IRSYAD AL ISLAMIYYAH PURWOKERTO | E15: =nop!G23 -> 6.2697365e+09 | G15: =E15 -> 6.2697365e+09 | H15: =H13+G15 -> 9.2868972e+09
A16: 45993.097 | D16: By. Adm. BSINet NOV 25 | F16: 10000 | G16: =(G15+E16)-F16 -> 6.2697265e+09 | H16: =(H15+E16)-F16 -> 9.2868872e+09
A17: 45994.097 | D17: Biaya Administrasi | F17: 15000 | G17: =(G16+E17)-F17 -> 6.2697115e+09 | H17: =(H16+E17)-F17 -> 9.2868722e+09
A18: 46022.476 | D18: Pajak | F18: 718959.2 | G18: =(G17+E18)-F18 -> 6.2689926e+09 | H18: =(H17+E18)-F18 -> 9.2861533e+09
A19: 46022.476 | D19: Bagi Hasil atau Bonus | E19: 3594796 | G19: =(G18+E19)-F19 -> 6.2725874e+09 | H19: =(H18+E19)-F19 -> 9.2897481e+09
A20: 46022.476 | D20: Pendapatan SPP | E20: 3314895000 | G20: =(G19+E20)-F20 -> 9.5874824e+09 | H20: =(H19+E20)-F20 -> 1.2604643e+10
D21: JUMLAH | E21: =SUM(E15:E20) -> 9.5882263e+09 | F21: =SUM(F15:F20) -> 743959.2 | G21: =E21-F21 -> 9.5874824e+09 | H21: =H20 -> 1.2604643e+10 | I21: 9.5874824e+09 | J21: =I21-G21 -> 0
A23: 45992 | D23: Saldo rekening 7152696536 - AL IRSYAD AL ISLAMIYYAH PURWOKERTO | E23: =nop!G37 -> 2.7161902e+09 | G23: =E23 -> 2.7161902e+09 | H23: =H21+G23 -> 1.5320833e+10
A24: 46022.476 | D24: Biaya Administrasi | F24: 15000 | G24: =(G23+E24)-F24 -> 2.7161752e+09 | H24: =(H23+E24)-F24 -> 1.5320818e+10
A25: 46022.476 | D25: Pendapatan SPP | E25: 3112490000 | G25: =(G24+E25)-F25 -> 5.8286652e+09 | H25: =(H24+E25)-F25 -> 1.8433308e+10
D26: JUMLAH | E26: =SUM(E23:E25) -> 5.8286802e+09 | F26: =SUM(F23:F25) -> 15000 | G26: =E26-F26 -> 5.8286652e+09 | H26: =H25 -> 1.8433308e+10 | I26: 5.8286652e+09 | J26: =I26-G26 -> 0
A28: 45992 | D28: Saldo rekening 7107802511 - AL IRSYAD AL ISLAMIYYAH PURWOKERTO | E28: =nop!G42 -> 65970833 | G28: =E28 -> 65970833 | H28: =H26+G28 -> 1.8499279e+10
A29: 46022.476 | D29: Pemasukan infak masjid Al Irsyad | E29: 110000 | G29: =(G28+E29)-F29 -> 66080833 | H29: =(H28+E29)-F29 -> 1.8499389e+10
A30: 46022.476 | D30: Biaya administrasi bulanan | F30: 15000 | G30: =(G29+E30)-F30 -> 66065833 | H30: =(H29+E30)-F30 -> 1.8499374e+10
D31: JUMLAH | E31: =SUM(E28:E30) -> 66080833 | F31: =SUM(F28:F30) -> 15000 | G31: =E31-F31 -> 66065833 | H31: =H30 -> 1.8499374e+10 | I31: 66065833 | J31: =I31-G31 -> 0
A33: 45992 | D33: Saldo rekening 7188000163 - AL IRSYAD AL ISLAMIYYAH PURWOKERTO | E33: =nop!G46 -> 9364301 | G33: =E33 -> 9364301 | H33: =H31+G33 -> 1.8508738e+10
A34: 46022.476 | D34: Biaya administrasi bulanan | F34: 15000 | G34: =G33-F34 -> 9349301 | H34: =H33-F34 -> 1.8508723e+10
D35: JUMLAH | E35: =SUM(E32:E34) -> 9364301 | F35: =SUM(F32:F34) -> 15000 | G35: =E35-F35 -> 9349301 | H35: =H34 -> 1.8508723e+10 | I35: 9349301 | J35: =I35-G35 -> 0
A37: 45992 | D37: Saldo rekening 1770001777 - AL IRSYAD AL ISLAMIYYAH PURWOKERTO | E37: =nop!G52 -> 6.3819052e+09 | G37: =E37 -> 6.3819052e+09 | H37: =H35+G37 -> 2.4890629e+10
A38: 45994.476 | D38: Pindah buku | F38: 6000000000 | G38: =(G37+E38)-F38 -> 3.8190521e+08 | H38: =(H37+E38)-F38 -> 1.8890629e+10
A39: 46022.476 | D39: Pendapatan SPP | E39: 6008945500 | G39: =(G38+E39)-F39 -> 6.3908507e+09 | H39: =(H38+E39)-F39 -> 2.4899574e+10
A40: 46022.476 | D40: Biaya administrasi bulanan | F40: 15000 | G40: =(G39+E40)-F40 -> 6.3908357e+09 | H40: =(H39+E40)-F40 -> 2.4899559e+10
D41: JUMLAH | E41: =SUM(E37:E40) -> 1.2390851e+10 | F41: =SUM(F38:F40) -> 6000015000 | G41: =E41-F41 -> 6.3908357e+09 | H41: =H40 -> 2.4899559e+10 | I41: 6.3908357e+09 | J41: =I41-G41 -> 0
A43: 45992 | D43: Saldo rekening 7777889871 - AL IRSYAD AL ISLAMIYYAH PURWOKERTO | E43: =nop!G93 -> 1.1710652e+08 | G43: =E43 -> 1.1710652e+08 | H43: =H41+G43 -> 2.5016666e+10
A44: 45993.372 | D44: pengembalian saldo sidang fatwa Trf Dari - YUNI PRASTIAWAN | E44: 308400 | G44: =(G43+E44)-F44 -> 1.1741492e+08 | H44: =(H43+E44)-F44 -> 2.5016974e+10 | J44: =nop!I87-des!E44 -> 1254100
A45: 45993.457 | D45: pengembalian pengajian mlm jumat Trf Dari - YUNI PRASTIAWAN | E45: 1250000 | G45: =(G44+E45)-F45 -> 1.1866492e+08 | H45: =(H44+E45)-F45 -> 2.5018224e+10 | J45: =nop!F67-des!E45 -> 2250000
A46: 45994.069 | D46: Biaya Administrasi | F46: 10000 | G46: =(G45+E46)-F46 -> 1.1865492e+08 | H46: =(H45+E46)-F46 -> 2.5018214e+10
A47: 45994.318 | D47: honor guru Bahasa Arab dan Al Quran Trf Ke - AGUS TARDIAN | F47: 5000000 | G47: =(G46+E47)-F47 -> 1.1365492e+08 | H47: =(H46+E47)-F47 -> 2.5013214e+10 | I47: =F47-E86 -> 4992000
A48: 45994.374 | D48: pindah buku Trf Dari - AL IRSYAD AL ISLAMIYYAH PURWOKERTO | E48: 6000000000 | G48: =(G47+E48)-F48 -> 6.1136549e+09 | H48: =(H47+E48)-F48 -> 3.1013214e+10
A49: 45994.374 | D49: pindah buku Trf Dari - YAYASAN AL IRSYAD PURWOKERTO | E49: 2000000000 | G49: =(G48+E49)-F49 -> 8.1136549e+09 | H49: =(H48+E49)-F49 -> 3.3013214e+10
A50: 45994.386 | D50: Dropping November 2025 unit MA Boar ding Trf Ke - MA AL IRSYAD BOARDING SCHOOL | F50: 20632500 | G50: =(G49+E50)-F50 -> 8.0930224e+09 | H50: =(H49+E50)-F50 -> 3.2992582e+10
A51: 45994.386 | D51: Dropping November 2025 unit SMA Boa rding Trf Ke - SMA AL IRSYAD BOARDING SCHOOL PWT | F51: 132915000 | G51: =(G50+E51)-F51 -> 7.9601074e+09 | H51: =(H50+E51)-F51 -> 3.2859667e+10
A52: 45994.549 | D52: Payment IBAP Requested Workshop 62 Participants | F52: 517400 | G52: =(G51+E52)-F52 -> 7.95959e+09 | H52: =(H51+E52)-F52 -> 3.2859149e+10
A53: 45994.549 | D53: Payment IBAP Requested Workshop 62 Participants | F53: 70573360 | G53: =(G52+E53)-F53 -> 7.8890167e+09 | H53: =(H52+E53)-F53 -> 3.2788576e+10 | I53: 71090760
A54: 45996.661 | D54: Pengajian malam jumat bln Desember 2025 Trf Ke - SUFYAN | F54: 3500000 | G54: =(G53+E54)-F54 -> 7.8855167e+09 | H54: =(H53+E54)-F54 -> 3.2785076e+10
A55: 45996.661 | D55: Honor guru bhs Arab dan Al Quran bl n Desember 2025 Trf Ke - AGUS TARDIAN | F55: 3975000 | G55: =(G54+E55)-F55 -> 7.8815417e+09 | H55: =(H54+E55)-F55 -> 3.2781101e+10
A56: 45999.614 | D56: Operasional lajnah dakwah ke LAPAS | F56: 1000000 | G56: =(G55+E56)-F56 -> 7.8805417e+09 | H56: =(H55+E56)-F56 -> 3.2780101e+10
A57: 45999.614 | D57: Biaya Pemindahbukuan e-Banking | F57: 2500 | G57: =(G56+E57)-F57 -> 7.8805392e+09 | H57: =(H56+E57)-F57 -> 3.2780098e+10
A58: 45999.614 | D58: BIFAST - TRF Ke - BANK BNI HERU WIDODO Biaya sidang tim haiat | F58: 800000 | G58: =(G57+E58)-F58 -> 7.8797392e+09 | H58: =(H57+E58)-F58 -> 3.2779298e+10
A59: 46001.912 | D59: 041573539912284 Trf Ke - REKENING PENERIMAAN NEGARA TERPUSAT | F59: 148764 | G59: =(G58+E59)-F59 -> 7.8795904e+09 | H59: =(H58+E59)-F59 -> 3.277915e+10
A60: 46001.912 | D60: Biaya Pemindahbukuan e-Banking | F60: 2500 | G60: =(G59+E60)-F60 -> 7.8795879e+09 | H60: =(H59+E60)-F60 -> 3.2779147e+10
A61: 46001.912 | D61: 041573539912284 Trf Dari - AL IRSYAD AL ISLAMIYYAH PURWOKERTO | E61: 148764 | G61: =(G60+E61)-F61 -> 7.8797367e+09 | H61: =(H60+E61)-F61 -> 3.2779296e+10
A62: 46001.912 | D62: BIFAST - TRF Ke - Bank BCA INDONESIA PARTNER SOLUTI Pembayaran Petugas OS Kebersihan da | F62: 45103408 | G62: =(G61+E62)-F62 -> 7.8346333e+09 | H62: =(H61+E62)-F62 -> 3.2734192e+10 | I62: 45105908
A63: 46001.912 | D63: BIFAST - TRF Ke - Bank BRI Jkt LPP AL IRSYAD AL ISLAMIYYAH Gaji OS PKSS Bulan November 2025 | F63: 82467495 | G63: =(G62+E63)-F63 -> 7.7521658e+09 | H63: =(H62+E63)-F63 -> 3.2651725e+10
A64: 46001.912 | D64: Biaya Pemindahbukuan e-Banking | F64: 2500 | G64: =(G63+E64)-F64 -> 7.7521633e+09 | H64: =(H63+E64)-F64 -> 3.2651722e+10 | I64: 82469995
A65: 46001.913 | D65: P251210143546261387BU-Gaji Guru OS bulan November 2025 | F65: 25635000 | G65: =(G64+E65)-F65 -> 7.7265283e+09 | H65: =(H64+E65)-F65 -> 3.2626087e+10
A66: 46001.913 | D66: P251210144504908963OC Gaji Guru OS Bulan November 2025 | F66: 8215000 | G66: =(G65+E66)-F66 -> 7.7183133e+09 | H66: =(H65+E66)-F66 -> 3.2617872e+10 | I66: 33865000
A67: 46001.913 | D67: P251210144504908963OC Charges Fee | F67: 15000 | G67: =(G66+E67)-F67 -> 7.7182983e+09 | H67: =(H66+E67)-F67 -> 3.2617857e+10
A68: 46002.464 | D68: 041562433129269 Trf Ke - REKENING PENERIMAAN NEGARA TERPUSAT | F68: 148724 | G68: =(G67+E68)-F68 -> 7.7181495e+09 | H68: =(H67+E68)-F68 -> 3.2617709e+10
A69: 46003.839 | D69: Makan Siang SDM Bulan November 2025 Trf Ke - DROPPING BIRO SDM | F69: 179720000 | G69: =(G68+E69)-F69 -> 7.5384295e+09 | H69: =(H68+E69)-F69 -> 3.2437989e+10
A70: 46003.839 | D70: Dana Sosial SDM Bulan November 2025 Trf Ke - DROPPING BIRO SDM | F70: 6000000 | G70: =(G69+E70)-F70 -> 7.5324295e+09 | H70: =(H69+E70)-F70 -> 3.2431989e+10
A71: 46003.839 | D71: Lembur SDM Bulan November 2025 Trf Ke - DROPPING BIRO SDM | F71: 45000 | G71: =(G70+E71)-F71 -> 7.5323845e+09 | H71: =(H70+E71)-F71 -> 3.2431944e+10
A72: 46004.469 | D72: P2512130751453729049T-Dropping bula n Desember 2025 | F72: 2246876010 | G72: =(G71+E72)-F72 -> 5.2855085e+09 | H72: =(H71+E72)-F72 -> 3.0185068e+10
A73: 46006.497 | D73: Biaya Pemindahbukuan e-Banking | F73: 2500 | G73: =(G72+E73)-F73 -> 5.285506e+09 | H73: =(H72+E73)-F73 -> 3.0185065e+10
A74: 46006.497 | D74: BIFAST - TRF Ke - Bank BCA SUMBER BARU ANEKA MOTOR Pembayaran mobil MBG Tahap 1 | F74: 90000000 | G74: =(G73+E74)-F74 -> 5.195506e+09 | H74: =(H73+E74)-F74 -> 3.0095065e+10
A75: 46006.497 | D75: BIFAST - TRF Ke - Bank BCA NASIR ABDULLAH BASALAMAH Pembayaran mobil MBG Tahap 1 | F75: 10000000 | G75: =(G74+E75)-F75 -> 5.185506e+09 | H75: =(H74+E75)-F75 -> 3.0085065e+10
A76: 46006.497 | D76: BIFAST - TRF Dari - Bank BCA NASIR ABDULLAH BASALAMAH Pembayaran mobil MBG Tahap 1 Trf Dari - AL IRSYAD AL ISLAMIYYAH PURWOKERTO | E76: 10000000 | G76: =(G75+E76)-F76 -> 5.195506e+09 | H76: =(H75+E76)-F76 -> 3.0095065e+10
A77: 46006.579 | D77: Biaya Pemindahbukuan e-Banking | E77: 2500 | G77: =(G76+E77)-F77 -> 5.1955085e+09 | H77: =(H76+E77)-F77 -> 3.0095068e+10
A78: 46006.579 | D78: Biaya Pemindahbukuan e-Banking | F78: 2500 | G78: =(G77+E78)-F78 -> 5.195506e+09 | H78: =(H77+E78)-F78 -> 3.0095065e+10
A79: 46006 | D79: Biaya Pemindahbukuan e-Banking | F79: 2500 | G79: =(G78+E79)-F79 -> 5.1955035e+09 | H79: =(H78+E79)-F79 -> 3.0095063e+10
A80: 46006 | D80: BIFAST - TRF Ke - Bank BCA NASIR ABDULLAH BASALAMAH Pembayaran mobil MBG Tahap 1 | F80: 10000000 | G80: =(G79+E80)-F80 -> 5.1855035e+09 | H80: =(H79+E80)-F80 -> 3.0085063e+10 | I80: 179720000
A81: 46007.495 | D81: BIFAST - TRF Ke - BANK BNI SUBIYANTORO Kekurangan biaya peralihan hak atas | F81: 13488000 | G81: =(G80+E81)-F81 -> 5.1720155e+09 | H81: =(H80+E81)-F81 -> 3.0071575e+10
A82: 46007.495 | D82: Biaya Pemindahbukuan e-Banking | F82: 2500 | G82: =(G81+E82)-F82 -> 5.172013e+09 | H82: =(H81+E82)-F82 -> 3.0071572e+10 | I82: 13490500
A83: 46007.495 | D83: Dropping bulan Desember 2025 kantor PC Trf Ke - PC AL IRSYAD AL ISLAMIYYAH PWT | F83: 7000000 | G83: =(G82+E83)-F83 -> 5.165013e+09 | H83: =(H82+E83)-F83 -> 3.0064572e+10
A84: 46007.778 | D84: Pembangunan Dapur MBG AABS Trf Ke - SARPRAS LPP AL IRSYAD PURWOKERTO | F84: 73163300 | G84: =(G83+E84)-F84 -> 5.0918497e+09 | H84: =(H83+E84)-F84 -> 2.9991409e+10
A85: 46007.778 | D85: Pembangunan dapur MBG Mafaza Trf Ke - SARPRAS LPP AL IRSYAD PURWOKERTO | F85: 104193995 | G85: =(G84+E85)-F85 -> 4.9876557e+09 | H85: =(H84+E85)-F85 -> 2.9887215e+10
A86: 46009.522 | D86: pengmbalian lajnah kaderisasi Trf Dari - YUNI PRASTIAWAN | E86: 8000 | G86: =(G85+E86)-F86 -> 4.9876637e+09 | H86: =(H85+E86)-F86 -> 2.9887223e+10
A87: 46010.339 | D87: 041592907469594 Trf Ke - REKENING PENERIMAAN NEGARA TERPUSAT | F87: 22500000 | G87: =(G86+E87)-F87 -> 4.9651637e+09 | H87: =(H86+E87)-F87 -> 2.9864723e+10
A88: 46011.334 | D88: pengembalian sisa ops ke lapas Trf Dari - YUNI PRASTIAWAN | E88: 500000 | G88: =(G87+E88)-F88 -> 4.9656637e+09 | H88: =(H87+E88)-F88 -> 2.9865223e+10
A89: 46016.466 | D89: Bon Biaya Umrah Feb 2026 PT Al Irsy ad Trf Ke - PT ALIRSYAD ALISLAMIYYAH PURWOKERTO | F89: 141410000 | G89: =(G88+E89)-F89 -> 4.8242537e+09 | H89: =(H88+E89)-F89 -> 2.9723813e+10
A90: 46016.469 | D90: P251225073405324244HU-Gaji Desember 2025 | F90: 3581092268 | G90: =(G89+E90)-F90 -> 1.2431615e+09 | H90: =(H89+E90)-F90 -> 2.6142721e+10
A91: 46017.394 | D91: Biaya Pemindahbukuan e-Banking | F91: 2500 | G91: =(G90+E91)-F91 -> 1.243159e+09 | H91: =(H90+E91)-F91 -> 2.6142718e+10
A92: 46017.394 | D92: BIFAST - TRF Ke - Bank BCA INDONESIA PARTNER SOLUTI Gaji OS IPS Periode Desember 2025 | F92: 43974922 | G92: =(G91+E92)-F92 -> 1.199184e+09 | H92: =(H91+E92)-F92 -> 2.6098743e+10 | I92: 43977422
A93: 46017.396 | D93: P251225113829741937NQ-Gaji GURU OS Desember 2025 | F93: 8155000 | G93: =(G92+E93)-F93 -> 1.191029e+09 | H93: =(H92+E93)-F93 -> 2.6090588e+10
A94: 46022.476 | D94: Bagi Hasil atau Bonus | E94: 6736696.1 | G94: =(G93+E94)-F94 -> 1.1977657e+09 | H94: =(H93+E94)-F94 -> 2.6097325e+10
A95: 46022.476 | D95: Pajak | F95: 1347339.2 | G95: =(G94+E95)-F95 -> 1.1964184e+09 | H95: =(H94+E95)-F95 -> 2.6095978e+10 | I95: =SUM(F47:F93)-E88-E86-E76-E77-E61-E45-E44 -> 6926067482
D96: JUMLAH | E96: =SUM(E44:E95) -> 8.0189544e+09 | F96: =SUM(F44:F95) -> 6.9396425e+09 | G96: =E96+E43-F96 -> 1.1964184e+09 | H96: =H95 -> 2.6095978e+10 | I96: 1.1964184e+09 | J96: =I96-G96 -> 0
A98: Pada hari ini Minggu 31 Desember 2025 Buku Kas Umum ditutup dengan keadaan / posisi buku sebagai berikut :
C100: No | D100: Uraian | E100: Pemasukan | F100: Pengeluaran | G100: Saldo
C101: 1. | D101: Saldo awal 1 Desember 2025 | E101: =E9+E15+E23+E28+E33+E37+E43 -> 1.8271364e+10
C102: 2. | D102: Pendapatan SPP Bulan Desember 2025 | E102: =E11+E25+E39+E20 -> 14742415750
C103: 3.
C104: 4.
C105: 5. | D105: Penerimaan infak masjid Al Irsyad bulan Desember 2025 | E105: =E29 -> 110000
C106: 6. | D106: Penerimaan bunga bank | E106: =E94+E19 -> 10331492
C107: 7. | D107: Operasional kegiatan | F107: =I95 -> 6926067482
C108: 8. | D108: Pajak bunga bank | F108: =F95+F18 -> 2066298.4
C109: 9. | D109: Biaya adm bulanan | F109: =F12+F16+F17+F24+F30+F34+F40+F46 -> 110000
D110: Jumlah | E110: =SUM(E101:E109) -> 3.3024221e+10 | F110: =SUM(F101:F109) -> 6.9282438e+09 | G110: =E110-F110 -> 2.6095978e+10
...

Sheet jan
A1: BUKU KAS UMUM
A2: BULAN JANUARI 2026
A4: Instansi | C4: : PC AL IRSYAD AL ISLAMIYYAH PURWOKERTO | H4: BKU
A5: Kabupaten | C5: : BANYUMAS
A6: Provinsi | C6: : JAWA TENGAH
A8: Tanggal | B8: No. Kode | C8: No. Bukti | D8: Uraian | E8: Penerimaan (Debit) | F8: Pengeluaran (Kredit) | G8: Saldo Kas-Sub | H8: Saldo Kas Total
A9: 46023 | D9: Saldo rekening 1035241902 - YAYASAN AL IRSYAD PURWOKERTO | E9: =des!G13 -> 3.0171607e+09 | G9: =E9 -> 3.0171607e+09 | H9: =G9 -> 3.0171607e+09
A10: 46052 | D10: Pendapatan hibah dari lajnah sosial ekonomi | E10: 5000000000 | G10: =(G9+E10)-F10 -> 8.0171607e+09 | H10: =G10 -> 8.0171607e+09
A11: 46053 | D11: Pendapatan SPP | E11: 1295109250 | G11: =(G10+E11)-F11 -> 9.31227e+09 | H11: =G11 -> 9.31227e+09
A12: 46053 | D12: Biaya Administrasi | F12: 15000 | G12: =(G11+E12)-F12 -> 9.312255e+09 | H12: =G12 -> 9.312255e+09
D13: JUMLAH | E13: =SUM(E9:E12) -> 9.31227e+09 | F13: =SUM(F10:F12) -> 15000 | G13: =E13-F13 -> 9.312255e+09 | H13: =G13 -> 9.312255e+09 | I13: 9.312255e+09 | J13: =I13-G13 -> 0
A15: 46023 | D15: Saldo rekening 7099206505 - AL IRSYAD AL ISLAMIYYAH PURWOKERTO | E15: =des!G21 -> 9.5874824e+09 | G15: =E15 -> 9.5874824e+09 | H15: =H13+G15 -> 1.8899737e+10
A16: 46024.144 | D16: By. Adm. BSINet DEC 25 | F16: 10000 | G16: =(G15+E16)-F16 -> 9.5874724e+09 | H16: =(H15+E16)-F16 -> 1.8899727e+10
A17: 46025.049 | D17: Biaya Administrasi | F17: 15000 | G17: =(G16+E17)-F17 -> 9.5874574e+09 | H17: =(H16+E17)-F17 -> 1.8899712e+10
A18: 46025.658 | D18: pindah buku ke rek operasional Trf Ke - AL IRSYAD AL ISLAMIYYAH PURWOKERTO | F18: 5000000000 | G18: =(G17+E18)-F18 -> 4.5874574e+09 | H18: =(H17+E18)-F18 -> 1.3899712e+10
A19: 46028.488 | D19: TTCEK CC 306055 BUDI TRIYONO | F19: 1000000000 | G19: =(G18+E19)-F19 -> 3.5874574e+09 | H19: =(H18+E19)-F19 -> 1.2899712e+10
A20: 46028.488 | D20: TTCEK CC 306054 BUDI TRIYONO | F20: 1000000000 | G20: =(G19+E20)-F20 -> 2.5874574e+09 | H20: =(H19+E20)-F20 -> 1.1899712e+10
A21: 46028.488 | D21: TTCEK CC 306053 BUDI TRIYONO | F21: 1000000000 | G21: =(G20+E21)-F21 -> 1.5874574e+09 | H21: =(H20+E21)-F21 -> 1.0899712e+10 | I21: =SUM(F19:F21) -> 3000000000
A22: 46053 | D22: Pajak | F22: 375723.1 | G22: =(G21+E22)-F22 -> 1.5870816e+09 | H22: =(H21+E22)-F22 -> 1.0899337e+10
A23: 46053 | D23: Bagi Hasil atau Bonus | E23: 1878615.5 | G23: =(G22+E23)-F23 -> 1.5889602e+09 | H23: =(H22+E23)-F23 -> 1.0901215e+10
A24: 46053 | D24: Pendapatan hibah sertifikasi | E24: 539550000 | G24: =(G23+E24)-F24 -> 2.1285102e+09 | H24: =(H23+E24)-F24 -> 1.1440765e+10
A25: 46053 | D25: Pendapatan SPP | E25: 2753796250 | G25: =(G24+E25)-F25 -> 4.8823065e+09 | H25: =(H24+E25)-F25 -> 1.4194561e+10
D26: JUMLAH | E26: =SUM(E15:E25) -> 1.2882707e+10 | F26: =SUM(F15:F25) -> 8.0004007e+09 | G26: =E26-F26 -> 4.8823065e+09 | H26: =H25 -> 1.4194561e+10 | I26: 4.8823065e+09 | J26: =I26-G26 -> 0
A28: 46023 | D28: Saldo rekening 7152696536 - AL IRSYAD AL ISLAMIYYAH PURWOKERTO | E28: =des!G26 -> 5.8286652e+09 | G28: =E28 -> 5.8286652e+09 | H28: =H26+G28 -> 2.0023227e+10
A29: 46030.587 | D29: TTCEK CC 109535 BUDI TRIYONO | F29: 1000000000 | G29: =(G28+E29)-F29 -> 4.8286652e+09 | H29: =(H28+E29)-F29 -> 1.9023227e+10
A30: 46031.468 | D30: TT CEK CA 109537 BUDI TRIYONO | F30: 1000000000 | G30: =(G29+E30)-F30 -> 3.8286652e+09 | H30: =(H29+E30)-F30 -> 1.8023227e+10
A31: 46031.485 | D31: TT CEK CA 109536 BUDI TRIYONO | F31: 1000000000 | G31: =(G30+E31)-F31 -> 2.8286652e+09 | H31: =(H30+E31)-F31 -> 1.7023227e+10
A32: 46053 | D32: Biaya Administrasi | F32: 15000 | G32: =(G31+E32)-F32 -> 2.8286502e+09 | H32: =(H31+E32)-F32 -> 1.7023212e+10 | I32: =SUM(F29:F31) -> 3000000000
A33: 46053 | D33: Pendapatan SPP | E33: 754362500 | G33: =(G32+E33)-F33 -> 3.5830127e+09 | H33: =(H32+E33)-F33 -> 1.7777574e+10
D34: JUMLAH | E34: =SUM(E28:E33) -> 6.5830277e+09 | F34: =SUM(F28:F33) -> 3000015000 | G34: =E34-F34 -> 3.5830127e+09 | H34: =H33 -> 1.7777574e+10 | I34: 3.5830127e+09 | J34: =I34-G34 -> 0
A36: 46023 | D36: Saldo rekening 7107802511 - AL IRSYAD AL ISLAMIYYAH PURWOKERTO | E36: =des!G31 -> 66065833 | G36: =E36 -> 66065833 | H36: =H34+G36 -> 1.784364e+10
A37: 46053 | D37: Pemasukan infak masjid Al Irsyad | E37: 115000 | G37: =(G36+E37)-F37 -> 66180833 | H37: =(H36+E37)-F37 -> 1.7843755e+10
A38: 46053 | D38: Biaya administrasi bulanan | F38: 15000 | G38: =(G37+E38)-F38 -> 66165833 | H38: =(H37+E38)-F38 -> 1.784374e+10
D39: JUMLAH | E39: =SUM(E36:E38) -> 66180833 | F39: =SUM(F36:F38) -> 15000 | G39: =E39-F39 -> 66165833 | H39: =H38 -> 1.784374e+10 | I39: 66165833 | J39: =I39-G39 -> 0
A41: 46023 | D41: Saldo rekening 7188000163 - AL IRSYAD AL ISLAMIYYAH PURWOKERTO | E41: =des!G35 -> 9349301 | G41: =E41 -> 9349301 | H41: =H39+G41 -> 1.7853089e+10
A42: 46053 | D42: Biaya administrasi bulanan | F42: 15000 | G42: =G41-F42 -> 9334301 | H42: =H41-F42 -> 1.7853074e+10
D43: JUMLAH | E43: =SUM(E40:E42) -> 9349301 | F43: =SUM(F40:F42) -> 15000 | G43: =E43-F43 -> 9334301 | H43: =H42 -> 1.7853074e+10 | I43: 9334301 | J43: =I43-G43 -> 0
A45: 46023 | D45: Saldo rekening 1770001777 - AL IRSYAD AL ISLAMIYYAH PURWOKERTO | E45: =des!G41 -> 6.3908357e+09 | G45: =E45 -> 6.3908357e+09 | H45: =H43+G45 -> 2.424391e+10
A46: 46030.587 | D46: TTCEK CC 109181 BUDI TRIYONO | F46: 1000000000 | G46: =(G45+E46)-F46 -> 5.3908357e+09 | H46: =(H45+E46)-F46 -> 2.324391e+10
A47: 46030.587 | D47: TTCEK CC 109182 BUDI TRIYONO | F47: 1000000000 | G47: =(G46+E47)-F47 -> 4.3908357e+09 | H47: =(H46+E47)-F47 -> 2.224391e+10
A48: 46035.522 | D48: TT CEK CA 109183 BUDI TRIYONO | F48: 1000000000 | G48: =(G47+E48)-F48 -> 3.3908357e+09 | H48: =(H47+E48)-F48 -> 2.124391e+10 | I48: =SUM(F46:F48) -> 3000000000
A49: 46053 | D49: Pendapatan SPP | E49: 1374060750 | G49: =(G48+E49)-F49 -> 4.7648965e+09 | H49: =(H48+E49)-F49 -> 2.2617971e+10
A50: 46053 | D50: Biaya administrasi bulanan | F50: 15000 | G50: =(G49+E50)-F50 -> 4.7648815e+09 | H50: =(H49+E50)-F50 -> 2.2617956e+10
D51: JUMLAH | E51: =SUM(E45:E50) -> 7.7648965e+09 | F51: =SUM(F46:F50) -> 3000015000 | G51: =E51-F51 -> 4.7648815e+09 | H51: =H50 -> 2.2617956e+10 | I51: 4.7648815e+09 | J51: =I51-G51 -> 0
A53: 46023 | D53: Saldo rekening 7777889871 - AL IRSYAD AL ISLAMIYYAH PURWOKERTO | E53: =des!G96 -> 1.1964184e+09 | G53: =E53 -> 1.1964184e+09 | H53: =H51+G53 -> 2.3814374e+10
A54: 46024.464 | D54: Pembuatan dapur MBG AABS Trf Ke - SARPRAS LPP AL IRSYAD PURWOKERTO | F54: 538361000 | G54: =(G53+E54)-F54 -> 6.5805739e+08 | H54: =(H53+E54)-F54 -> 2.3276013e+10
A55: 46024.464 | D55: Pembuatan dapur MBG Mafaza Trf Ke - SARPRAS LPP AL IRSYAD PURWOKERTO | F55: 538361000 | G55: =(G54+E55)-F55 -> 1.1969639e+08 | H55: =(H54+E55)-F55 -> 2.2737652e+10
A56: 46025.055 | D56: Biaya Administrasi | F56: 10000 | G56: =(G55+E56)-F56 -> 1.1968639e+08 | H56: =(H55+E56)-F56 -> 2.2737642e+10
A57: 46025.658 | D57: pindah buku ke rek operasional Trf Dari - AL IRSYAD AL ISLAMIYYAH PURWOKERTO | E57: 5000000000 | G57: =(G56+E57)-F57 -> 5.1196864e+09 | H57: =(H56+E57)-F57 -> 2.7737642e+10
A58: 46025.67 | D58: Pembangunan dapur MBG AABS Tahap 3 Trf Ke - SARPRAS LPP AL IRSYAD PURWOKERTO | F58: 232788425 | G58: =(G57+E58)-F58 -> 4.886898e+09 | H58: =(H57+E58)-F58 -> 2.7504854e+10
A59: 46025.67 | D59: Pembangunan dapur MBG Tahap 4 Trf Ke - SARPRAS LPP AL IRSYAD PURWOKERTO | F59: 116531833 | G59: =(G58+E59)-F59 -> 4.7703661e+09 | H59: =(H58+E59)-F59 -> 2.7388322e+10
A60: 46028.433 | D60: sisa pengajian bln des 2025 Trf Dari - YUNI PRASTIAWAN | E60: 200000 | G60: =(G59+E60)-F60 -> 4.7705661e+09 | H60: =(H59+E60)-F60 -> 2.7388522e+10
A61: 46028.546 | D61: Biaya Pemindahbukuan e-Banking | F61: 2500 | G61: =(G60+E61)-F61 -> 4.7705636e+09 | H61: =(H60+E61)-F61 -> 2.7388519e+10
A62: 46028.546 | D62: BIFAST - TRF Ke - Bank BCA MUHAMAD RIFKI Pelunasan pembayaran cetak Al Quran | F62: 95875000 | G62: =(G61+E62)-F62 -> 4.6746886e+09 | H62: =(H61+E62)-F62 -> 2.7292644e+10
A63: 46028.546 | D63: BIFAST - TRF Ke - Bank UOB Buana FITRIANI AROFAH pembayaran kemeja dan rompi PC | F63: 9000000 | G63: =(G62+E63)-F63 -> 4.6656886e+09 | H63: =(H62+E63)-F63 -> 2.7283644e+10
A64: 46028.546 | D64: Biaya Pemindahbukuan e-Banking | F64: 2500 | G64: =(G63+E64)-F64 -> 4.6656861e+09 | H64: =(H63+E64)-F64 -> 2.7283642e+10
A65: 46031.32 | D65: Biaya Pemindahbukuan e-Banking | E65: 2500 | G65: =(G64+E65)-F65 -> 4.6656886e+09 | H65: =(H64+E65)-F65 -> 2.7283644e+10
A66: 46031.32 | D66: BIFAST - TRF Dari - Bank BCA SUMBER BARU ANEKA MOTOR Pelunasan mobil MBG Dapur Mafaza Trf Dari - AL IRSYAD AL ISLAMIYYAH PURWOKERTO | E66: 185000000 | G66: =(G65+E66)-F66 -> 4.8506886e+09 | H66: =(H65+E66)-F66 -> 2.7468644e+10
A67: 46031.32 | D67: Biaya Pemindahbukuan e-Banking | F67: 2500 | G67: =(G66+E67)-F67 -> 4.8506861e+09 | H67: =(H66+E67)-F67 -> 2.7468642e+10
A68: 46031.32 | D68: BIFAST - TRF Ke - Bank BCA SUMBER BARU ANEKA MOTOR Pelunasan mobil MBG Dapur AABS | F68: 185000000 | G68: =(G67+E68)-F68 -> 4.6656861e+09 | H68: =(H67+E68)-F68 -> 2.7283642e+10
A69: 46031.32 | D69: Biaya Pemindahbukuan e-Banking | F69: 2500 | G69: =(G68+E69)-F69 -> 4.6656836e+09 | H69: =(H68+E69)-F69 -> 2.7283639e+10
A70: 46031.32 | D70: BIFAST - TRF Ke - Bank BCA SUMBER BARU ANEKA MOTOR Pelunasan mobil MBG Dapur Mafaza | F70: 185000000 | G70: =(G69+E70)-F70 -> 4.4806836e+09 | H70: =(H69+E70)-F70 -> 2.7098639e+10
A71: 46031.328 | D71: BIFAST - TRF Ke - Bank BCA SUMBER BARU ANEKA MOTOR Pelunasan mobil MBG Dapur Mafaza | F71: 185000000 | G71: =(G70+E71)-F71 -> 4.2956836e+09 | H71: =(H70+E71)-F71 -> 2.6913639e+10
A72: 46031.328 | D72: Biaya Pemindahbukuan e-Banking | F72: 2500 | G72: =(G71+E72)-F72 -> 4.2956811e+09 | H72: =(H71+E72)-F72 -> 2.6913637e+10
A73: 46034.592 | D73: DP atau koordinasi Pembelian tanah belakang Soekarno Trf Ke - YUNI PRASTIAWAN | F73: 20000000 | G73: =(G72+E73)-F73 -> 4.2756811e+09 | H73: =(H72+E73)-F73 -> 2.6893637e+10
A74: 46035.363 | D74: dana talangan SD Al Irsyad 01 Trf Ke - SD AL IRSYAD 01 PURWOKERTO | F74: 23206000 | G74: =(G73+E74)-F74 -> 4.2524751e+09 | H74: =(H73+E74)-F74 -> 2.6870431e+10
A75: 46035.588 | D75: Bon Pembelian Perlengkapan Dapur MA FAZA Trf Ke - FEBRIYANTI | F75: 4060000 | G75: =(G74+E75)-F75 -> 4.2484151e+09 | H75: =(H74+E75)-F75 -> 2.6866371e+10
A76: 46036.408 | D76: Administrasi pengurusan SD Al Irsya d di Pwt Utara Trf Ke - YUNI PRASTIAWAN | F76: 15000000 | G76: =(G75+E76)-F76 -> 4.2334151e+09 | H76: =(H75+E76)-F76 -> 2.6851371e+10
A77: 46037.521 | D77: Lembur SDM Desember 2025 Trf Ke - DROPPING BIRO SDM | F77: 100000 | G77: =(G76+E77)-F77 -> 4.2333151e+09 | H77: =(H76+E77)-F77 -> 2.6851271e+10
A78: 46037.521 | D78: Pengajian malam jumat bulan Januari 2026 Trf Ke - SUFYAN | F78: 4750000 | G78: =(G77+E78)-F78 -> 4.2285651e+09 | H78: =(H77+E78)-F78 -> 2.6846521e+10
... A102: 46052.372 | D102: Biaya Pemindahbukuan e-Banking | F102: 2500 | G102: =(G101+E102)-F102 -> 3.7073674e+09 | H102: =(H101+E102)-F102 -> 2.6325323e+10
A103: 46052.66 | D103: pngembalian study banding ke MUI Trf Dari - YUNI PRASTIAWAN | E103: 29000 | G103: =(G102+E103)-F103 -> 3.7073964e+09 | H103: =(H102+E103)-F103 -> 2.6325352e+10
A104: 46052.813 | D104: P260130165547751223J3-Gaji Januari 2026 | F104: 2600485229 | G104: =(G103+E104)-F104 -> 1.1069112e+09 | H104: =(H103+E104)-F104 -> 2.3724867e+10
A105: 46053.31 | D105: sisa dana ops dakwah di LAPAS Trf Dari - YUNI PRASTIAWAN | E105: 250000 | G105: =(G104+E105)-F105 -> 1.1071612e+09 | H105: =(H104+E105)-F105 -> 2.3725117e+10 | I105: =SUM(F54:F105)-E60-E65-E66-E103-E105-F56 -> 5089247175
A106: 46053.353 | D106: Bagi Hasil atau Bonus | E106: 5275793.2 | G106: =(G105+E106)-F106 -> 1.112437e+09 | H106: =(H105+E106)-F106 -> 2.3730393e+10
A107: 46053.353 | D107: Pajak | F107: 1055158.6 | G107: =(G106+E107)-F107 -> 1.1113819e+09 | H107: =(H106+E107)-F107 -> 2.3729338e+10
D108: JUMLAH | E108: =SUM(E54:E107) -> 5.1907573e+09 | F108: =SUM(F54:F107) -> 5.2757938e+09 | G108: =E108+E53-F108 -> 1.1113819e+09 | H108: =H107 -> 2.3729338e+10 | I108: 1.1113819e+09 | J108: =I108-G108 -> 0
A110: Pada hari ini Sabtu 31 Januari 2026 Buku Kas Umum ditutup dengan keadaan / posisi buku sebagai berikut :
C112: No | D112: Uraian | E112: Pemasukan | F112: Pengeluaran | G112: Saldo
C113: 1. | D113: Saldo awal 1 Januari 2026 | E113: =E9+E15+E28+E36+E41+E45+E53 -> 2.6095978e+10
C114: 2. | D114: Pendapatan SPP Bulan Januari 2026 | E114: =E11+E25+E33+E49 -> 6177328750
C115: 3. | D115: Pendapatan dari lajnah sosial ekonomi | E115: =E10 -> 5000000000
C116: 4. | D116: Hibah sertifikasi | E116: =E24 -> 539550000
C117: 5. | D117: Penerimaan infak masjid Al Irsyad bulan Januari 2026 | E117: =E37 -> 115000
C118: 6. | D118: Penerimaan bunga bank | E118: =E106+E23 -> 7154408.7
C119: 7. | D119: Operasional kegiatan | F119: 14089247175
C120: 8. | D120: Pajak bunga bank | F120: =F107+F22 -> 1430881.7
C121: 9. | D121: Biaya adm bulanan | F121: =F56+F50+F42+F38+F32+F17+F16+F12 -> 110000
D122: Jumlah | E122: =SUM(E113:E121) -> 3.7820126e+10 | F122: =SUM(F113:F121) -> 1.4090788e+10 | G122: =E122-F122 -> 2.3729338e+10
G123: =H108-G122 -> 0
E126: Purwokerto, 31 Januari 2026
B127: Wakil Bendahara | E127: Staff Bendahara
B131: Ali Saleh | E131: Yuni Prastiawan
A132: Mengetahui,
A133: Bendahara Umum
A138: Tauriq Farhan

Sheet feb
A1: BUKU KAS UMUM
A2: BULAN FEBRUARI 2026
A4: Instansi | C4: : PC AL IRSYAD AL ISLAMIYYAH PURWOKERTO | H4: BKU
A5: Kabupaten | C5: : BANYUMAS
A6: Provinsi | C6: : JAWA TENGAH
A8: Tanggal | B8: No. Kode | C8: No. Bukti | D8: Uraian | E8: Penerimaan (Debit) | F8: Pengeluaran (Kredit) | G8: Saldo Kas-Sub | H8: Saldo Kas Total
A9: 46054 | D9: Saldo rekening 1035241902 - YAYASAN AL IRSYAD PURWOKERTO | E9: =jan!G13 -> 9.312255e+09 | G9: =E9 -> 9.312255e+09 | H9: =G9 -> 9.312255e+09
A10: 46081 | D10: Pendapatan SPP | E10: 1449267250 | G10: =(G9+E10)-F10 -> 1.0761522e+10 | H10: =G10 -> 1.0761522e+10
A11: 46055 | D11: PBY TANAH ASET ALIH KELOLA STIE | F11: 6500060000 | G11: =(G10+E11)-F11 -> 4.2614622e+09 | H11: =G11 -> 4.2614622e+09 | I11: =F11 -> 6500060000
A12: 46073 | D12: pindah buku | F12: 1500000000 | G12: =(G11+E12)-F12 -> 2.7614622e+09 | H12: =G12 -> 2.7614622e+09
A13: 46081 | D13: Biaya Administrasi | F13: 15000 | G13: =(G12+E13)-F13 -> 2.7614472e+09 | H13: =G13 -> 2.7614472e+09
D14: JUMLAH | E14: =SUM(E9:E13) -> 1.0761522e+10 | F14: =SUM(F10:F13) -> 8000075000 | G14: =E14-F14 -> 2.7614472e+09 | H14: =G14 -> 2.7614472e+09 | I14: 2.7614472e+09 | J14: =I14-G14 -> 0
I15: =F15 -> 0
A16: 46054 | D16: Saldo rekening 7099206505 - AL IRSYAD AL ISLAMIYYAH PURWOKERTO | E16: =jan!G26 -> 4.8823065e+09 | G16: =E16 -> 4.8823065e+09 | H16: =H14+G16 -> 7.6437537e+09 | I16: =F16 -> 0
A17: 46055.084 | D17: By. Adm. BSINet JAN 26 | F17: 10000 | G17: =(G16+E17)-F17 -> 4.8822965e+09 | H17: =(H16+E17)-F17 -> 7.6437437e+09
A18: 46056.095 | D18: Biaya Administrasi | F18: 15000 | G18: =(G17+E18)-F18 -> 4.8822815e+09 | H18: =(H17+E18)-F18 -> 7.6437287e+09
A19: 46059.614 | D19: refund TRX FT25352NKKVXJ64 tgl 18 D es 2025 an Muh Ali Rasyid NIB 9250 97 Trf Ke - NARSO | F19: 3500000 | G19: =(G18+E19)-F19 -> 4.8787815e+09 | H19: =(H18+E19)-F19 -> 7.6402287e+09 | I19: =F19 -> 3500000
A20: 46073 | D20: pindah buku | F20: 1500000000 | G20: =(G19+E20)-F20 -> 3.3787815e+09 | H20: =(H19+E20)-F20 -> 6.1402287e+09
A21: 46080 | D21: pindah buku | F21: 1000000000 | G21: =(G20+E21)-F21 -> 2.3787815e+09 | H21: =(H20+E21)-F21 -> 5.1402287e+09
A22: 46081 | D22: Pajak | F22: 502064.61 | G22: =(G21+E22)-F22 -> 2.3782794e+09 | H22: =(H21+E22)-F22 -> 5.1397266e+09
A23: 46081 | D23: Bagi Hasil atau Bonus | E23: 2510323.1 | G23: =(G22+E23)-F23 -> 2.3807898e+09 | H23: =(H22+E23)-F23 -> 5.142237e+09 | I23: =F23 -> 0
A24: 46081 | D24: Pendapatan SPP | E24: 2434260250 | G24: =(G23+E24)-F24 -> 4.81505e+09 | H24: =(H23+E24)-F24 -> 7.5764972e+09 | I24: =F24 -> 0
D25: JUMLAH | E25: =SUM(E16:E24) -> 7.3190771e+09 | F25: =SUM(F16:F24) -> 2.5040271e+09 | G25: =E25-F25 -> 4.81505e+09 | H25: =H24 -> 7.5764972e+09 | I25: 4.81505e+09 | J25: =I25-G25 -> 0
I26: =F26 -> 0
A27: 46054 | D27: Saldo rekening 7152696536 - AL IRSYAD AL ISLAMIYYAH PURWOKERTO | E27: =jan!G34 -> 3.5830127e+09 | G27: =E27 -> 3.5830127e+09 | H27: =H25+G27 -> 1.115951e+10 | I27: =F27 -> 0
A28: 46059.614 | D28: refund atas TRX FT253160FYFNBNK tg l 12 Nov 2025 NIB 926017 Khuzami Maizun Alaya Trf Ke - MAHARESI DEWI LESTARI | F28: 23500000 | G28: =(G27+E28)-F28 -> 3.5595127e+09 | H28: =(H27+E28)-F28 -> 1.113601e+10 | I28: =F28 -> 23500000
A29: 46081 | D29: Biaya Administrasi | F29: 15000 | G29: =(G28+E29)-F29 -> 3.5594977e+09 | H29: =(H28+E29)-F29 -> 1.1135995e+10
A30: 46081 | D30: Pendapatan SPP | E30: 566380000 | G30: =(G29+E30)-F30 -> 4.1258777e+09 | H30: =(H29+E30)-F30 -> 1.1702375e+10 | I30: =F30 -> 0
D31: JUMLAH | E31: =SUM(E27:E30) -> 4.1493927e+09 | F31: =SUM(F27:F30) -> 23515000 | G31: =E31-F31 -> 4.1258777e+09 | H31: =H30 -> 1.1702375e+10 | I31: 4.1258777e+09 | J31: =I31-G31 -> 0
I32: =F32 -> 0
A33: 46054 | D33: Saldo rekening 7107802511 - AL IRSYAD AL ISLAMIYYAH PURWOKERTO | E33: =jan!G39 -> 66165833 | G33: =E33 -> 66165833 | H33: =H31+G33 -> 1.1768541e+10 | I33: =F33 -> 0
A34: 46081 | D34: Pemasukan infak masjid Al Irsyad | E34: 220000 | G34: =(G33+E34)-F34 -> 66385833 | H34: =(H33+E34)-F34 -> 1.1768761e+10 | I34: =F34 -> 0
A35: 46081 | D35: Biaya administrasi bulanan | F35: 15000 | G35: =(G34+E35)-F35 -> 66370833 | H35: =(H34+E35)-F35 -> 1.1768746e+10
D36: JUMLAH | E36: =SUM(E33:E35) -> 66385833 | F36: =SUM(F33:F35) -> 15000 | G36: =E36-F36 -> 66370833 | H36: =H35 -> 1.1768746e+10 | I36: 66370833 | J36: =I36-G36 -> 0
I37: =F37 -> 0
A38: 46054 | D38: Saldo rekening 7188000163 - AL IRSYAD AL ISLAMIYYAH PURWOKERTO | E38: =jan!G43 -> 9334301 | G38: =E38 -> 9334301 | H38: =H36+G38 -> 1.177808e+10 | I38: =F38 -> 0
A39: 46081 | D39: Biaya administrasi bulanan | F39: 15000 | G39: =G38-F39 -> 9319301 | H39: =H38-F39 -> 1.1778065e+10
D40: JUMLAH | E40: =SUM(E37:E39) -> 9334301 | F40: =SUM(F37:F39) -> 15000 | G40: =E40-F40 -> 9319301 | H40: =H39 -> 1.1778065e+10
I41: =F41 -> 0
A42: 46054 | D42: Saldo rekening 1770001777 - AL IRSYAD AL ISLAMIYYAH PURWOKERTO | E42: =jan!G51 -> 4.7648815e+09 | G42: =E42 -> 4.7648815e+09 | H42: =H40+G42 -> 1.6542947e+10 | I42: =F42 -> 0
A43: 46056.39 | D43: pindah buku Trf Ke - AL IRSYAD AL ISLAMIYYAH PURWOKERTO | F43: 3000000000 | G43: =(G42+E43)-F43 -> 1.7648815e+09 | H43: =(H42+E43)-F43 -> 1.3542947e+10
A44: 46081.533 | D44: Biaya Administrasi | F44: 15000 | G44: =(G43+E44)-F44 -> 1.7648665e+09 | H44: =(H43+E44)-F44 -> 1.3542932e+10
A45: 46081 | D45: Pendapatan SPP | E45: 933388500 | G45: =(G44+E45)-F45 -> 2.698255e+09 | H45: =(H44+E45)-F45 -> 1.447632e+10 | I45: =F45 -> 0
D46: JUMLAH | E46: =SUM(E42:E45) -> 5.69827e+09 | F46: =SUM(F43:F45) -> 3000015000 | G46: =E46-F46 -> 2.698255e+09 | H46: =H45 -> 1.447632e+10 | I46: 2.698255e+09 | J46: =I46-G46 -> 0
I47: =F47 -> 0
A48: 46054 | D48: Saldo rekening 7777889871 - AL IRSYAD AL ISLAMIYYAH PURWOKERTO | E48: =jan!G108 -> 1.1113819e+09 | G48: =E48 -> 1.1113819e+09 | H48: =H46+G48 -> 1.5587702e+10 | I48: =F48 -> 0
A49: 46054.284 | D49: Biaya Umroh SDM tahun 2026 Trf Ke - PT ALIRSYAD ALISLAMIYYAH PURWOKERTO | F49: 210000000 | G49: =(G48+E49)-F49 -> 9.0138185e+08 | H49: =(H48+E49)-F49 -> 1.5377702e+10 | I49: =F49 -> 210000000
A50: 46054.284 | D50: Biaya Pemindahbukuan e-Banking | F50: 2500 | G50: =(G49+E50)-F50 -> 9.0137935e+08 | H50: =(H49+E50)-F50 -> 1.5377699e+10 | I50: =F50 -> 2500
A51: 46054.284 | D51: BIFAST - TRF Ke - Bank Mandiri IKHSANUL KARIM gaji staf ahli teknik sipil bulan j | F51: 7000000 | G51: =(G50+E51)-F51 -> 8.9437935e+08 | H51: =(H50+E51)-F51 -> 1.5370699e+10 | I51: =F51 -> 7000000
A52: 46054.284 | D52: Biaya Pemindahbukuan e-Banking | F52: 2500 | G52: =(G51+E52)-F52 -> 8.9437685e+08 | H52: =(H51+E52)-F52 -> 1.5370697e+10 | I52: =F52 -> 2500
A53: 46054.284 | D53: BIFAST - TRF Ke - Bank Mandiri SUHARNO Pembayaran Gaji Pegawai staf ahli l | F53: 6000000 | G53: =(G52+E53)-F53 -> 8.8837685e+08 | H53: =(H52+E53)-F53 -> 1.5364697e+10 | I53: =F53 -> 6000000
A54: 46054.284 | D54: Biaya Pemindahbukuan e-Banking | F54: 2500 | G54: =(G53+E54)-F54 -> 8.8837435e+08 | H54: =(H53+E54)-F54 -> 1.5364694e+10 | I54: =F54 -> 2500
A55: 46054.284 | D55: BIFAST - TRF Ke - Bank BCA EKA RIANI AGUSTINI Bantuan Donasi Hari Kanker Sedunia | F55: 5160000 | G55: =(G54+E55)-F55 -> 8.8321435e+08 | H55: =(H54+E55)-F55 -> 1.5359534e+10 | I55: =F55 -> 5160000
A56: 46056.089 | D56: Biaya Administrasi | F56: 10000 | G56: =(G55+E56)-F56 -> 8.8320435e+08 | H56: =(H55+E56)-F56 -> 1.5359524e+10
A57: 46056.39 | D57: pindah buku Trf Dari - AL IRSYAD AL ISLAMIYYAH PURWOKERTO | E57: 3000000000 | G57: =(G56+E57)-F57 -> 3.8832044e+09 | H57: =(H56+E57)-F57 -> 1.8359524e+10 | I57: =F57 -> 0
A58: 46056.412 | D58: Pembayaran Tahap 1 invoice 020 263 Pembelian Alat dan Titik L okasi | F58: 375000000 | G58: =(G57+E58)-F58 -> 3.5082044e+09 | H58: =(H57+E58)-F58 -> 1.7984524e+10 | I58: =F58 -> 375000000
A59: 46056.412 | D59: Biaya Pemindahbukuan e-Banking | F59: 25000 | G59: =(G58+E59)-F59 -> 3.5081794e+09 | H59: =(H58+E59)-F59 -> 1.7984499e+10 | I59: =F59 -> 25000
A60: 46056.412 | D60: Pembayaran Tahap 1 invoice 020 270 Pembelian Alat dan Titik L okasi SPPG | F60: 375000000 | G60: =(G59+E60)-F60 -> 3.1331794e+09 | H60: =(H59+E60)-F60 -> 1.7609499e+10 | I60: =F60 -> 375000000
A61: 46056.412 | D61: Biaya Pemindahbukuan e-Banking | F61: 25000 | G61: =(G60+E61)-F61 -> 3.1331544e+09 | H61: =(H60+E61)-F61 -> 1.7609474e+10 | I61: =F61 -> 25000
A62: 46056.412 | D62: Pembayaran Tahap 1 invoice 020 264 Pembelian Alat dan Titik L okasi SPPG | F62: 375000000 | G62: =(G61+E62)-F62 -> 2.7581544e+09 | H62: =(H61+E62)-F62 -> 1.7234474e+10 | I62: =F62 -> 375000000
A63: 46056.412 | D63: Biaya Pemindahbukuan e-Banking | F63: 25000 | G63: =(G62+E63)-F63 -> 2.7581294e+09 | H63: =(H62+E63)-F63 -> 1.7234449e+10 | I63: =F63 -> 25000
A64: 46056.421 | D64: Dana talangan dropping SMA Boarding Trf Ke - SMA AL IRSYAD BOARDING SCHOOL PWT | F64: 164100000 | G64: =(G63+E64)-F64 -> 2.5940294e+09 | H64: =(H63+E64)-F64 -> 1.7070349e+10 | I64: =F64 -> 164100000
A65: 46057.592 | D65: Perjalanan dinas tim LPT ke Semaran g dan Solo Trf Ke - AGUS TARDIAN | F65: 6740000 | G65: =(G64+E65)-F65 -> 2.5872894e+09 | H65: =(H64+E65)-F65 -> 1.7063609e+10 | I65: =F65 -> 6740000
A66: 46058.636 | D66: Mengembalikan dana talangan SD Al I rsyad 01 Trf Dari - SD AL IRSYAD 01 PURWOKERTO | E66: 23206000 | G66: =(G65+E66)-F66 -> 2.6104954e+09 | H66: =(H65+E66)-F66 -> 1.7086815e+10 | I66: =F66 -> 0
A67: 46059.614 | D67: Rehab TK Al Irsyad Kaliori Tahap 2 Trf Ke - BIDANG PAUD DIKDASMEN AL IRSYAD PWT | F67: 14077204 | G67: =(G66+E67)-F67 -> 2.5964181e+09 | H67: =(H66+E67)-F67 -> 1.7072738e+10 | I67: =F67 -> 14077204
A68: 46059.614 | D68: Pembelian Alat dan Titik Lokas i SPPG Karangtalun Purwojati invoice 020282 | F68: 375000000 | G68: =(G67+E68)-F68 -> 2.2214181e+09 | H68: =(H67+E68)-F68 -> 1.6697738e+10 | I68: =F68 -> 375000000
A69: 46059.614 | D69: Biaya Pemindahbukuan e-Banking | F69: 25000 | G69: =(G68+E69)-F69 -> 2.2213931e+09 | H69: =(H68+E69)-F69 -> 1.6697713e+10 | I69: =F69 -> 25000
A70: 46059.614 | D70: Biaya Pemindahbukuan e-Banking | F70: 2500 | G70: =(G69+E70)-F70 -> 2.2213906e+09 | H70: =(H69+E70)-F70 -> 1.6697711e+10 | I70: =F70 -> 2500
A71: 46059.614 | D71: BIFAST - TRF Ke - Bank Seabank AZIM BI AL KHOIR Pembuatan Ruang Lajnah Dakwah dan K | F71: 24000000 | G71: =(G70+E71)-F71 -> 2.1973906e+09 | H71: =(H70+E71)-F71 -> 1.6673711e+10 | I71: =F71 -> 24000000
A72: 46059.614 | D72: Rehab TK Al Irsyad Sikapat Termin 2 Trf Ke - BIDANG PAUD DIKDASMEN AL IRSYAD PWT | F72: 25000000 | G72: =(G71+E72)-F72 -> 2.1723906e+09 | H72: =(H71+E72)-F72 -> 1.6648711e+10 | I72: =F72 -> 25000000
A73: 46059.614 | D73: Biaya Pemindahbukuan e-Banking | F73: 2500 | G73: =(G72+E73)-F73 -> 2.1723881e+09 | H73: =(H72+E73)-F73 -> 1.6648708e+10 | I73: =F73 -> 2500
A74: 46059.614 | D74: BIFAST - TRF Ke - Bank Seabank AZIM BI AL KHOIR Pembuatan Ruang Halaqah dan Ruang T | F74: 18218800 | G74: =(G73+E74)-F74 -> 2.1541693e+09 | H74: =(H73+E74)-F74 -> 1.6630489e+10 | I74: =F74 -> 18218800
A75: 46059.614 | D75: Biaya Pemindahbukuan e-Banking | F75: 2500 | G75: =(G74+E75)-F75 -> 2.1541668e+09 | H75: =(H74+E75)-F75 -> 1.6630487e+10 | I75: =F75 -> 2500
A76: 46059.614 | D76: BIFAST - TRF Ke - Bank BCA ANTON BENNY SUHENDRO Karangan bunga ucapan Selamat Milad | F76: 1000000 | G76: =(G75+E76)-F76 -> 2.1531668e+09 | H76: =(H75+E76)-F76 -> 1.6629487e+10 | I76: =F76 -> 1000000
A77: 46059.614 | D77: BIFAST - TRF Ke - Bank BCA ADRIAN SEPTIANTO UTOMO Karangan bunga ucapan Selamat Pelan | F77: 300000 | G77: =(G76+E77)-F77 -> 2.1528668e+09 | H77: =(H76+E77)-F77 -> 1.6629187e+10 | I77: =F77 -> 300000
A78: 46059.614 | D78: Biaya Pemindahbukuan e-Banking | F78: 2500 | G78: =(G77+E78)-F78 -> 2.1528643e+09 | H78: =(H77+E78)-F78 -> 1.6629184e+10 | I78: =F78 -> 2500
... A80: 46062.583 | D80: DP Pembelian Alat dan Titik Lo kasi SPPG Klapasawit Kalimanah Purbalingga No invoice 020292 | F80: 375000000 | G80: =(G79+E80)-F80 -> 1.7778393e+09 | H80: =(H79+E80)-F80 -> 1.6254159e+10 | I80: =F80 -> 375000000
A81: 46062.583 | D81: Biaya Pemindahbukuan e-Banking | F81: 25000 | G81: =(G87+E81)-F81 -> 1.7776513e+09 | H81: =(H87+E81)-F81 -> 1.6253971e+10 | I81: =F81 -> 25000
A82: 46062.583 | D82: DP Pembelian Alat dan Titik Lo kasi SPPG Desa Kranggan Pekunc en invoice No. 020291 | F82: 375000000 | G82: =(G81+E82)-F82 -> 1.4026513e+09 | H82: =(H81+E82)-F82 -> 1.5878971e+10 | I82: =F82 -> 375000000
A83: 46062.583 | D83: Makan siang SDM bulan Januari 2026 Trf Ke - DROPPING BIRO SDM | F83: 201231000 | G83: =(G82+E83)-F83 -> 1.2014203e+09 | H83: =(H82+E83)-F83 -> 1.567774e+10 | I83: =F83 -> 201231000
A84: 46062.584 | D84: Dana Sosial SDM Bulan Januari 2026 Trf Ke - DROPPING BIRO SDM | F84: 500000 | G84: =(G83+E84)-F84 -> 1.2009203e+09 | H84: =(H83+E84)-F84 -> 1.567724e+10 | I84: =F84 -> 500000
A85: 46062.584 | D85: BIFAST - TRF Ke - Bank BRI Jkt LPP AL IRSYAD AL ISLAMIYYAH Gaji petugas PKSS Januari 2026 | F85: 90402054 | G85: =(G84+E85)-F85 -> 1.1105183e+09 | H85: =(H84+E85)-F85 -> 1.5586838e+10 | I85: =F85 -> 90402054
A86: 46062.584 | D86: Biaya Pemindahbukuan e-Banking | F86: 2500 | G86: =(G85+E86)-F86 -> 1.1105158e+09 | H86: =(H85+E86)-F86 -> 1.5586836e+10 | I86: =F86 -> 2500
A87: 46062.583 | D87: 041793133711656 Trf Ke - REKENING PENERIMAAN NEGARA TERPUSAT | F87: 163033 | G87: =(G80+E87)-F87 -> 1.7776763e+09 | H87: =(H80+E87)-F87 -> 1.6253996e+10 | I87: =F87 -> 163033
A88: 46062.584 | D88: Lembur SDM Bulan Januari 2026 Trf Ke - DROPPING BIRO SDM | F88: 48000 | G88: =(G86+E88)-F88 -> 1.1104678e+09 | H88: =(H86+E88)-F88 -> 1.5586788e+10 | I88: =F88 -> 48000
A89: 46062.584 | D89: Biaya Tes Kesehatan Relawan Dapur M BG Trf Ke - DROPPING BIRO SDM | F89: 23299000 | G89: =(G88+E89)-F89 -> 1.0871688e+09 | H89: =(H88+E89)-F89 -> 1.5563489e+10 | I89: =F89 -> 23299000
A90: 46062.584 | D90: Pengadaan laptop tim LPT Ust Muham mad Iqbal Trf Ke - AGUS TARDIAN | F90: 7300000 | G90: =(G89+E90)-F90 -> 1.0798688e+09 | H90: =(H89+E90)-F90 -> 1.5556189e+10 | I90: =F90 -> 7300000
A91: 46062.584 | D91: Pengadaan Microphone dan Speaker PC Wanita Trf Ke - PC WANITA AL IRSYAD PURWOKERTO | F91: 2938000 | G91: =(G90+E91)-F91 -> 1.0769308e+09 | H91: =(H90+E91)-F91 -> 1.5553251e+10 | I91: =F91 -> 2938000
A92: 46062.584 | D92: Operasional dakwah ke LAPAS bulan F ebruari 2026 Trf Ke - SUFYAN | F92: 1000000 | G92: =(G91+E92)-F92 -> 1.0759308e+09 | H92: =(H91+E92)-F92 -> 1.5552251e+10 | I92: =F92 -> 1000000
A93: 46062.584 | D93: Pembayaran Kekurangan Biaya Pembang unan Dapur MBG Mafaza Trf Ke - AZIM BI AL KHOIR | F93: 126528000 | G93: =(G92+E93)-F93 -> 9.4940276e+08 | H93: =(H92+E93)-F93 -> 1.5425723e+10 | I93: =F93 -> 126528000
A94: 46062.584 | D94: Biaya Pemindahbukuan e-Banking | F94: 2500 | G94: =(G93+E94)-F94 -> 9.4940026e+08 | H94: =(H93+E94)-F94 -> 1.542572e+10 | I94: =F94 -> 2500
A95: 46062.584 | D95: BIFAST - TRF Ke - Bank Seabank AZIM BI AL KHOIR Perbaikan Ringan gedung STIE | F95: 13259000 | G95: =(G94+E95)-F95 -> 9.3614126e+08 | H95: =(H94+E95)-F95 -> 1.5412461e+10 | I95: =F95 -> 13259000
A96: 46062.584 | D96: BIFAST - TRF Ke - Bank BCA INDONESIA PARTNER SOLUTI Gaji OS IPS bulan Januari 2026 | F96: 41610272 | G96: =(G95+E96)-F96 -> 8.9453099e+08 | H96: =(H95+E96)-F96 -> 1.5370851e+10 | I96: =F96 -> 41610272
A97: 46062.584 | D97: Biaya Pemindahbukuan e-Banking | F97: 2500 | G97: =(G96+E97)-F97 -> 8.9452849e+08 | H97: =(H96+E97)-F97 -> 1.5370849e+10 | I97: =F97 -> 2500
A98: 46062.662 | D98: sisa pengajian mlm jumat bln jan Trf Dari - YUNI PRASTIAWAN | E98: 800000 | G98: =(G97+E98)-F98 -> 8.9532849e+08 | H98: =(H97+E98)-F98 -> 1.5371649e+10 | I98: =F98 -> 0
A99: 46063.667 | D99: Kajian Tarhib Ramadhan bagi Jamaah Trf Ke - MUBAROK | F99: 18000000 | G99: =(G98+E99)-F99 -> 8.7732849e+08 | H99: =(H98+E99)-F99 -> 1.5353649e+10 | I99: =F99 -> 18000000
A100: 46063.667 | D100: P2602091420432650010I Gaji GURU OS non BSI Jan 2026 | F100: 6295000 | G100: =(G99+E100)-F100 -> 8.7103349e+08 | H100: =(H99+E100)-F100 -> 1.5347354e+10 | I100: =F100 -> 6295000
A101: 46063.667 | D101: P2602091420432650010I Charges Fee | F101: 10000 | G101: =(G100+E101)-F101 -> 8.7102349e+08 | H101: =(H100+E101)-F101 -> 1.5347344e+10 | I101: =F101 -> 10000
A102: 46063.667 | D102: Fee Transport Delegasi Imam Tarawih untuk Rutan Banyumas Trf Ke - SUFYAN | F102: 1350000 | G102: =(G101+E102)-F102 -> 8.6967349e+08 | H102: =(H101+E102)-F102 -> 1.5345994e+10 | I102: =F102 -> 1350000
A103: 46063.667 | D103: BIFAST - TRF Ke - Bank BCA HUSIN Biaya Pembelian Kurma untuk SDM | F103: 51030000 | G103: =(G102+E103)-F103 -> 8.1864349e+08 | H103: =(H102+E103)-F103 -> 1.5294964e+10 | I103: =F103 -> 51030000
...

Sheet mar
A1: BUKU KAS UMUM
A2: BULAN MARET 2026
A4: Instansi | C4: : PC AL IRSYAD AL ISLAMIYYAH PURWOKERTO | H4: BKU
A5: Kabupaten | C5: : BANYUMAS
A6: Provinsi | C6: : JAWA TENGAH
A8: Tanggal | B8: No. Kode | C8: No. Bukti | D8: Uraian | E8: Penerimaan (Debit) | F8: Pengeluaran (Kredit) | G8: Saldo Kas-Sub | H8: Saldo Kas Total
A9: 46082 | D9: Saldo rekening 1035241902 - YAYASAN AL IRSYAD PURWOKERTO | E9: =feb!G14 -> 2.7614472e+09 | G9: =E9 -> 2.7614472e+09 | H9: =G9 -> 2.7614472e+09
A10: 46090.53 | D10: pindah buku | F10: 1000000000 | G10: =(G9+E10)-F10 -> 1.7614472e+09 | H10: =G10 -> 1.7614472e+09
A11: 46109.398 | D11: pindah buku | F11: 1000000000 | G11: =(G10+E11)-F11 -> 7.6144722e+08 | H11: =G11 -> 7.6144722e+08
A12: 46112 | D12: Pendapatan SPP | E12: 1263789000 | G12: =(G11+E12)-F12 -> 2.0252362e+09 | H12: =G12 -> 2.0252362e+09
A13: 46112 | D13: Biaya Administrasi | F13: 15000 | G13: =(G12+E13)-F13 -> 2.0252212e+09 | H13: =G13 -> 2.0252212e+09
D14: JUMLAH | E14: =SUM(E9:E13) -> 4.0252362e+09 | F14: =SUM(F10:F13) -> 2000015000 | G14: =E14-F14 -> 2.0252212e+09 | H14: =G14 -> 2.0252212e+09 | I14: 2.0252212e+09 | J14: =I14-G14 -> 0 | N14: 2025221217
A16: 46082 | D16: Saldo rekening 7099206505 - AL IRSYAD AL ISLAMIYYAH PURWOKERTO | E16: =feb!G25 -> 4.81505e+09 | G16: =E16 -> 4.81505e+09 | H16: =H14+G16 -> 6.8402712e+09
A17: 46083.144 | D17: By. Adm. BSINet | F17: 10000 | G17: =(G16+E17)-F17 -> 4.81504e+09 | H17: =(H16+E17)-F17 -> 6.8402612e+09
A18: 46084.049 | D18: Biaya Administrasi | F18: 15000 | G18: =(G17+E18)-F18 -> 4.815025e+09 | H18: =(H17+E18)-F18 -> 6.8402462e+09
A19: 46086.879 | D19: pindah buku | F19: 500000000 | G19: =(G18+E19)-F19 -> 4.315025e+09 | H19: =(H18+E19)-F19 -> 6.3402462e+09
A20: 46090.53 | D20: pindah buku | F20: 1000000000 | G20: =(G19+E20)-F20 -> 3.315025e+09 | H20: =(H19+E20)-F20 -> 5.3402462e+09
A21: 46097.482 | D21: pindah buku | F21: 1000000000 | G21: =(G20+E21)-F21 -> 2.315025e+09 | H21: =(H20+E21)-F21 -> 4.3402462e+09
A22: 46109.398 | D22: pindah buku | F22: 1500000000 | G22: =(G21+E22)-F22 -> 8.15025e+08 | H22: =(H21+E22)-F22 -> 2.8402462e+09 | I22: =SUM(F20:F22) -> 3500000000
A23: 46112 | D23: Pajak | F23: 392635.73 | G23: =(G22+E23)-F23 -> 8.1463237e+08 | H23: =(H22+E23)-F23 -> 2.8398536e+09
A24: 46112 | D24: Bagi Hasil atau Bonus | E24: 1963178.6 | G24: =(G23+E24)-F24 -> 8.1659555e+08 | H24: =(H23+E24)-F24 -> 2.8418168e+09
A25: 46112 | D25: Pendapatan SPP | E25: 2370257000 | G25: =(G24+E25)-F25 -> 3.1868525e+09 | H25: =(H24+E25)-F25 -> 5.2120738e+09
D26: JUMLAH | E26: =SUM(E16:E25) -> 7.1872702e+09 | F26: =SUM(F16:F25) -> 4.0004176e+09 | G26: =E26-F26 -> 3.1868525e+09 | H26: =H25 -> 5.2120738e+09 | I26: 3.1868525e+09 | J26: =I26-G26 -> 3.8146973e-06 | N26: 3186852545
A28: 46082 | D28: Saldo rekening 7152696536 - AL IRSYAD AL ISLAMIYYAH PURWOKERTO | E28: =feb!G31 -> 4.1258777e+09 | G28: =E28 -> 4.1258777e+09 | H28: =H26+G28 -> 9.3379515e+09
A29: 46112 | D29: Biaya Administrasi | F29: 15000 | G29: =(G28+E29)-F29 -> 4.1258627e+09 | H29: =(H28+E29)-F29 -> 9.3379365e+09
A30: 46112 | D30: Pendapatan SPP | E30: 350255000 | G30: =(G29+E30)-F30 -> 4.4761177e+09 | H30: =(H29+E30)-F30 -> 9.6881915e+09
D31: JUMLAH | E31: =SUM(E28:E30) -> 4.4761327e+09 | F31: =SUM(F28:F30) -> 15000 | G31: =E31-F31 -> 4.4761177e+09 | H31: =H30 -> 9.6881915e+09 | I31: 4.4761177e+09 | J31: =I31-G31 -> 0 | N31: 4476117700
N32: 4476117700
A33: 46082 | D33: Saldo rekening 7107802511 - AL IRSYAD AL ISLAMIYYAH PURWOKERTO | E33: =feb!G36 -> 66370833 | G33: =E33 -> 66370833 | H33: =H31+G33 -> 9.7545623e+09
A34: 46112 | D34: Pemasukan infak masjid Al Irsyad | E34: 770000 | G34: =(G33+E34)-F34 -> 67140833 | H34: =(H33+E34)-F34 -> 9.7553323e+09
A35: 46112 | D35: Biaya administrasi bulanan | F35: 15000 | G35: =(G34+E35)-F35 -> 67125833 | H35: =(H34+E35)-F35 -> 9.7553173e+09
D36: JUMLAH | E36: =SUM(E33:E35) -> 67140833 | F36: =SUM(F33:F35) -> 15000 | G36: =E36-F36 -> 67125833 | H36: =H35 -> 9.7553173e+09 | I36: 67125833 | J36: =I36-G36 -> 0
N37: 67125833
A38: 46082 | D38: Saldo rekening 7188000163 - AL IRSYAD AL ISLAMIYYAH PURWOKERTO | E38: =feb!G40 -> 9319301 | G38: =E38 -> 9319301 | H38: =H36+G38 -> 9.7646366e+09
A39: 46112 | D39: Biaya administrasi bulanan | F39: 15000 | G39: =G38-F39 -> 9304301 | H39: =H38-F39 -> 9.7646216e+09
D40: JUMLAH | E40: =SUM(E37:E39) -> 9319301 | F40: =SUM(F37:F39) -> 15000 | G40: =E40-F40 -> 9304301 | H40: =H39 -> 9.7646216e+09 | N40: 9304301
A42: 46082 | D42: Saldo rekening 1770001777 - AL IRSYAD AL ISLAMIYYAH PURWOKERTO | E42: =feb!G46 -> 2.698255e+09 | G42: =E42 -> 2.698255e+09 | H42: =H40+G42 -> 1.2462877e+10
A43: 46089.587 | D43: pindah buku | F43: 1000000000 | G43: =(G42+E43)-F43 -> 1.698255e+09 | H43: =(H42+E43)-F43 -> 1.1462877e+10
A44: 46112 | D44: Pendapatan SPP | E44: 525783250 | G44: =(G43+E44)-F44 -> 2.2240382e+09 | H44: =(H43+E44)-F44 -> 1.198866e+10
A45: 46112 | D45: Biaya administrasi bulanan | F45: 15000 | G45: =(G44+E45)-F45 -> 2.2240232e+09 | H45: =(H44+E45)-F45 -> 1.1988645e+10
D46: JUMLAH | E46: =SUM(E42:E45) -> 3.2240382e+09 | F46: =SUM(F43:F45) -> 1000015000 | G46: =E46-F46 -> 2.2240232e+09 | H46: =H45 -> 1.1988645e+10 | I46: 2.2240232e+09 | J46: =I46-G46 -> 0 | N46: 2224023215
A48: 46082 | D48: Saldo rekening 7777889871 - AL IRSYAD AL ISLAMIYYAH PURWOKERTO | E48: =feb!G156 -> 6.9744353e+08 | G48: =E48 -> 6.9744353e+08 | H48: =H46+G48 -> 1.2686088e+10
A49: 46083.516 | D49: Pengembalian sisa pengadaan speaker set PCW Trf Dari - PC WANITA AL IRSYAD PURWOKERTO | E49: 254595 | G49: =(G48+E49)-F49 -> 6.9769812e+08 | H49: =(H48+E49)-F49 -> 1.2686343e+10 | I49: 1
A50: 46084.08 | D50: Biaya Administrasi | F50: 10000 | G50: =(G49+E50)-F50 -> 6.9768812e+08 | H50: =(H49+E50)-F50 -> 1.2686333e+10 | I50: 2
A51: 46084.585 | D51: pengemb saldo dapur aabs Trf Dari - AZIM BI AL KHOIR | E51: 664910 | G51: =(G50+E51)-F51 -> 6.9835303e+08 | H51: =(H50+E51)-F51 -> 1.2686998e+10 | I51: 3
A52: 46085.471 | D52: Renovasi Gedung STIE Satria Termin 1 Trf Ke - SARPRAS AL IRSYAD | F52: 100000000 | G52: =(G51+E52)-F52 -> 5.9835303e+08 | H52: =(H51+E52)-F52 -> 1.2586998e+10 | I52: 4 | J52: =F52 -> 100000000
A53: 46085.471 | D53: Biaya Pemindahbukuan e-Banking | F53: 2500 | G53: =(G52+E53)-F53 -> 5.9835053e+08 | H53: =(H52+E53)-F53 -> 1.2586995e+10 | I53: 5 | J53: =F53 -> 2500
A54: 46085.471 | D54: BIFAST - TRF Ke - Bank BCA SUTRISNO Pembayaran Sondir Uji Tanah lokasi | F54: 11150000 | G54: =(G53+E54)-F54 -> 5.8720053e+08 | H54: =(H53+E54)-F54 -> 1.2575845e+10 | I54: 6 | J54: =F54 -> 11150000
A55: 46085.471 | D55: Biaya Pemindahbukuan e-Banking | F55: 2500 | G55: =(G54+E55)-F55 -> 5.8719803e+08 | H55: =(H54+E55)-F55 -> 1.2575843e+10 | I55: 7 | J55: =F55 -> 2500
A56: 46085.471 | D56: BIFAST - TRF Ke - Bank BCA WAHYU TRI ELASEKAR Pembayaran Palet Dapur MBG | F56: 3800000 | G56: =(G55+E56)-F56 -> 5.8339803e+08 | H56: =(H55+E56)-F56 -> 1.2572043e+10 | I56: 8 | J56: =F56 -> 3800000
A57: 46085.525 | D57: sisa dana launching msjd Trf Dari - SUFYAN | E57: 630000 | G57: =(G56+E57)-F57 -> 5.8402803e+08 | H57: =(H56+E57)-F57 -> 1.2572673e+10 | I57: 9 | J57: =F57 -> 0
A58: 46085.914 | D58: BIFAST - TRF Dari - Bank BCA MAJID ALI BASALAMAH | E58: 20000000 | G58: =(G57+E58)-F58 -> 6.0402803e+08 | H58: =(H57+E58)-F58 -> 1.2592673e+10 | I58: 10 | J58: =F58 -> 0
A59: 46086.468 | D59: Buka bersama Al Irsyad dengan SDM S TIE Trf Ke - AGUS TARDIAN | F59: 3375000 | G59: =(G58+E59)-F59 -> 6.0065303e+08 | H59: =(H58+E59)-F59 -> 1.2589298e+10 | I59: 11 | J59: =F59 -> 3375000
A60: 46086.468 | D60: Pembelian laptop, printer dan lemar i arsip STIE Trf Ke - AGUS TARDIAN | F60: 14500000 | G60: =(G59+E60)-F60 -> 5.8615303e+08 | H60: =(H59+E60)-F60 -> 1.2574798e+10 | I60: 12 | J60: =F60 -> 14500000
A61: 46086.468 | D61: bon dropping kegiatan Ramadhan SD 2 Trf Ke - SD AL IRSYAD 02 PURWOKERTO | F61: 33630000 | G61: =(G60+E61)-F61 -> 5.5252303e+08 | H61: =(H60+E61)-F61 -> 1.2541168e+10 | I61: 13 | J61: =F61 -> 33630000
A62: 46086.468 | D62: Biaya Pemindahbukuan e-Banking | F62: 2500 | G62: =(G61+E62)-F62 -> 5.5252053e+08 | H62: =(H61+E62)-F62 -> 1.2541165e+10 | I62: 14 | J62: =F62 -> 2500
A63: 46086.468 | D63: BIFAST - TRF Ke - Bank BRI Jkt IMAM SUKAMTO Sewa Tanah Dapur MBG Klapasawit Kal | F63: 45000000 | G63: =(G62+E63)-F63 -> 5.0752053e+08 | H63: =(H62+E63)-F63 -> 1.2496165e+10 | I63: 15 | J63: =F63 -> 45000000
A64: 46086.468 | D64: BIFAST - TRF Ke - Bank Mandiri KUSWIDIYANTO ARIF WI Akta Perjanjian Notaris sewa tanah | F64: 2000000 | G64: =(G63+E64)-F64 -> 5.0552053e+08 | H64: =(H63+E64)-F64 -> 1.2494165e+10 | I64: 20 | J64: =F64 -> 2000000
A65: 46086.468 | D65: Biaya Pemindahbukuan e-Banking | F65: 2500 | G65: =(G64+E65)-F65 -> 5.0551803e+08 | H65: =(H64+E65)-F65 -> 1.2494163e+10 | I65: 16 | J65: =F65 -> 2500
A66: 46086.468 | D66: BIFAST - TRF Ke - Bank BRI Jkt NISPAN HADI MARTONO Pembuatan Plakat Souvenir PC | F66: 3000000 | G66: =(G65+E66)-F66 -> 5.0251803e+08 | H66: =(H65+E66)-F66 -> 1.2491163e+10 | I66: 17 | J66: =F66 -> 3000000
A67: 46086.468 | D67: Biaya Pemindahbukuan e-Banking | F67: 2500 | G67: =(G66+E67)-F67 -> 5.0251553e+08 | H67: =(H66+E67)-F67 -> 1.249116e+10 | I67: 19 | J67: =F67 -> 2500
A68: 46086.468 | D68: Perjalanan dinas ke kantor BGN Jaka rta Trf Ke - TRISWANDI | F68: 3825000 | G68: =(G67+E68)-F68 -> 4.9869053e+08 | H68: =(H67+E68)-F68 -> 1.2487335e+10 | I68: 18 | J68: =F68 -> 3825000
A69: 46086.674 | D69: fee penceramah jelang buka masjid A l Irsyad Trf Ke - SUFYAN | F69: 6300000 | G69: =(G68+E69)-F69 -> 4.9239053e+08 | H69: =(H68+E69)-F69 -> 1.2481035e+10 | I69: 21 | J69: =F69 -> 6300000
A70: 46086.674 | D70: fee kultum tarawih masjid Al Irsyad Trf Ke - SUFYAN | F70: 2550000 | G70: =(G69+E70)-F70 -> 4.8984053e+08 | H70: =(H69+E70)-F70 -> 1.2478485e+10 | I70: 22 | J70: =F70 -> 2550000
A71: 46086.879 | D71: pindah buku Trf Dari - AL IRSYAD AL ISLAMIYYAH PURWOKERTO | E71: 500000000 | G71: =(G70+E71)-F71 -> 9.8984053e+08 | H71: =(H70+E71)-F71 -> 1.2978485e+10 | I71: 23 | J71: =F71 -> 0
A72: 46086.882 | D72: Bon dropping Kepesantrenan bulan Ma ret 2026 Trf Ke - KEPESANTRENAN ALIRSYAD BOARDING PWT | F72: 789065000 | G72: =(G71+E72)-F72 -> 2.0077553e+08 | H72: =(H71+E72)-F72 -> 1.218942e+10 | I72: 24 | J72: =F72 -> 789065000
A73: 46086.882 | D73: Gaji pegawai kontrak bln Februari 2 026 Trf Ke - FAHMI YUSUF | F73: 10000000 | G73: =(G72+E73)-F73 -> 1.9077553e+08 | H73: =(H72+E73)-F73 -> 1.217942e+10 | I73: 25 | J73: =F73 -> 10000000
A74: 46086.882 | D74: Biaya Pemindahbukuan e-Banking | F74: 2500 | G74: =(G73+E74)-F74 -> 1.9077303e+08 | H74: =(H73+E74)-F74 -> 1.2179418e+10 | I74: 26 | J74: =F74 -> 2500
A75: 46086.882 | D75: BIFAST - TRF Ke - BANK BNI MARDI KARYA SEJAHTERA YAYASAN Biaya Operasional Pengawasan Pemban | F75: 50000000 | G75: =(G74+E75)-F75 -> 1.4077303e+08 | H75: =(H74+E75)-F75 -> 1.2129418e+10 | I75: 27 | J75: =F75 -> 50000000
A76: 46088.367 | D76: pengmbalian keg dakwah di lapas Trf Dari - YUNI PRASTIAWAN | E76: 150000 | G76: =(G75+E76)-F76 -> 1.4092303e+08 | H76: =(H75+E76)-F76 -> 1.2129568e+10 | I76: 28 | J76: =F76 -> 0
A77: 46088.542 | D77: pengembalian fee iftar imam Trf Dari - SUFYAN | E77: 175000 | G77: =(G76+E77)-F77 -> 1.4109803e+08 | H77: =(H76+E77)-F77 -> 1.2129743e+10 | I77: 29 | J77: =F77 -> 0
A78: 46088.572 | D78: Pengmbalian perjalanan dinas BGN Trf Dari - YUNI PRASTIAWAN | E78: 481800 | G78: =(G77+E78)-F78 -> 1.4157983e+08 | H78: =(H77+E78)-F78 -> 1.2130225e+10 | I78: 30 | J78: =F78 -> 0
A79: 46090.317 | D79: sisa fee pemateri kajian iftr Trf Dari - SUFYAN | E79: 1050000 | G79: =(G78+E79)-F79 -> 1.4262983e+08 | H79: =(H78+E79)-F79 -> 1.2131275e+10 | I79: 31 | J79: =F79 -> 0
A80: 46090.317 | D80: sisa fee pemateri kultum Trf Dari - SUFYAN | E80: 150000 | G80: =(G79+E80)-F80 -> 1.4277983e+08 | H80: =(H79+E80)-F80 -> 1.2131425e+10 | I80: 32 | J80: =F80 -> 0
A81: 46090.53 | D81: pindah buku Trf Dari - AL IRSYAD AL ISLAMIYYAH PURWOKERTO | E81: 1000000000 | G81: =(G80+E81)-F81 -> 1.1427798e+09 | H81: =(H80+E81)-F81 -> 1.3131425e+10 | I81: 33 | J81: =F81 -> 0
A82: 46090.53 | D82: pindah buku Trf Dari - YAYASAN AL IRSYAD PURWOKERTO | E82: 1000000000 | G82: =(G81+E82)-F82 -> 2.1427798e+09 | H82: =(H81+E82)-F82 -> 1.4131425e+10 | I82: 34 | J82: =F82 -> 0
A83: 46090.531 | D83: Dana sosial SDM Februari 2026 Trf Ke - DROPPING BIRO SDM | F83: 2500000 | G83: =(G82+E83)-F83 -> 2.1402798e+09 | H83: =(H82+E83)-F83 -> 1.4128925e+10 | I83: 35 | J83: =F83 -> 2500000
A84: 46090.531 | D84: lembur SDM bulan Februari 2026 Trf Ke - DROPPING BIRO SDM | F84: 19000 | G84: =(G83+E84)-F84 -> 2.1402608e+09 | H84: =(H83+E84)-F84 -> 1.4128906e+10 | I84: 36 | J84: =F84 -> 19000
A85: 46090.531 | D85: Makan siang SDM bulan Februari 2026 Trf Ke - DROPPING BIRO SDM | F85: 100855500 | G85: =(G84+E85)-F85 -> 2.0394053e+09 | H85: =(H84+E85)-F85 -> 1.402805e+10 | I85: 37 | J85: =F85 -> 100855500
A86: 46090.531 | D86: Pengembalian biaya pendaftaran NIB 99267097 Trf Ke - CASRINI | F86: 350000 | G86: =(G85+E86)-F86 -> 2.0390553e+09 | H86: =(H85+E86)-F86 -> 1.40277e+10 | I86: 38 | J86: =F86 -> 350000
A87: 46090.531 | D87: 041846419803314 Trf Ke - REKENING PENERIMAAN NEGARA TERPUSAT | F87: 176695 | G87: =(G86+E87)-F87 -> 2.0388786e+09 | H87: =(H86+E87)-F87 -> 1.4027523e+10 | I87: 39 | J87: =F87 -> 176695
A88: 46090.531 | D88: Biaya Pemindahbukuan e-Banking | F88: 2500 | G88: =(G87+E88)-F88 -> 2.0388761e+09 | H88: =(H87+E88)-F88 -> 1.4027521e+10 | I88: 40 | J88: =F88 -> 2500
A89: 46090.531 | D89: BIFAST - TRF Ke - Bank BCA INDONESIA PARTNER SOLUTI Gaji OS IPS Feb 2026 invoice 01189 | F89: 42917484 | G89: =(G88+E89)-F89 -> 1.9959587e+09 | H89: =(H88+E89)-F89 -> 1.3984603e+10 | I89: 41 | J89: =F89 -> 42917484
A90: 46090.531 | D90: Biaya Pemindahbukuan e-Banking | F90: 2500 | G90: =(G89+E90)-F90 -> 1.9959562e+09 | H90: =(H89+E90)-F90 -> 1.3984601e+10 | I90: 46 | J90: =F90 -> 2500
A91: 46090.531 | D91: BIFAST - TRF Ke - Bank BCA INDONESIA PARTNER SOLUTI Gaji OS IPS Feb 2026 invoice 66 sd | F91: 2205780 | G91: =(G90+E91)-F91 -> 1.9937504e+09 | H91: =(H90+E91)-F91 -> 1.3982395e+10 | I91: 47 | J91: =F91 -> 2205780
A92: 46090.531 | D92: Biaya Operasional Kegiatan Itikaf 1 447 H Trf Ke - DROPPING BIRO SDM | F92: 75650000 | G92: =(G91+E92)-F92 -> 1.9181004e+09 | H92: =(H91+E92)-F92 -> 1.3906745e+10 | I92: 42 | J92: =F92 -> 75650000
A93: 46090.531 | D93: Renovasi Gedung STIE Satria termin 2 Trf Ke - SARPRAS AL IRSYAD | F93: 100000000 | G93: =(G92+E93)-F93 -> 1.8181004e+09 | H93: =(H92+E93)-F93 -> 1.3806745e+10 | I93: 43 | J93: =F93 -> 100000000
A94: 46090.531 | D94: Biaya Pemindahbukuan e-Banking | F94: 2500 | G94: =(G93+E94)-F94 -> 1.8180979e+09 | H94: =(H93+E94)-F94 -> 1.3806743e+10 | I94: 44 | J94: =F94 -> 2500
... A108: 46094.865 | D108: BIFAST - TRF Ke - Bank BRI Jkt HARYANTI Sewa lahan calon Dapur SPPG Karangt | F108: 55000000 | G108: =(G107+E108)-F108 -> 5.27995e+08 | H108: =(H107+E108)-F108 -> 1.251664e+10 | I108: 60 | J108: =F108 -> 55000000
A109: 46095.619 | D109: pengembalian kegiatan LPT Trf Dari - AGUS TARDIAN | E109: 236000 | G109: =(G108+E109)-F109 -> 5.28231e+08 | H109: =(H108+E109)-F109 -> 1.2516876e+10 | I109: 61 | J109: =F109 -> 0
A110: 46096.42 | D110: lembur persiapan berkas alih kelola STIE Trf Ke - FAIZAL WIHUDA | F110: 4972500 | G110: =(G109+E110)-F110 -> 5.232585e+08 | H110: =(H109+E110)-F110 -> 1.2511903e+10 | I110: 62 | J110: =F110 -> 4972500
A111: 46097.482 | D111: pindah buku Trf Dari - AL IRSYAD AL ISLAMIYYAH PURWOKERTO | E111: 1000000000 | G111: =(G110+E111)-F111 -> 1.5232585e+09 | H111: =(H110+E111)-F111 -> 1.3511903e+10 | I111: 63 | J111: =F111 -> 0
A112: 46097.482 | D112: pindah buku Trf Dari - AL IRSYAD AL ISLAMIYYAH PURWOKERTO | E112: 1000000000 | G112: =(G111+E112)-F112 -> 2.5232585e+09 | H112: =(H111+E112)-F112 -> 1.4511903e+10 | I112: 64 | J112: =F112 -> 0
A113: 46097.52 | D113: pembayaran Tahap 1 Pembelian Tanah Jalan Bung Karno Trf Ke - NIMAS MAHATARANTI | F113: 1000000000 | G113: =(G112+E113)-F113 -> 1.5232585e+09 | H113: =(H112+E113)-F113 -> 1.3511903e+10 | I113: 65 | J113: =F113 -> 1000000000
A114: 46097.615 | D114: Biaya Pemindahbukuan e-Banking | F114: 2500 | G114: =(G113+E114)-F114 -> 1.523256e+09 | H114: =(H113+E114)-F114 -> 1.3511901e+10 | I114: 66 | J114: =F114 -> 2500
A115: 46097.615 | D115: BIFAST - TRF Ke - Bank Mandiri TRI ATIK NOFIANTI Pembangunan dapur Pekuncen termin 1 | F115: 150000000 | G115: =(G114+E115)-F115 -> 1.373256e+09 | H115: =(H114+E115)-F115 -> 1.3361901e+10 | I115: 67 | J115: =F115 -> 150000000
A116: 46097.615 | D116: Biaya Pemindahbukuan e-Banking | F116: 2500 | G116: =(G115+E116)-F116 -> 1.3732535e+09 | H116: =(H115+E116)-F116 -> 1.3361898e+10 | I116: 68 | J116: =F116 -> 2500
A117: 46097.615 | D117: BIFAST - TRF Ke - Bank Mandiri ENENG IMA Pembangunan dapur Kalibagor termin | F117: 150000000 | G117: =(G116+E117)-F117 -> 1.2232535e+09 | H117: =(H116+E117)-F117 -> 1.3211898e+10 | I117: 69 | J117: =F117 -> 150000000
A118: 46097.615 | D118: Biaya Pemindahbukuan e-Banking | F118: 2500 | G118: =(G117+E118)-F118 -> 1.223251e+09 | H118: =(H117+E118)-F118 -> 1.3211896e+10 | I118: 70 | J118: =F118 -> 2500
A119: 46097.615 | D119: BIFAST - TRF Ke - Bank Mandiri ENENG IMA Pembangunan dapur Klapasawit Kalima | F119: 150000000 | G119: =(G118+E119)-F119 -> 1.073251e+09 | H119: =(H118+E119)-F119 -> 1.3061896e+10 | I119: 71 | J119: =F119 -> 150000000
...

Sheet april
A1: BUKU KAS UMUM
A2: BULAN APRIL 2026
A4: Instansi | C4: : PC AL IRSYAD AL ISLAMIYYAH PURWOKERTO | H4: BKU
A5: Kabupaten | C5: : BANYUMAS
A6: Provinsi | C6: : JAWA TENGAH
A8: Tanggal | B8: No. Kode | C8: No. Bukti | D8: Uraian | E8: Penerimaan (Debit) | F8: Pengeluaran (Kredit) | G8: Saldo Kas-Sub | H8: Saldo Kas Total
A9: 46113 | D9: Saldo rekening 1035241902 - YAYASAN AL IRSYAD PURWOKERTO | E9: =mar!G14 -> 2.0252212e+09 | G9: =E9 -> 2.0252212e+09 | H9: =G9 -> 2.0252212e+09
A10: 46129 | D10: Pindah buku | F10: 1000000000 | G10: =(G9+E10)-F10 -> 1.0252212e+09 | H10: =G10 -> 1.0252212e+09
A11: 46142 | D11: Pendapatan SPP | E11: 1737747750 | G11: =(G10+E11)-F11 -> 2.762969e+09 | H11: =G11 -> 2.762969e+09
A12: 46142 | D12: Biaya Administrasi | F12: 15000 | G12: =(G11+E12)-F12 -> 2.762954e+09 | H12: =G12 -> 2.762954e+09
D13: JUMLAH | E13: =SUM(E9:E12) -> 3.762969e+09 | F13: =SUM(F10:F12) -> 1000015000 | G13: =E13-F13 -> 2.762954e+09 | H13: =G13 -> 2.762954e+09 | I13: 2.762954e+09 | J13: =G13-I13 -> 0
A15: 46113 | D15: Saldo rekening 7099206505 - AL IRSYAD AL ISLAMIYYAH PURWOKERTO | E15: =mar!G26 -> 3.1868525e+09 | G15: =E15 -> 3.1868525e+09 | H15: =H13+G15 -> 5.9498065e+09
A16: 46114.116 | D16: By. Adm. BSINet MAR 26 | F16: 10000 | G16: =(G15+E16)-F16 -> 3.1868425e+09 | H16: =(H15+E16)-F16 -> 5.9497965e+09
A17: 46114.381 | D17: pengemb sldo pryk liburan jul 25 Trf Dari - AZIM BI AL KHOIR | E17: 1630952 | G17: =(G16+E17)-F17 -> 3.1884735e+09 | H17: =(H16+E17)-F17 -> 5.9514275e+09
A18: 46115.073 | D18: Biaya Administrasi | F18: 15000 | G18: =(G17+E18)-F18 -> 3.1884585e+09 | H18: =(H17+E18)-F18 -> 5.9514125e+09
A19: 46115.594 | D19: pindah buku Trf Ke - AL IRSYAD AL ISLAMIYYAH PURWOKERTO | F19: 1000000000 | G19: =(G18+E19)-F19 -> 2.1884585e+09 | H19: =(H18+E19)-F19 -> 4.9514125e+09
A20: 46129.329 | D20: pindah buku Trf Ke - AL IRSYAD AL ISLAMIYYAH PURWOKERTO | F20: 1000000000 | G20: =(G19+E20)-F20 -> 1.1884585e+09 | H20: =(H19+E20)-F20 -> 3.9514125e+09
A21: 46142.398 | D21: PENARIKAN SIMP IJABAH TAMZIS Trf Dari - KSPPS TAMZIS BINA UTAMA | E21: 5000000000 | G21: =(G20+E21)-F21 -> 6.1884585e+09 | H21: =(H20+E21)-F21 -> 8.9514125e+09
A22: 46142.484 | D22: Bagi Hasil atau Bonus | E22: 1514638.8 | G22: =(G21+E22)-F22 -> 6.1899731e+09 | H22: =(H21+E22)-F22 -> 8.9529271e+09
A23: 46142.484 | D23: Pajak | F23: 302927.76 | G23: =(G22+E23)-F23 -> 6.1896702e+09 | H23: =(H22+E23)-F23 -> 8.9526242e+09
A24: 46142.484 | D24: Pendapatan SPP | E24: 2607614000 | G24: =(G23+E24)-F24 -> 8.7972842e+09 | H24: =(H23+E24)-F24 -> 1.1560238e+10
A25: 46142.578 | D25: pindah buku Trf Ke - AL IRSYAD AL ISLAMIYYAH PURWOKERTO | F25: 500000000 | G25: =(G24+E25)-F25 -> 8.2972842e+09 | H25: =(H24+E25)-F25 -> 1.1060238e+10
D26: JUMLAH | E26: =SUM(E15:E25) -> 1.0797612e+10 | F26: =SUM(F15:F25) -> 2.5003279e+09 | G26: =E26-F26 -> 8.2972842e+09 | H26: =H25 -> 1.1060238e+10 | I26: 8.2972842e+09 | J26: =G26-I26 -> 0
A28: 46113 | D28: Saldo rekening 7152696536 - AL IRSYAD AL ISLAMIYYAH PURWOKERTO | E28: =mar!G31 -> 4.4761177e+09 | G28: =E28 -> 4.4761177e+09 | H28: =H26+G28 -> 1.5536356e+10
A29: 46115.587 | D29: Pindah buku | F29: 1000000000 | G29: =(G28+E29)-F29 -> 3.4761177e+09 | H29: =(H28+E29)-F29 -> 1.4536356e+10
A30: 46142 | D30: Pindah buku | F30: 2000000000 | G30: =(G29+E30)-F30 -> 1.4761177e+09 | H30: =(H29+E30)-F30 -> 1.2536356e+10
A31: 46142 | D31: Biaya Administrasi | F31: 15000 | G31: =(G30+E31)-F31 -> 1.4761027e+09 | H31: =(H30+E31)-F31 -> 1.2536341e+10 | I31: =SUM(F29:F30) -> 3000000000
A32: 46142 | D32: Pendapatan SPP | E32: 388155000 | G32: =(G31+E32)-F32 -> 1.8642577e+09 | H32: =(H31+E32)-F32 -> 1.2924496e+10
D33: JUMLAH | E33: =SUM(E28:E32) -> 4.8642727e+09 | F33: =SUM(F28:F32) -> 3000015000 | G33: =E33-F33 -> 1.8642577e+09 | H33: =H32 -> 1.2924496e+10 | I33: 1.8642577e+09 | J33: =G33-I33 -> 0 | N33: 1864257700
A35: 46113 | D35: Saldo rekening 7107802511 - AL IRSYAD AL ISLAMIYYAH PURWOKERTO | E35: =mar!G36 -> 67125833 | G35: =E35 -> 67125833 | H35: =H33+G35 -> 1.2991622e+10
A36: 46115 | D36: Perawatan masjid Al Irsyad | F36: 2949500 | G36: =(G35+E36)-F36 -> 64176333 | H36: =(H35+E36)-F36 -> 1.2988672e+10
A37: 46126 | D37: Pembayaran rekening listrik masjid Al Irsyad | F37: 4170504 | G37: =(G36+E37)-F37 -> 60005829 | H37: =(H36+E37)-F37 -> 1.2984502e+10
A38: 46142 | D38: Pemasukan infak masjid Al Irsyad | E38: 185000 | G38: =(G37+E38)-F38 -> 60190829 | H38: =(H37+E38)-F38 -> 1.2984687e+10
A39: 46142 | D39: Biaya administrasi bulanan | F39: 15000 | G39: =(G38+E39)-F39 -> 60175829 | H39: =(H38+E39)-F39 -> 1.2984672e+10
D40: JUMLAH | E40: =SUM(E35:E39) -> 67310833 | F40: =SUM(F35:F39) -> 7135004 | G40: =E40-F40 -> 60175829 | H40: =H39 -> 1.2984672e+10 | I40: 60175829 | J40: =G40-I40 -> 0 | N40: 60175829
A42: 46113 | D42: Saldo rekening 7188000163 - AL IRSYAD AL ISLAMIYYAH PURWOKERTO | E42: =mar!G40 -> 9304301 | G42: =E42 -> 9304301 | H42: =H40+G42 -> 1.2993976e+10
A43: 46142 | D43: Biaya administrasi bulanan | F43: 15000 | G43: =G42-F43 -> 9289301 | H43: =H42-F43 -> 1.2993961e+10
D44: JUMLAH | E44: =SUM(E41:E43) -> 9304301 | F44: =SUM(F41:F43) -> 15000 | G44: =E44-F44 -> 9289301 | H44: =H43 -> 1.2993961e+10 | I44: 9289301 | J44: =G44-I44 -> 0
A46: 46113 | D46: Saldo rekening 1770001777 - AL IRSYAD AL ISLAMIYYAH PURWOKERTO | E46: =mar!G46 -> 2.2240232e+09 | G46: =E46 -> 2.2240232e+09 | H46: =H44+G46 -> 1.5217984e+10
A47: 46141.522 | D47: pindah buku | F47: 2000000000 | G47: =(G46+E47)-F47 -> 2.2402321e+08 | H47: =(H46+E47)-F47 -> 1.3217984e+10
A48: 46142 | D48: Pendapatan SPP | E48: 604225500 | G48: =(G47+E48)-F48 -> 8.2824871e+08 | H48: =(H47+E48)-F48 -> 1.382221e+10
A49: 46142 | D49: Pendapatan hibah dari Lajnah ekonomi | E49: 5000000000 | G49: =(G48+E49)-F49 -> 5.8282487e+09 | H49: =(H48+E49)-F49 -> 1.882221e+10
A50: 46142 | D50: Biaya administrasi bulanan | F50: 15000 | G50: =(G49+E50)-F50 -> 5.8282337e+09 | H50: =(H49+E50)-F50 -> 1.8822195e+10
D51: JUMLAH | E51: =SUM(E46:E50) -> 7.8282487e+09 | F51: =SUM(F47:F50) -> 2000015000 | G51: =E51-F51 -> 5.8282337e+09 | H51: =H50 -> 1.8822195e+10 | I51: 5.8282337e+09 | J51: =G51-I51 -> 0 | N51: 5828233715
A53: 46113 | D53: Saldo rekening 7777889871 - AL IRSYAD AL ISLAMIYYAH PURWOKERTO | E53: =mar!G138 -> 2.209463e+08 | G53: =E53 -> 2.209463e+08 | H53: =H51+G53 -> 1.9043141e+10
A54: 46113.465 | D54: sisa keg itikaf sdm Trf Dari - ARIF R H QQ DZAKWAN AL IMAN | E54: 1205300 | G54: =(G53+E54)-F54 -> 2.221516e+08 | H54: =(H53+E54)-F54 -> 1.9044346e+10
A55: 46113.503 | D55: Pengembalian Saldo Bina Diniyyah Trf Dari - ANISAH ZAHRAH | E55: 1007398 | G55: =(G54+E55)-F55 -> 2.23159e+08 | H55: =(H54+E55)-F55 -> 1.9045354e+10
A56: 46114.376 | D56: sisa ops dapur SPPG MBG AABS Trf Dari - YUNI PRASTIAWAN | E56: 3344500 | G56: =(G55+E56)-F56 -> 2.265035e+08 | H56: =(H55+E56)-F56 -> 1.9048698e+10
A57: 46114.446 | D57: BIFAST - TRF Dari - Bank Seabank AZIM BI AL KHOIR | E57: 17125322 | G57: =(G56+E57)-F57 -> 2.4362882e+08 | H57: =(H56+E57)-F57 -> 1.9065824e+10
A58: 46114.447 | D58: BIFAST - TRF Dari - Bank Seabank AZIM BI AL KHOIR | E58: 194700 | G58: =(G57+E58)-F58 -> 2.4382352e+08 | H58: =(H57+E58)-F58 -> 1.9066018e+10
A59: 46114.541 | D59: sisa dana tambah kurang dapur AABS dan mafaza Trf Dari - SARPRAS AL IRSYAD | E59: 977500 | G59: =(G58+E59)-F59 -> 2.4480102e+08 | H59: =(H58+E59)-F59 -> 1.9066996e+10
A60: 46114.58 | D60: sisa saldo ops SPPG Grendeng Trf Dari - YUNI PRASTIAWAN | E60: 195500 | G60: =(G59+E60)-F60 -> 2.4499652e+08 | H60: =(H59+E60)-F60 -> 1.9067191e+10
A61: 46114.624 | D61: bon dropping SD 2 visitasi IB Trf Ke - SD AL IRSYAD 02 PURWOKERTO | F61: 20000000 | G61: =(G60+E61)-F61 -> 2.2499652e+08 | H61: =(H60+E61)-F61 -> 1.9047191e+10
A62: 46114.624 | D62: Studi Banding ke Yogyakarta Trf Ke - BIDANG PAUD DIKDASMEN AL IRSYAD PWT | F62: 17120000 | G62: =(G61+E62)-F62 -> 2.0787652e+08 | H62: =(H61+E62)-F62 -> 1.9030071e+10
A63: 46114.624 | D63: Biaya Pemindahbukuan e-Banking | F63: 2500 | G63: =(G62+E63)-F63 -> 2.0787402e+08 | H63: =(H62+E63)-F63 -> 1.9030069e+10
A64: 46114.624 | D64: BIFAST - TRF Ke - BPD Jateng RUDIANTO Sewa SPPG Kedungbenda tahap 2 | F64: 20000000 | G64: =(G63+E64)-F64 -> 1.8787402e+08 | H64: =(H63+E64)-F64 -> 1.9010069e+10
A65: 46114.624 | D65: Biaya Pemindahbukuan e-Banking | F65: 2500 | G65: =(G64+E65)-F65 -> 1.8787152e+08 | H65: =(H64+E65)-F65 -> 1.9010066e+10
A66: 46114.624 | D66: BIFAST - TRF Ke - BPD Jateng RUDIANTO Pembayaran tahap 3 Pph sewa SPPG Ke | F66: 20000000 | G66: =(G65+E66)-F66 -> 1.6787152e+08 | H66: =(H65+E66)-F66 -> 1.8990066e+10
A67: 46115.074 | D67: Biaya Administrasi | F67: 10000 | G67: =(G66+E67)-F67 -> 1.6786152e+08 | H67: =(H66+E67)-F67 -> 1.8990056e+10
A68: 46115.181 | D68: Biaya Pemindahbukuan e-Banking | F68: 2500 | G68: =(G67+E68)-F68 -> 1.6785902e+08 | H68: =(H67+E68)-F68 -> 1.8990054e+10
A69: 46115.181 | D69: BIFAST - TRF Ke - Bank Mandiri ENENG IMA biaya pembangunan dapur SPPG termin | F69: 150000000 | G69: =(G68+E69)-F69 -> 17859017 | H69: =(H68+E69)-F69 -> 1.8840054e+10
A70: 46115.594 | D70: pindah buku Trf Dari - AL IRSYAD AL ISLAMIYYAH PURWOKERTO | E70: 1000000000 | G70: =(G69+E70)-F70 -> 1.017859e+09 | H70: =(H69+E70)-F70 -> 1.9840054e+10
A71: 46115.594 | D71: pindah buku Trf Dari - AL IRSYAD AL ISLAMIYYAH PURWOKERTO | E71: 1000000000 | G71: =(G70+E71)-F71 -> 2.017859e+09 | H71: =(H70+E71)-F71 -> 2.0840054e+10
A72: 46115.595 | D72: renovasi gedung STIE termin 3 Trf Ke - SARPRAS AL IRSYAD | F72: 100000000 | G72: =(G71+E72)-F72 -> 1.917859e+09 | H72: =(H71+E72)-F72 -> 2.0740054e+10
A73: 46120.236 | D73: Dropping Dapur SPPG Grendeng Trf Ke - FEBRIYANTI | F73: 27817400 | G73: =(G72+E73)-F73 -> 1.8900416e+09 | H73: =(H72+E73)-F73 -> 2.0712236e+10
A74: 46120.236 | D74: BIFAST - TRF Ke - Bank Mandiri TRI ATIK NOFIANTI Pembangunan dapur SPPG Banjaranyar | F74: 150000000 | G74: =(G73+E74)-F74 -> 1.7400416e+09 | H74: =(H73+E74)-F74 -> 2.0562236e+10
A75: 46120.236 | D75: Biaya Pemindahbukuan e-Banking | F75: 2500 | G75: =(G74+E75)-F75 -> 1.7400391e+09 | H75: =(H74+E75)-F75 -> 2.0562234e+10
A76: 46120.236 | D76: Biaya Pemindahbukuan e-Banking | F76: 2500 | G76: =(G75+E76)-F76 -> 1.7400366e+09 | H76: =(H75+E76)-F76 -> 2.0562231e+10
A77: 46120.236 | D77: BIFAST - TRF Ke - Bank Mandiri ENENG IMA Pembangunan dapur SPPG Klapasawit T | F77: 150000000 | G77: =(G76+E77)-F77 -> 1.5900366e+09 | H77: =(H76+E77)-F77 -> 2.0412231e+10
A78: 46120.236 | D78: perjalanan dinas LPT ke DIKTI Trf Ke - AGUS TARDIAN | F78: 5720000 | G78: =(G77+E78)-F78 -> 1.5843166e+09 | H78: =(H77+E78)-F78 -> 2.0406511e+10
A79: 46120.236 | D79: Biaya Pemindahbukuan e-Banking | F79: 2500 | G79: =(G78+E79)-F79 -> 1.5843141e+09 | H79: =(H78+E79)-F79 -> 2.0406509e+10
A80: 46120.236 | D80: BIFAST - TRF Ke - Bank Mandiri ENENG IMA pembangunan dapur SPPG Kaliori term | F80: 150000000 | G80: =(G79+E80)-F80 -> 1.4343141e+09 | H80: =(H79+E80)-F80 -> 2.0256509e+10
A81: 46120.401 | D81: Dropping SD 1 April 2026 Trf Ke - SD AL IRSYAD 01 PURWOKERTO | F81: 240245000 | G81: =(G80+E81)-F81 -> 1.1940691e+09 | H81: =(H80+E81)-F81 -> 2.0016264e+10
A82: 46121.326 | D82: Dropping SD 2 bulan April 2026 Trf Ke - SD AL IRSYAD 02 PURWOKERTO | F82: 171753723 | G82: =(G81+E82)-F82 -> 1.0223154e+09 | H82: =(H81+E82)-F82 -> 1.984451e+10
A83: 46121.326 | D83: Dropping kantor PC April 2026 Trf Ke - PC AL IRSYAD AL ISLAMIYYAH PWT | F83: 10000000 | G83: =(G82+E83)-F83 -> 1.0123154e+09 | H83: =(H82+E83)-F83 -> 1.983451e+10
A84: 46121.347 | D84: pengembalian Bon keg Ramadhan SD AL IRSYAD 02 Trf Dari - SD AL IRSYAD 02 PURWOKERTO | E84: 33630000 | G84: =(G83+E84)-F84 -> 1.0459454e+09 | H84: =(H83+E84)-F84 -> 1.986814e+10
A85: 46121.347 | D85: pengembalian Bon visitasi IB SD AL IRYSAD 02 Trf Dari - SD AL IRSYAD 02 PURWOKERTO | E85: 20000000 | G85: =(G84+E85)-F85 -> 1.0659454e+09 | H85: =(H84+E85)-F85 -> 1.988814e+10
A86: 46122.33 | D86: Biaya Pemindahbukuan e-Banking | F86: 2500 | G86: =(G85+E86)-F86 -> 1.0659429e+09 | H86: =(H85+E86)-F86 -> 1.9888138e+10
A87: 46122.33 | D87: BIFAST - TRF Ke - Bank BCA INDONESIA PARTNER SOLUTI Gaji petugas OS IPS Maret 2026 | F87: 47182243 | G87: =(G86+E87)-F87 -> 1.0187607e+09 | H87: =(H86+E87)-F87 -> 1.9840955e+10 | I87: =SUM(F86:F87) -> 47184743 | J87: 47184743
A88: 46122.33 | D88: Biaya Pemindahbukuan e-Banking | F88: 2500 | G88: =(G87+E88)-F88 -> 1.0187582e+09 | H88: =(H87+E88)-F88 -> 1.9840953e+10
A89: 46122.33 | D89: BIFAST - TRF Ke - Bank BRI Jkt LPP AL IRSYAD AL ISLAMIYYAH Gaji petugas PKSS Maret 2026 | F89: 99412749 | G89: =(G88+E89)-F89 -> 9.193454e+08 | H89: =(H88+E89)-F89 -> 1.974154e+10
A90: 46122.33 | D90: 041922786247912 Trf Ke - REKENING PENERIMAAN NEGARA TERPUSAT | F90: 179284 | G90: =(G89+E90)-F90 -> 9.1916612e+08 | H90: =(H89+E90)-F90 -> 1.9741361e+10 | I90: =SUM(F88:F90) -> 99594533 | J90: 99594533
A91: 46122.33 | D91: P260409115300000536SD Gaji guru OS bln maret 2026 | F91: 2345000 | G91: =(G90+E91)-F91 -> 9.1682112e+08 | H91: =(H90+E91)-F91 -> 1.9739016e+10
A92: 46122.33 | D92: P260409115300000536SD Charges Fee | F92: 10000 | G92: =(G91+E92)-F92 -> 9.1681112e+08 | H92: =(H91+E92)-F92 -> 1.9739006e+10
A93: 46122.33 | D93: P260409114738823620JL-Gaji guru OS Maret 2026 | F93: 8305000 | G93: =(G92+E93)-F93 -> 9.0850612e+08 | H93: =(H92+E93)-F93 -> 1.9730701e+10 | I93: =SUM(F91:F93) -> 10660000 | J93: 10660000
A94: 46122.33 | D94: P260409124410640264PP-Makan siang s ecurity bulan maret 2026 | F94: 5430000 | G94: =(G93+E94)-F94 -> 9.0307612e+08 | H94: =(H93+E94)-F94 -> 1.9725271e+10
A95: 46122.33 | D95: Makan siang SDM bulan Maret 2026 Trf Ke - DROPPING BIRO SDM | F95: 20407500 | G95: =(G94+E95)-F95 -> 8.8266862e+08 | H95: =(H94+E95)-F95 -> 1.9704863e+10
A96: 46122.33 | D96: dansos SDM bulan Maret 2026 Trf Ke - DROPPING BIRO SDM | F96: 500000 | G96: =(G95+E96)-F96 -> 8.8216862e+08 | H96: =(H95+E96)-F96 -> 1.9704363e+10
A97: 46122.33 | D97: susulan perjalanan dinas LPT ke DIK TI Trf Ke - AGUS TARDIAN | F97: 1500000 | G97: =(G96+E97)-F97 -> 8.8066862e+08 | H97: =(H96+E97)-F97 -> 1.9702863e+10
A98: 46122.46 | D98: DP Pembelian Alat dan Titik Lo kasi SPPG Kel Pwt Lor Kec Pwt Timur invoice No. 03016 | F98: 375000000 | G98: =(G97+E98)-F98 -> 5.0566862e+08 | H98: =(H97+E98)-F98 -> 1.9327863e+10
A99: 46122.46 | D99: Biaya Pemindahbukuan e-Banking | F99: 25000 | G99: =(G98+E99)-F99 -> 5.0564362e+08 | H99: =(H98+E99)-F99 -> 1.9327838e+10
A100: 46125.614 | D100: sisa operasional STIE bln Maret Trf Dari - YUNI PRASTIAWAN | E100: 10975 | G100: =(G99+E100)-F100 -> 5.0565459e+08 | H100: =(H99+E100)-F100 -> 1.9327849e+10
A101: 46126.339 | D101: Biaya Pemindahbukuan e-Banking | F101: 2500 | G101: =(G100+E101)-F101 -> 5.0565209e+08 | H101: =(H100+E101)-F101 -> 1.9327847e+10
A102: 46126.339 | D102: BIFAST - TRF Ke - Bank Mandiri TRI ATIK NOFIANTI Pembangunan dapur SPPG Banjaranyar | F102: 150000000 | G102: =(G101+E102)-F102 -> 3.5565209e+08 | H102: =(H101+E102)-F102 -> 1.9177847e+10
A103: 46126.339 | D103: Biaya Pemindahbukuan e-Banking | F103: 2500 | G103: =(G102+E103)-F103 -> 3.5564959e+08 | H103: =(H102+E103)-F103 -> 1.9177844e+10
A104: 46126.339 | D104: BIFAST - TRF Ke - Bank Mandiri ENENG IMA Pembangunan dapur SPPG Klapasawit K | F104: 150000000 | G104: =(G103+E104)-F104 -> 2.0564959e+08 | H104: =(H103+E104)-F104 -> 1.9027844e+10
A105: 46126.339 | D105: Biaya Pemindahbukuan e-Banking | F105: 2500 | G105: =(G104+E105)-F105 -> 2.0564709e+08 | H105: =(H104+E105)-F105 -> 1.9027842e+10
A106: 46126.339 | D106: BIFAST - TRF Ke - Bank Mandiri ENENG IMA Pembangunan dapur SPPG Kaliori Kali | F106: 150000000 | G106: =(G105+E106)-F106 -> 55647093 | H106: =(H105+E106)-F106 -> 1.8877842e+10
A107: 46127.545 | D107: Promosi PMB STIE Trf Ke - LPT AL IRSYAD PURWOKERTO | F107: 39535000 | G107: =(G106+E107)-F107 -> 16112093 | H107: =(H106+E107)-F107 -> 1.8838307e+10
A108: 46129.329 | D108: pindah buku Trf Dari - AL IRSYAD AL ISLAMIYYAH PURWOKERTO | E108: 1000000000 | G108: =(G107+E108)-F108 -> 1.0161121e+09 | H108: =(H107+E108)-F108 -> 1.9838307e+10
...

Sheet mei
A1: BUKU KAS UMUM
A2: BULAN MEI 2026
A4: Instansi | C4: : PC AL IRSYAD AL ISLAMIYYAH PURWOKERTO | H4: BKU
A5: Kabupaten | C5: : BANYUMAS
A6: Provinsi | C6: : JAWA TENGAH
A8: Tanggal | B8: No. Kode | C8: No. Bukti | D8: Uraian | E8: Penerimaan (Debit) | F8: Pengeluaran (Kredit) | G8: Saldo Kas-Sub | H8: Saldo Kas Total
A9: 46143 | D9: Saldo rekening 1035241902 - YAYASAN AL IRSYAD PURWOKERTO | E9: =april!G13 -> 2.762954e+09 | G9: =E9 -> 2.762954e+09 | H9: =G9 -> 2.762954e+09
A10: 46172 | D10: Pendapatan SPP | E10: 1626417500 | G10: =(G9+E10)-F10 -> 4.3893715e+09 | H10: =G10 -> 4.3893715e+09 | I10: selisih dan sudah disesuaikan
A11: 46172 | D11: Pindah buku | F11: 4000000000 | G11: =(G10+E11)-F11 -> 3.8937147e+08 | H11: =G11 -> 3.8937147e+08
A12: 46172 | D12: Biaya Administrasi | F12: 15000 | G12: =(G11+E12)-F12 -> 3.8935647e+08 | H12: =G12 -> 3.8935647e+08
D13: JUMLAH | E13: =SUM(E9:E12) -> 4.3893715e+09 | F13: =SUM(F10:F12) -> 4000015000 | G13: =E13-F13 -> 3.8935647e+08 | H13: =G13 -> 3.8935647e+08 | I13: 3.8935647e+08 | J13: =G13-I13 -> 0
A15: 46143 | D15: Saldo rekening 7099206505 - AL IRSYAD AL ISLAMIYYAH PURWOKERTO | E15: =april!G26 -> 8.2972842e+09 | G15: =E15 -> 8.2972842e+09 | H15: =H13+G15 -> 8.6866407e+09
A16: 46144.144 | D16: By. Adm. BSINet | F16: 10000 | G16: =(G15+E16)-F16 -> 8.2972742e+09 | H16: =(H15+E16)-F16 -> 8.6866307e+09
A17: 46145.049 | D17: Biaya Administrasi | F17: 15000 | G17: =(G16+E17)-F17 -> 8.2972592e+09 | H17: =(H16+E17)-F17 -> 8.6866157e+09
A18: 46153.795 | D18: Pindah buku | F18: 1000000000 | G18: =(G17+E18)-F18 -> 7.2972592e+09 | H18: =(H17+E18)-F18 -> 7.6866157e+09
A19: 46160.372 | D19: Pindah buku | F19: 2000000000 | G19: =(G18+E19)-F19 -> 5.2972592e+09 | H19: =(H18+E19)-F19 -> 5.6866157e+09
A20: 46168.652 | D20: Pindah buku | F20: 2000000000 | G20: =(G19+E20)-F20 -> 3.2972592e+09 | H20: =(H19+E20)-F20 -> 3.6866157e+09
A21: 46172 | D21: Pendapatan SPP | E21: 2441735000 | G21: =(G20+E21)-F21 -> 5.7389942e+09 | H21: =(H20+E21)-F21 -> 6.1283507e+09 | I21: selisih tidak bisa disesuaikan
A22: 46172.636 | D22: Pindah buku | F22: 5000000000 | G22: =(G21+E22)-F22 -> 7.3899421e+08 | H22: =(H21+E22)-F22 -> 1.1283507e+09
A23: 46172 | D23: Pajak | F23: 664572.35 | G23: =(G22+E23)-F23 -> 7.3832964e+08 | H23: =(H22+E23)-F23 -> 1.1276861e+09
A24: 46172 | D24: Bagi Hasil atau Bonus | E24: 3322861.7 | G24: =(G23+E24)-F24 -> 7.416525e+08 | H24: =(H23+E24)-F24 -> 1.131009e+09
D25: JUMLAH | E25: =SUM(E15:E24) -> 1.0742342e+10 | F25: =SUM(F15:F24) -> 1.000069e+10 | G25: =E25-F25 -> 7.416525e+08 | H25: =H24 -> 1.131009e+09 | I25: 7.416525e+08 | J25: =G25-I25 -> -5.2452087e-06
A27: 46143 | D27: Saldo rekening 7152696536 - AL IRSYAD AL ISLAMIYYAH PURWOKERTO | E27: =april!G33 -> 1.8642577e+09 | G27: =E27 -> 1.8642577e+09 | H27: =H25+G27 -> 2.9952667e+09
A28: 46172 | D28: Pendapatan SPP | E28: 308867500 | G28: =(G27+E28)-F28 -> 2.1731252e+09 | H28: =(H27+E28)-F28 -> 3.3041342e+09 | I28: sesuai
A29: 46172 | D29: Biaya Administrasi | F29: 15000 | G29: =(G28+E29)-F29 -> 2.1731102e+09 | H29: =(H28+E29)-F29 -> 3.3041192e+09
A30: 46172 | D30: Pindah buku | F30: 2000000000 | G30: =(G29+E30)-F30 -> 1.731102e+08 | H30: =(H29+E30)-F30 -> 1.3041192e+09
D31: JUMLAH | E31: =SUM(E27:E30) -> 2.1731252e+09 | F31: =SUM(F27:F30) -> 2000015000 | G31: =E31-F31 -> 1.731102e+08 | H31: =H30 -> 1.3041192e+09 | I31: 1.731102e+08 | J31: =G31-I31 -> 1.5199184e-06
A33: 46143 | D33: Saldo rekening 7107802511 - AL IRSYAD AL ISLAMIYYAH PURWOKERTO | E33: =april!G40 -> 60175829 | G33: =E33 -> 60175829 | H33: =H31+G33 -> 1.364295e+09
A34: 46155 | D34: Pembayaran listrik masjid | F34: 2102300 | G34: =(G33+E34)-F34 -> 58073529 | H34: =(H33+E34)-F34 -> 1.3621927e+09
A35: 46172 | D35: Pemasukan infak masjid Al Irsyad | E35: 75000 | G35: =(G33+E35)-F35 -> 60250829 | H35: =(H34+E35)-F35 -> 1.3622677e+09
A36: 46172 | D36: Biaya administrasi bulanan | F36: 15000 | G36: =(G34+E36)-F36 -> 58058529 | H36: =(H35+E36)-F36 -> 1.3622527e+09
D37: JUMLAH | E37: =SUM(E33:E36) -> 60250829 | F37: =SUM(F33:F36) -> 2117300 | G37: =E37-F37 -> 58133529 | H37: =H36 -> 1.3622527e+09 | I37: 58133529 | J37: =G37-I37 -> 0
A39: 46143 | D39: Saldo rekening 7188000163 - AL IRSYAD AL ISLAMIYYAH PURWOKERTO | E39: =april!G44 -> 9289301 | G39: =E39 -> 9289301 | H39: =H37+G39 -> 1.371542e+09
A40: 46172 | D40: Biaya administrasi bulanan | F40: 15000 | G40: =G39-F40 -> 9274301 | H40: =H39-F40 -> 1.371527e+09
D41: JUMLAH | E41: =SUM(E38:E40) -> 9289301 | F41: =SUM(F38:F40) -> 15000 | G41: =E41-F41 -> 9274301 | H41: =H40 -> 1.371527e+09 | I41: 9274301 | J41: =G41-I41 -> 0
A43: 46143 | D43: Saldo rekening 1770001777 - AL IRSYAD AL ISLAMIYYAH PURWOKERTO | E43: =april!G51 -> 5.8282337e+09 | G43: =E43 -> 5.8282337e+09 | H43: =H41+G43 -> 7.1997607e+09
A44: 46168.652 | D44: Pindah buku | F44: 2000000000 | G44: =(G43+E44)-F44 -> 3.8282337e+09 | H44: =(H43+E44)-F44 -> 5.1997607e+09
A45: 46172.381 | D45: Biaya Pemindahbukuan e-Banking | F45: 2500 | G45: =(G44+E45)-F45 -> 3.8282312e+09 | H45: =(H44+E45)-F45 -> 5.1997582e+09
A46: 46172.381 | D46: BIFAST - TRF Ke - Bank BCA LINA HERAWATI Pengembalian daftar ulang an Ahmad | F46: 18400000 | G46: =(G45+E46)-F46 -> 3.8098312e+09 | H46: =(H45+E46)-F46 -> 5.1813582e+09
A47: 46172 | D47: Pendapatan SPP | E47: 548819500 | G47: =(G46+E47)-F47 -> 4.3586507e+09 | H47: =(H46+E47)-F47 -> 5.7301777e+09
A48: 46172.608 | D48: Pindah buku | F48: 4000000000 | G48: =(G47+E48)-F48 -> 3.5865071e+08 | H48: =(H47+E48)-F48 -> 1.7301777e+09
A49: 46173.426 | D49: Biaya Administrasi | F49: 15000 | G49: =(G48+E49)-F49 -> 3.5863571e+08 | H49: =(H48+E49)-F49 -> 1.7301627e+09
D50: JUMLAH | E50: =SUM(E43:E49) -> 6.3770532e+09 | F50: =SUM(F44:F49) -> 6018417500 | G50: =E50-F50 -> 3.5863571e+08 | H50: =H49 -> 1.7301627e+09 | I50: 3.5863571e+08 | J50: =G50-I50 -> 8.3446503e-07
A52: 46143 | D52: Saldo rekening 7777889871 - AL IRSYAD AL ISLAMIYYAH PURWOKERTO | E52: =april!G147 -> 5.4094502e+08 | G52: =E52 -> 5.4094502e+08 | H52: =H50+G52 -> 2.2711077e+09
A53: 46144.347 | D53: Pengembalian dana SPMB an Muhammad Falih Zuhdi Trf Ke - ALMIYA SAFITRI | F53: 1875000 | G53: =(G52+E53)-F53 -> 5.3907002e+08 | H53: =(H52+E53)-F53 -> 2.2692327e+09
A54: 46144.347 | D54: BIFAST - TRF Ke - BANK CIMB Niaga DWI PUDJI PRASETIO biaya pra survey Yayasan Al Irsyad | F54: =750000+2500 -> 752500 | G54: =(G53+E54)-F54 -> 5.3831752e+08 | H54: =(H53+E54)-F54 -> 2.2684802e+09
A55: 46145.069 | D55: Biaya Administrasi | F55: 10000 | G55: =(G54+E55)-F55 -> 5.3830752e+08 | H55: =(H54+E55)-F55 -> 2.2684702e+09
A56: 46148.533 | D56: BIFAST - TRF Ke - Bank Mandiri TRI ATIK NOFIANTI biaya pembangunan dapur SPPG Karang | F56: =114000000+2500 -> 114002500 | G56: =(G55+E56)-F56 -> 4.2430502e+08 | H56: =(H55+E56)-F56 -> 2.1544677e+09
A57: 46148.533 | D57: BIFAST - TRF Ke - Bank Mandiri TRI ATIK NOFIANTI biaya pembangunan dapur SPPG Kedung | F57: =90500000+2500 -> 90502500 | G57: =(G56+E57)-F57 -> 3.3380252e+08 | H57: =(H56+E57)-F57 -> 2.0639652e+09
A58: 46150.354 | D58: BIFAST - TRF Ke - Bank BCA ANTON BENNY SUHENDRO karangan bunga PC utk bpk Widodo Su | F58: =500000+2500 -> 502500 | G58: =(G57+E58)-F58 -> 3.3330002e+08 | H58: =(H57+E58)-F58 -> 2.0634627e+09
A59: 46150.354 | D59: Pengajian malam jumat bln mei juni juli 2026 Trf Ke - LDK AL IRSYAD AL ISLAMIYYAH | F59: 10200000 | G59: =(G58+E59)-F59 -> 3.2310002e+08 | H59: =(H58+E59)-F59 -> 2.0532627e+09
A60: 46150.354 | D60: dakwah di rutan Banyumas meijunijul i 2026 Trf Ke - LDK AL IRSYAD AL ISLAMIYYAH | F60: 1300000 | G60: =(G59+E60)-F60 -> 3.2180002e+08 | H60: =(H59+E60)-F60 -> 2.0519627e+09
A61: 46153.795 | D61: pindah buku Trf Dari - AL IRSYAD AL ISLAMIYYAH PURWOKERTO | E61: 1000000000 | G61: =(G60+E61)-F61 -> 1.3218e+09 | H61: =(H60+E61)-F61 -> 3.0519627e+09
A62: 46153.796 | D62: BIFAST - TRF Ke - Bank BRI Jkt LPP AL IRSYAD AL ISLAMIYYAH gaji petugas PKSS April 2026 | F62: 100792003 | G62: =(G61+E62)-F62 -> 1.221008e+09 | H62: =(H61+E62)-F62 -> 2.9511707e+09
A63: 46153.796 | D63: Makan siang SDM bulan april 2026 Trf Ke - DROPPING BIRO SDM | F63: 190720150 | G63: =(G62+E63)-F63 -> 1.0302879e+09 | H63: =(H62+E63)-F63 -> 2.7604506e+09
A64: 46153.796 | D64: Operasional SPPG Dapur Kebumen Trf Ke - SARPRAS AL IRSYAD | F64: 58293700 | G64: =(G63+E64)-F64 -> 9.7199416e+08 | H64: =(H63+E64)-F64 -> 2.7021569e+09
A65: 46153.796 | D65: dana sosial SDM bulan April 2026 Trf Ke - DROPPING BIRO SDM | F65: 3000000 | G65: =(G64+E65)-F65 -> 9.6899416e+08 | H65: =(H64+E65)-F65 -> 2.6991569e+09
A66: 46153.796 | D66: Partisipasi konferensi internatioan al Trf Ke - LPT AL IRSYAD PURWOKERTO | F66: 12900000 | G66: =(G65+E66)-F66 -> 9.5609416e+08 | H66: =(H65+E66)-F66 -> 2.6862569e+09 | I66: 181439 | J66: 2500 | K66: 100608064
A67: 46153.796 | D67: BIFAST - TRF Ke - Bank Mandiri NET MATRIX TECHNOLOG cPanel Admin Cloud 5 Users Periode | F67: =5160000+2500 -> 5162500 | G67: =(G66+E67)-F67 -> 9.5093166e+08 | H67: =(H66+E67)-F67 -> 2.6810944e+09
A68: 46153.796 | D68: BIFAST - TRF Ke - Bank BCA INDONESIA PARTNER SOLUTI Petugas OS IPS bln April 2026 | F68: =47005364+2500 -> 47007864 | G68: =(G67+E68)-F68 -> 9.039238e+08 | H68: =(H67+E68)-F68 -> 2.6340865e+09
A69: 46153.799 | D69: P260511090436592220N7 Gaji guru OS bulan april 2026 | F69: 23950000 | G69: =(G68+E69)-F69 -> 8.799738e+08 | H69: =(H68+E69)-F69 -> 2.6101365e+09
A70: 46153.799 | D70: P2605110844240915723Q-Uang makan se curity bulan April 2026 | F70: 4280000 | G70: =(G69+E70)-F70 -> 8.756938e+08 | H70: =(H69+E70)-F70 -> 2.6058565e+09
A71: 46154.475 | D71: pengembalian ops dapur kebumen Trf Dari - YUNI PRASTIAWAN | E71: 28800 | G71: =(G70+E71)-F71 -> 8.757226e+08 | H71: =(H70+E71)-F71 -> 2.6058853e+09
A72: 46155.606 | D72: dropping Mei 2026 kantor PC Trf Ke - PC AL IRSYAD AL ISLAMIYYAH PWT | F72: 10000000 | G72: =(G71+E72)-F72 -> 8.657226e+08 | H72: =(H71+E72)-F72 -> 2.5958853e+09
A73: 46156.291 | D73: BIFAST - TRF Ke - BPD Jateng HOME DESIGN CONSULTANT CV Pembayaran jasa konsultan perencana | F73: =116250000+2500 -> 116252500 | G73: =(G72+E73)-F73 -> 7.494701e+08 | H73: =(H72+E73)-F73 -> 2.4796328e+09
A74: 46156.291 | D74: dropping Mei 2026 unit KB TK Trf Ke - KB & TK AL IRSYAD | F74: 86620931 | G74: =(G73+E74)-F74 -> 6.6284917e+08 | H74: =(H73+E74)-F74 -> 2.3930119e+09
A75: 46156.291 | D75: Dropping Mei 2026 unit SD 2 Trf Ke - SD AL IRSYAD 02 PURWOKERTO | F75: 266130807 | G75: =(G74+E75)-F75 -> 3.9671836e+08 | H75: =(H74+E75)-F75 -> 2.1268811e+09
A76: 46157.552 | D76: BIFAST - TRF Ke - Bank Mandiri ENENG IMA pembangunan dapur SPPG Klapasawit K | F76: =150000000+2500 -> 150002500 | G76: =(G75+E76)-F76 -> 2.4671586e+08 | H76: =(H75+E76)-F76 -> 1.9768786e+09
A77: 46157.552 | D77: BIFAST - TRF Ke - Bank Mandiri TRI ATIK NOFIANTI pembangunan dapur SPPG Kedungbenda | F77: =90500000+2500 -> 90502500 | G77: =(G76+E77)-F77 -> 1.5621336e+08 | H77: =(H76+E77)-F77 -> 1.8863761e+09
A78: 46157.552 | D78: BIFAST - TRF Ke - Bank Mandiri TRI ATIK NOFIANTI Pembangunan dapur SPPG Karangtalun | F78: =114000000+2500 -> 114002500 | G78: =(G77+E78)-F78 -> 42210860 | H78: =(H77+E78)-F78 -> 1.7723736e+09
A79: 46160.372 | D79: pindah buku Trf Dari - AL IRSYAD AL ISLAMIYYAH PURWOKERTO | E79: 2000000000 | G79: =(G78+E79)-F79 -> 2.0422109e+09 | H79: =(H78+E79)-F79 -> 3.7723736e+09
A80: 46160.374 | D80: Dropping Mei 2026 unit SMP Trf Ke - SMP AL IRSYAD PURWOKERTO | F80: 200547017 | G80: =(G79+E80)-F80 -> 1.8416638e+09 | H80: =(H79+E80)-F80 -> 3.5718266e+09
A81: 46160.374 | D81: Dropping Mei 2026 Kepesantrenan Trf Ke - KEPESANTRENAN ALIRSYAD BOARDING PWT | F81: 866450300 | G81: =(G80+E81)-F81 -> 9.7521354e+08 | H81: =(H80+E81)-F81 -> 2.7053763e+09
A82: 46160.374 | D82: Dropping Mei 2026 unit SD 1 Trf Ke - SD AL IRSYAD 01 PURWOKERTO | F82: 306649093 | G82: =(G81+E82)-F82 -> 6.6856445e+08 | H82: =(H81+E82)-F82 -> 2.3987272e+09
A83: 46160.452 | D83: pengembalian Bon Droping SD Al Irsy ad 02 Trf Dari - SD AL IRSYAD 02 PURWOKERTO | E83: 145185000 | G83: =(G82+E83)-F83 -> 8.1374945e+08 | H83: =(H82+E83)-F83 -> 2.5439122e+09
A84: 46160.555 | D84: Pengembalian Bon Droping TK Trf Dari - KB & TK AL IRSYAD | E84: 46170000 | G84: =(G83+E84)-F84 -> 8.5991945e+08 | H84: =(H83+E84)-F84 -> 2.5900822e+09
A85: 46160.602 | D85: Interior ruang LDK masjid Al Irsyad lantai 1 Trf Ke - SARPRAS AL IRSYAD | F85: 102250000 | G85: =(G84+E85)-F85 -> 7.5766945e+08 | H85: =(H84+E85)-F85 -> 2.4878322e+09
A86: 46162.326 | D86: Dropping Mei 2026 unit SMA IT Trf Ke - SMA AL IRSYAD PURWOKERTO | F86: 36548330 | G86: =(G85+E86)-F86 -> 7.2112112e+08 | H86: =(H85+E86)-F86 -> 2.4512838e+09
A87: 46163.559 | D87: Pekerjaan Besi Tambahan Kampus STIE Trf Ke - SARPRAS AL IRSYAD | F87: 274686000 | G87: =(G86+E87)-F87 -> 4.4643512e+08 | H87: =(H86+E87)-F87 -> 2.1765978e+09
A88: 46168.394 | D88: BIFAST - TRF Ke - Bank Mandiri TRI ATIK NOFIANTI Pembayaran termin 4 pembangunan dap | F88: =114000000+2500 -> 114002500 | G88: =(G87+E88)-F88 -> 3.3243262e+08 | H88: =(H87+E88)-F88 -> 2.0625953e+09
A89: 46168.394 | D89: BIFAST - TRF Ke - Bank Mandiri TRI ATIK NOFIANTI Pembangunan termin 4 dapur Kedungbe | F89: =90500000+2500 -> 90502500 | G89: =(G88+E89)-F89 -> 2.4193012e+08 | H89: =(H88+E89)-F89 -> 1.9720928e+09
A90: 46168.652 | D90: pindah buku Trf Dari - AL IRSYAD AL ISLAMIYYAH PURWOKERTO | E90: 2000000000 | G90: =(G89+E90)-F90 -> 2.2419301e+09 | H90: =(H89+E90)-F90 -> 3.9720928e+09
A91: 46168.652 | D91: pindah buku Trf Dari - AL IRSYAD AL ISLAMIYYAH PURWOKERTO | E91: 2000000000 | G91: =(G90+E91)-F91 -> 4.2419301e+09 | H91: =(H90+E91)-F91 -> 5.9720928e+09
A92: 46168.66 | D92: pembayaran DP Pembelian Tanah Jalan Bung Karno Trf Ke - SIDIQ AMIN PURWANTO | F92: 863075000 | G92: =(G91+E92)-F92 -> 3.3788551e+09 | H92: =(H91+E92)-F92 -> 5.1090178e+09
A93: 46172.381 | D93: pencairan dana pembelian 60 kursi k uliah STIE Al Irsyad Trf Ke - SARPRAS AL IRSYAD | F93: 95940000 | G93: =(G92+E93)-F93 -> 3.2829151e+09 | H93: =(H92+E93)-F93 -> 5.0130778e+09
A94: 46172.381 | D94: pencairan dana Kegiatan ToT Kaderis asi Trf Ke - SARPRAS AL IRSYAD | F94: 16500000 | G94: =(G93+E94)-F94 -> 3.2664151e+09 | H94: =(H93+E94)-F94 -> 4.9965778e+09
A95: 46172.381 | D95: Honor Relawan Dapur SPPG AABS Trf Ke - NUR FITRI UMIYATI | F95: 12800000 | G95: =(G94+E95)-F95 -> 3.2536151e+09 | H95: =(H94+E95)-F95 -> 4.9837778e+09
A96: 46172.383 | D96: bon dropping SD 2 Trf Ke - SD AL IRSYAD 02 PURWOKERTO | F96: 136215000 | G96: =(G95+E96)-F96 -> 3.1174001e+09 | H96: =(H95+E96)-F96 -> 4.8475628e+09
A97: 46172.608 | D97: pindah buku Trf Dari - AL IRSYAD AL ISLAMIYYAH PURWOKERTO | E97: 4000000000 | G97: =(G96+E97)-F97 -> 7.1174001e+09 | H97: =(H96+E97)-F97 -> 8.8475628e+09
A98: 46172.608 | D98: pindah buku Trf Dari - YAYASAN AL IRSYAD PURWOKERTO | E98: 4000000000 | G98: =(G97+E98)-F98 -> 1.11174e+10 | H98: =(H97+E98)-F98 -> 1.2847563e+10
A99: 46172.636 | D99: pindah buku Trf Dari - AL IRSYAD AL ISLAMIYYAH PURWOKERTO | E99: 2000000000 | G99: =(G98+E99)-F99 -> 1.31174e+10 | H99: =(H98+E99)-F99 -> 1.4847563e+10
A100: 46172.636 | D100: pindah buku Trf Dari - AL IRSYAD AL ISLAMIYYAH PURWOKERTO | E100: 5000000000 | G100: =(G99+E100)-F100 -> 1.81174e+10 | H100: =(H99+E100)-F100 -> 1.9847563e+10
A101: 46173.338 | D101: Bagi Hasil atau Bonus | E101: 1992362.6 | G101: =(G100+E101)-F101 -> 1.8119392e+10 | H101: =(H100+E101)-F101 -> 1.9849555e+10
A102: 46173.338 | D102: Pajak | F102: 398472.51 | G102: =(G101+E102)-F102 -> 1.8118994e+10 | H102: =(H101+E102)-F102 -> 1.9849157e+10
A103: 46173.403 | D103: P260531085937680361GK-Gaji | F103: 2582906041 | G103: =(G102+E103)-F103 -> 1.5536088e+10 | H103: =(H102+E103)-F103 -> 1.7266251e+10
D104: JUMLAH | E104: =SUM(E53:E103) -> 2.2193376e+10 | F104: =SUM(F53:F103) -> 7.1982332e+09 | G104: =E104+E52-F104 -> 1.5536088e+10 | H104: =H103 -> 1.7266251e+10 | I104: 1.5536088e+10 | J104: =G104-I104 -> 0
A106: Pada hari ini Minggu 31 Mei 2026 Buku Kas Umum ditutup dengan keadaan / posisi buku sebagai berikut :
C108: No | D108: Uraian | E108: Pemasukan | F108: Pengeluaran | G108: Saldo
C109: 1. | D109: Saldo awal Mei 2026 | E109: =E9+E15+E27+E33+E39+E43+E52 -> 1.936314e+10
C110: 2. | D110: Pendapatan SPP Bulan Mei 2026 | E110: =E10+E21+E28+E47 -> 4925839500
...

Sheet juni
A1: BUKU KAS UMUM
A2: BULAN JUNI 2026
A4: Instansi | C4: : PC AL IRSYAD AL ISLAMIYYAH PURWOKERTO | H4: BKU
A5: Kabupaten | C5: : BANYUMAS
A6: Provinsi | C6: : JAWA TENGAH
A8: Tanggal | B8: No. Kode | C8: No. Bukti | D8: Uraian | E8: Penerimaan (Debit) | F8: Pengeluaran (Kredit) | G8: Saldo Kas-Sub | H8: Saldo Kas Total
A9: 46174 | D9: Saldo rekening 1035241902 - YAYASAN AL IRSYAD PURWOKERTO | E9: =mei!G13 -> 3.8935647e+08 | G9: =E9 -> 3.8935647e+08 | H9: =G9 -> 3.8935647e+08
A10: 46203 | D10: Pendapatan SPP | E10: =1372130000-1900000 -> 1370230000 | G10: =(G9+E10)-F10 -> 1.7595865e+09 | H10: =G10 -> 1.7595865e+09 | I10: 1370230000
A11: 46203 | D11: Biaya Administrasi | F11: 15000 | G11: =(G10+E11)-F11 -> 1.7595715e+09 | H11: =G11 -> 1.7595715e+09
G12: =(G11+E12)-F12 -> 1.7595715e+09 | H12: =G12 -> 1.7595715e+09
D13: JUMLAH | E13: =SUM(E9:E12) -> 1.7595865e+09 | F13: =SUM(F10:F12) -> 15000 | G13: =E13-F13 -> 1.7595715e+09 | H13: =G13 -> 1.7595715e+09 | I13: 1.7595715e+09 | J13: =G13-I13 -> 0
A15: 46174 | D15: Saldo rekening 7099206505 - AL IRSYAD AL ISLAMIYYAH PURWOKERTO | E15: =mei!G25 -> 7.416525e+08 | G15: =E15 -> 7.416525e+08 | H15: =H13+G15 -> 2.501224e+09
A16: 46175.037 | D16: By. Adm. BSINet | F16: 10000 | G16: =(G15+E16)-F16 -> 7.416425e+08 | H16: =(H15+E16)-F16 -> 2.501214e+09
A17: 46176.089 | D17: Biaya Administrasi | F17: 15000 | G17: =(G16+E17)-F17 -> 7.416275e+08 | H17: =(H16+E17)-F17 -> 2.501199e+09
A18: 46181 | D18: Pindah buku | E18: 2000000000 | G18: =(G17+E18)-F18 -> 2.7416275e+09 | H18: =(H17+E18)-F18 -> 4.501199e+09
A19: 46200.452 | D19: Pendapatan SPP | E19: =2822382000-700000 -> 2821682000 | G19: =(G18+E19)-F19 -> 5.5633095e+09 | H19: =(H18+E19)-F19 -> 7.322881e+09 | I19: 2821682000
A20: 46200.452 | D20: pindah buku Trf Ke - AL IRSYAD AL ISLAMIYYAH PURWOKERTO | F20: 4500000000 | G20: =(G19+E20)-F20 -> 1.0633095e+09 | H20: =(H19+E20)-F20 -> 2.822881e+09
A21: 46203.452 | D21: Pajak | F21: 301531.67 | G21: =(G20+E21)-F21 -> 1.063008e+09 | H21: =(H20+E21)-F21 -> 2.8225794e+09
A22: 46203.47 | D22: pindah buku Trf Ke - PC AL IRSYAD AL ISLAMIYYAH PWT | F22: 1000000000 | G22: =(G21+E22)-F22 -> 63007966 | H22: =(H21+E22)-F22 -> 1.8225794e+09
A23: 46203.452 | D23: Bagi Hasil atau Bonus | E23: 1507658.4 | G23: =(G22+E23)-F23 -> 64515624 | H23: =(H22+E23)-F23 -> 1.8240871e+09
D24: JUMLAH | E24: =SUM(E15:E23) -> 5.5648422e+09 | F24: =SUM(F15:F23) -> 5.5003265e+09 | G24: =E24-F24 -> 64515624 | H24: =H23 -> 1.8240871e+09 | I24: 64515624 | J24: =G24-I24 -> -5.684793e-06
A26: 46174 | D26: Saldo rekening 7152696536 - AL IRSYAD AL ISLAMIYYAH PURWOKERTO | E26: =mei!G31 -> 1.731102e+08 | G26: =E26 -> 1.731102e+08 | H26: =H24+G26 -> 1.9971973e+09
A27: 46203 | D27: Pendapatan SPP | E27: 397420000 | G27: =(G26+E27)-F27 -> 5.705302e+08 | H27: =(H26+E27)-F27 -> 2.3946173e+09
A28: 46178 | D28: Pindah buku | E28: 2000000000 | G28: =(G27+E28)-F28 -> 2.5705302e+09 | H28: =(H27+E28)-F28 -> 4.3946173e+09
A29: 46198 | D29: Saldo Pengeluaran PPDB 2025 2026 | E29: 574555 | G29: =(G28+E29)-F29 -> 2.5711048e+09 | H29: =(H28+E29)-F29 -> 4.3951918e+09
A30: 46203 | D30: Biaya Administrasi | F30: 15000 | G30: =(G29+E30)-F30 -> 2.5710898e+09 | H30: =(H29+E30)-F30 -> 4.3951768e+09
A31: 46203 | D31: Pindah buku | F31: 2500000000 | G31: =(G30+E31)-F31 -> 71089755 | H31: =(H30+E31)-F31 -> 1.8951768e+09
D32: JUMLAH | E32: =SUM(E26:E31) -> 2.5711048e+09 | F32: =SUM(F26:F31) -> 2500015000 | G32: =E32-F32 -> 71089755 | H32: =H31 -> 1.8951768e+09 | I32: 71089755 | J32: =G32-I32 -> 1.5199184e-06
A34: 46174 | D34: Saldo rekening 7107802511 - AL IRSYAD AL ISLAMIYYAH PURWOKERTO | E34: =mei!G37 -> 58133529 | G34: =E34 -> 58133529 | H34: =H32+G34 -> 1.9533104e+09
A35: 46186 | D35: Pembayaran listrik masjid | F35: =2117300-15000 -> 2102300 | G35: =(G34+E35)-F35 -> 56031229 | H35: =(H34+E35)-F35 -> 1.9512081e+09
A36: 46203 | D36: Pemasukan infak masjid Al Irsyad | E36: 187874 | G36: =(G35+E36)-F36 -> 56219103 | H36: =(H35+E36)-F36 -> 1.9513959e+09
A37: 46203 | D37: Biaya administrasi bulanan | F37: 15000 | G37: =(G36+E37)-F37 -> 56204103 | H37: =(H36+E37)-F37 -> 1.9513809e+09
D38: JUMLAH | E38: =SUM(E34:E37) -> 58321403 | F38: =SUM(F34:F37) -> 2117300 | G38: =E38-F38 -> 56204103 | H38: =H37 -> 1.9513809e+09 | I38: 56204103 | J38: =G38-I38 -> 0
A40: 46174 | D40: Saldo rekening 7188000163 - AL IRSYAD AL ISLAMIYYAH PURWOKERTO | E40: =mei!G41 -> 9274301 | G40: =E40 -> 9274301 | H40: =H38+G40 -> 1.9606553e+09
A41: 46203 | D41: Biaya administrasi bulanan | F41: 15000 | G41: =G40-F41 -> 9259301 | H41: =H40-F41 -> 1.9606403e+09
D42: JUMLAH | E42: =SUM(E39:E41) -> 9274301 | F42: =SUM(F39:F41) -> 15000 | G42: =E42-F42 -> 9259301 | H42: =H41 -> 1.9606403e+09 | I42: 9259301 | J42: =G42-I42 -> 0
A44: 46174 | D44: Saldo rekening 1770001777 - AL IRSYAD AL ISLAMIYYAH PURWOKERTO | E44: =mei!G50 -> 3.5863571e+08 | G44: =E44 -> 3.5863571e+08 | H44: =H42+G44 -> 2.319276e+09
A45: 46203.608 | D45: Pendapatan SPP | E45: 800897000 | G45: =(G44+E45)-F45 -> 1.1595327e+09 | H45: =(H44+E45)-F45 -> 3.120173e+09
D46: Biaya Administrasi | F46: 15000 | G46: =(G45+E46)-F46 -> 1.1595177e+09 | H46: =(H45+E46)-F46 -> 3.120158e+09
D47: JUMLAH | E47: =SUM(E44:E46) -> 1.1595327e+09 | F47: =SUM(F45:F46) -> 15000 | G47: =E47-F47 -> 1.1595177e+09 | H47: =H46 -> 3.120158e+09 | I47: 1.1595177e+09 | J47: =G47-I47 -> 0
A49: 46174 | D49: Saldo rekening 7777889871 - AL IRSYAD AL ISLAMIYYAH PURWOKERTO | E49: =mei!G104 -> 1.5536088e+10 | G49: =E49 -> 1.5536088e+10 | H49: =H47+G49 -> 1.8656246e+10
A50: 46176.065 | D50: Biaya Administrasi | F50: 10000 | G50: =(G49+E50)-F50 -> 1.5536078e+10 | H50: =(H49+E50)-F50 -> 1.8656236e+10
A51: 46176.39 | D51: Pelatihan SDM TK dan SD Trf Ke - LPD AL IRSYAD PURWOKERTO | F51: 89520000 | G51: =(G50+E51)-F51 -> 1.5446558e+10 | H51: =(H50+E51)-F51 -> 1.8566716e+10
A52: 46176.62 | D52: Pelunasan Pembelian Paket Pera latan Dapur SPPG Banjaranyar | F52: 375000000 | G52: =(G51+E52)-F52 -> 1.5071558e+10 | H52: =(H51+E52)-F52 -> 1.8191716e+10
A53: 46176.62 | D53: Biaya Pemindahbukuan e-Banking | F53: 25000 | G53: =(G52+E53)-F53 -> 1.5071533e+10 | H53: =(H52+E53)-F53 -> 1.8191691e+10
A54: 46176.62 | D54: Pelunasan Pembelian Paket Pera latan Dapur SPPG Kaliori | F54: 375000000 | G54: =(G53+E54)-F54 -> 1.4696533e+10 | H54: =(H53+E54)-F54 -> 1.7816691e+10
A55: 46176.62 | D55: Biaya Pemindahbukuan e-Banking | F55: 25000 | G55: =(G54+E55)-F55 -> 1.4696508e+10 | H55: =(H54+E55)-F55 -> 1.7816666e+10
A56: 46177.662 | D56: reward program rejeki berkah BSI Trf Dari - YUNI PRASTIAWAN | E56: 7021600 | G56: =(G55+E56)-F56 -> 1.470353e+10 | H56: =(H55+E56)-F56 -> 1.7823688e+10
A57: 46177.831 | D57: BIFAST - TRF Ke - Bank Mandiri ENENG IMA 50 persen termin 5 Pembangunan SPPG | F57: 75000000 | G57: =(G56+E57)-F57 -> 1.462853e+10 | H57: =(H56+E57)-F57 -> 1.7748688e+10
A58: 46177.831 | D58: Biaya Pemindahbukuan e-Banking | F58: 2500 | G58: =(G57+E58)-F58 -> 1.4628527e+10 | H58: =(H57+E58)-F58 -> 1.7748685e+10
A59: 46177.831 | D59: BIFAST - TRF Ke - Bank Mandiri TRI ATIK NOFIANTI 50 persen termin 5 Pembangunan SPPG | F59: 75000000 | G59: =(G58+E59)-F59 -> 1.4553527e+10 | H59: =(H58+E59)-F59 -> 1.7673685e+10
A60: 46177.831 | D60: Biaya Pemindahbukuan e-Banking | F60: 2500 | G60: =(G59+E60)-F60 -> 1.4553525e+10 | H60: =(H59+E60)-F60 -> 1.7673683e+10
A61: 46178.579 | D61: pembayaran DP 50 persen Pembelian T anah Jalan Bung Karno Trf Ke - WULAN DWI JANUARITA | F61: 346750000 | G61: =(G60+E61)-F61 -> 1.4206775e+10 | H61: =(H60+E61)-F61 -> 1.7326933e+10
A62: 46178.579 | D62: Visitasi Alih Kelola STIE Trf Ke - LPT AL IRSYAD PURWOKERTO | F62: 40810000 | G62: =(G61+E62)-F62 -> 1.4165965e+10 | H62: =(H61+E62)-F62 -> 1.7286123e+10
A63: 46178.579 | D63: dropping Juni 2026 unit TK Trf Ke - KB & TK AL IRSYAD | F63: 76164275 | G63: =(G62+E63)-F63 -> 1.40898e+10 | H63: =(H62+E63)-F63 -> 1.7209958e+10
A64: 46178.579 | D64: pindah buku Trf Ke - AL IRSYAD AL ISLAMIYYAH PURWOKERTO | F64: 2000000000 | G64: =(G63+E64)-F64 -> 1.20898e+10 | H64: =(H63+E64)-F64 -> 1.5209958e+10
A65: 46178.779 | D65: 242120085821688 Trf Ke - REKENING PENERIMAAN NEGARA TERPUSAT | F65: 25000000 | G65: =(G64+E65)-F65 -> 1.20648e+10 | H65: =(H64+E65)-F65 -> 1.5184958e+10
A66: 46178.779 | D66: 242187482369231 Trf Ke - REKENING PENERIMAAN NEGARA TERPUSAT | F66: 25000000 | G66: =(G65+E66)-F66 -> 1.20398e+10 | H66: =(H65+E66)-F66 -> 1.5159958e+10
A67: 46181.462 | D67: pindah buku Trf Ke - AL IRSYAD AL ISLAMIYYAH PURWOKERTO | F67: 2000000000 | G67: =(G66+E67)-F67 -> 1.00398e+10 | H67: =(H66+E67)-F67 -> 1.3159958e+10
A68: 46181.462 | D68: Pembayaran DP 50 persen MAXHUB sejumlah 23 unit | F68: 517500000 | G68: =(G67+E68)-F68 -> 9.5223003e+09 | H68: =(H67+E68)-F68 -> 1.2642458e+10
... A79: 46187.258 | D79: dropping kantor PC bulan Juni 2026 Trf Ke - PC AL IRSYAD AL ISLAMIYYAH PWT | F79: 5000000 | G79: =(G78+E79)-F79 -> 2.2350989e+09 | H79: =(H78+E79)-F79 -> 5.3552569e+09
A80: 46188.308 | D80: Pengembalian Bon Droping SD Al Irsy ad 02 PWT bulan Mei 2026 Trf Dari - SD AL IRSYAD 02 PURWOKERTO | E80: 136215000 | G80: =(G79+E80)-F80 -> 2.3713139e+09 | H80: =(H79+E80)-F80 -> 5.4914719e+09
A81: 46189.426 | D81: Makan siang SDM bulan Mei 2026 Trf Ke - DROPPING BIRO SDM | F81: 117327300 | G81: =(G80+E81)-F81 -> 2.2539866e+09 | H81: =(H80+E81)-F81 -> 5.3741446e+09
A82: 46189.426 | D82: dana sosial SDM Bulan Mei 2026 Trf Ke - DROPPING BIRO SDM | F82: 3000000 | G82: =(G81+E82)-F82 -> 2.2509866e+09 | H82: =(H81+E82)-F82 -> 5.3711446e+09
A83: 46189.426 | D83: 042188282770877 Trf Ke - REKENING PENERIMAAN NEGARA TERPUSAT | F83: 173348 | G83: =(G82+E83)-F83 -> 2.2508133e+09 | H83: =(H82+E83)-F83 -> 5.3709713e+09
A84: 46189.426 | D84: BIFAST - TRF Ke - Bank BCA INDONESIA PARTNER SOLUTI Gaji OS IPS Mei 2026 | F84: 48212301 | G84: =(G83+E84)-F84 -> 2.202601e+09 | H84: =(H83+E84)-F84 -> 5.322759e+09
A85: 46189.426 | D85: Biaya Pemindahbukuan e-Banking | F85: 2500 | G85: =(G84+E85)-F85 -> 2.2025985e+09 | H85: =(H84+E85)-F85 -> 5.3227565e+09
A86: 46189.426 | D86: Dropping Juni 2024 unit Kepesantren an Trf Ke - KEPESANTRENAN ALIRSYAD BOARDING PWT | F86: 652314700 | G86: =(G85+E86)-F86 -> 1.5502838e+09 | H86: =(H85+E86)-F86 -> 4.6704418e+09
A87: 46189.426 | D87: Dropping Juni 2026 unit SMA IT Trf Ke - SMA AL IRSYAD PURWOKERTO | F87: 199736900 | G87: =(G86+E87)-F87 -> 1.3505469e+09 | H87: =(H86+E87)-F87 -> 4.4707049e+09
A88: 46189.426 | D88: Dropping Juni 2026 unit MA Boarding Trf Ke - MA AL IRSYAD BOARDING SCHOOL | F88: 38388721 | G88: =(G87+E88)-F88 -> 1.3121582e+09 | H88: =(H87+E88)-F88 -> 4.4323161e+09 | I88: 38388721
A89: 46189.426 | D89: Dropping Juni 2026 unit SMP Trf Ke - SMP AL IRSYAD PURWOKERTO | F89: 240405355 | G89: =(G88+E89)-F89 -> 1.0717528e+09 | H89: =(H88+E89)-F89 -> 4.1919108e+09
A90: 46189.426 | D90: Fee Audit Tahap 1 atas Laporan Keua ngan tahun buku 2025 Trf Ke - EKO HARIYANTO | F90: 15000000 | G90: =(G89+E90)-F90 -> 1.0567528e+09 | H90: =(H89+E90)-F90 -> 4.1769108e+09
A91: 46189.426 | D91: BIFAST - TRF Ke - Bank BRI Jkt LPP AL IRSYAD AL ISLAMIYYAH Gaji OS PKSS Mei 2026 | F91: 96121481 | G91: =(G90+E91)-F91 -> 9.6063134e+08 | H91: =(H90+E91)-F91 -> 4.0807893e+09
A92: 46189.426 | D92: Biaya Pemindahbukuan e-Banking | F92: 2500 | G92: =(G91+E92)-F92 -> 9.6062884e+08 | H92: =(H91+E92)-F92 -> 4.0807868e+09
A93: 46189.429 | D93: P260615092729251105YG gaji guru OS Mei 2026 non BSI | F93: 4865000 | G93: =(G92+E93)-F93 -> 9.5576384e+08 | H93: =(H92+E93)-F93 -> 4.0759218e+09
A94: 46189.429 | D94: P260615092729251105YG Charges Fee | F94: 10000 | G94: =(G93+E94)-F94 -> 9.5575384e+08 | H94: =(H93+E94)-F94 -> 4.0759118e+09
A95: 46189.429 | D95: P260615091419487802UK-Gaji guru OS Mei 2026 BSI | F95: 21860000 | G95: =(G94+E95)-F95 -> 9.3389384e+08 | H95: =(H94+E95)-F95 -> 4.0540518e+09
A96: 46189.429 | D96: P260615165924280812CZ-Uang makan se curity bulan Mei 2026 | F96: 4780000 | G96: =(G95+E96)-F96 -> 9.2911384e+08 | H96: =(H95+E96)-F96 -> 4.0492718e+09
A97: 46189.677 | D97: Biaya Pemindahbukuan e-Banking | F97: 2500 | G97: =(G96+E97)-F97 -> 9.2911134e+08 | H97: =(H96+E97)-F97 -> 4.0492693e+09
A98: 46189.677 | D98: BIFAST - TRF Ke - Bank Mandiri ALEX LUKMANTO SUHERM Biaya Konsultan Dapur MBG AABS dan | F98: 100000000 | G98: =(G97+E98)-F98 -> 8.2911134e+08 | H98: =(H97+E98)-F98 -> 3.9492693e+09
A99: 46191.374 | D99: Biaya Operasional Kunjungan Studi B anding ke UII Yogyakarta Trf Ke - QOMARUDDIN | F99: 3573000 | G99: =(G98+E99)-F99 -> 8.2553834e+08 | H99: =(H98+E99)-F99 -> 3.9456963e+09
A100: 46191.374 | D100: BIFAST - TRF Ke - Bank Mandiri TRI ATIK NOFIANTI pencairan 50 persen dari termin 5 d | F100: 57000000 | G100: =(G99+E100)-F100 -> 7.6853834e+08 | H100: =(H99+E100)-F100 -> 3.8886963e+09
... A106: 46191.374 | D106: Biaya Pemindahbukuan e-Banking | F106: 2500 | G106: =(G105+E106)-F106 -> 5.7969084e+08 | H106: =(H105+E106)-F106 -> 3.6998488e+09
A107: 46192.61 | D107: Pengembalian Study Banding UII Trf Dari - QOMARUDDIN | E107: 1801500 | G107: =(G106+E107)-F107 -> 5.8149234e+08 | H107: =(H106+E107)-F107 -> 3.7016503e+09
A108: 46192.826 | D108: Pencairan dropping SMA Boarding bul an Juni 2026 Trf Ke - SMA AL IRSYAD BOARDING SCHOOL PWT | F108: 337791666 | G108: =(G107+E108)-F108 -> 2.4370067e+08 | H108: =(H107+E108)-F108 -> 3.3638586e+09
A109: 46192.826 | D109: perjalanan dinas pembicara PW Wanit a Jawa Timur Trf Ke - AGUS TARDIAN | F109: 2200000 | G109: =(G108+E109)-F109 -> 2.4150067e+08 | H109: =(H108+E109)-F109 -> 3.3616586e+09
A110: 46192.826 | D110: Biaya Pemindahbukuan e-Banking | F110: 2500 | G110: =(G109+E110)-F110 -> 2.4149817e+08 | H110: =(H109+E110)-F110 -> 3.3616561e+09
A111: 46192.826 | D111: BIFAST - TRF Ke - BPD Jateng HOME DESIGN CONSULTANT CV Tahap V Jasa Kons Perencanaan dn Pn | F111: 23250000 | G111: =(G110+E111)-F111 -> 2.1824817e+08 | H111: =(H110+E111)-F111 -> 3.3384061e+09
A112: 46196.425 | D112: BIFAST - TRF Ke - Bank UOB Buana FITRIANI AROFAH kemeja PC ust Sodikun dan ust Totok | F112: 600000 | G112: =(G111+E112)-F112 -> 2.1764817e+08 | H112: =(H111+E112)-F112 -> 3.3378061e+09
A113: 46196.425 | D113: Biaya Pemindahbukuan e-Banking | F113: 2500 | G113: =(G112+E113)-F113 -> 2.1764567e+08 | H113: =(H112+E113)-F113 -> 3.3378036e+09
A114: 46196.425 | D114: BIFAST - TRF Ke - Bank BCA NUSANTARA SAKTI PT Motor Beat CBS BK an Yayasan Al Irs | F114: 19700000 | G114: =(G113+E114)-F114 -> 1.9794567e+08 | H114: =(H113+E114)-F114 -> 3.3181036e+09
A115: 46198.541 | D115: Biaya Pemindahbukuan e-Banking | F115: 2500 | G115: =(G114+E115)-F115 -> 1.9794317e+08 | H115: =(H114+E115)-F115 -> 3.3181011e+09
A116: 46198.541 | D116: Biaya Pemindahbukuan e-Banking | F116: 2500 | G116: =(G115+E116)-F116 -> 1.9794067e+08 | H116: =(H115+E116)-F116 -> 3.3180986e+09
A117: 46200.452 | D117: BIFAST - TRF Ke - Bank BRI Jkt FATIKUL IKSAN Jasa Perantara Pembelian Tanah Jala | F117: 60559000 | G117: =(G116+E117)-F117 -> 1.3738167e+08 | H117: =(H116+E117)-F117 -> 3.2575396e+09
A118: 46200.455 | D118: pindah buku Trf Dari - AL IRSYAD AL ISLAMIYYAH PURWOKERTO | E118: 4500000000 | G118: =(G117+E118)-F118 -> 4.6373817e+09 | H118: =(H117+E118)-F118 -> 7.7575396e+09
A119: 46200.561 | D119: P260626131029833233GL-Gaji Juni 202 6 | F119: 3600857786 | G119: =(G118+E119)-F119 -> 1.0365239e+09 | H119: =(H118+E119)-F119 -> 4.1566818e+09
A120: 46200.561 | D120: Training kaderisasi Al Irsyad Trf Ke - MARYANI | F120: 238700000 | G120: =(G119+E120)-F120 -> 7.9782388e+08 | H120: =(H119+E120)-F120 -> 3.9179818e+09
A121: 46200.561 | D121: Bon dropping SD 1 Juli 2026 rehab p intu kelas Trf Ke - SD AL IRSYAD 01 PURWOKERTO | F121: 48000000 | G121: =(G120+E121)-F121 -> 7.4982388e+08 | H121: =(H120+E121)-F121 -> 3.8699818e+09
A122: 46203.471 | D122: Pajak | F122: 1339155.7 | G122: =(G121+E122)-F122 -> 7.4848473e+08 | H122: =(H121+E122)-F122 -> 3.8686427e+09
A123: 46203.471 | D123: Bagi Hasil atau Bonus | E123: 6695778.3 | G123: =(G122+E123)-F123 -> 7.5518051e+08 | H123: =(H122+E123)-F123 -> 3.8753385e+09
...

Sheet juli26
A1: BUKU KAS UMUM
A2: BULAN JULI 2026
A4: Instansi | C4: : PC AL IRSYAD AL ISLAMIYYAH PURWOKERTO | H4: BKU
A5: Kabupaten | C5: : BANYUMAS
A6: Provinsi | C6: : JAWA TENGAH
A8: Tanggal | B8: No. Kode | C8: No. Bukti | D8: Uraian | E8: Penerimaan (Debit) | F8: Pengeluaran (Kredit) | G8: Saldo Kas-Sub | H8: Saldo Kas Total
A9: 46204 | D9: Saldo rekening 1035241902 - YAYASAN AL IRSYAD PURWOKERTO | E9: =juni!G13 -> 1.7595715e+09 | G9: =E9 -> 1.7595715e+09 | H9: =G9 -> 1.7595715e+09
A10: 46211 | D10: Pindah buku | F10: 1000000000 | G10: =(G9+E10)-F10 -> 7.5957147e+08 | H10: =(H9+E10)-F10 -> 7.5957147e+08
A11: 46234 | D11: Pendapatan SPP | E11: 7402583750 | G11: =(G10+E11)-F11 -> 8.1621552e+09 | H11: =(H10+E11)-F11 -> 8.1621552e+09
A12: 46213 | D12: Pindah buku | F12: 1000000000 | G12: =(G11+E12)-F12 -> 7.1621552e+09 | H12: =(H11+E12)-F12 -> 7.1621552e+09
A13: 46233 | D13: Pindah buku | F13: 2000000000 | G13: =(G12+E13)-F13 -> 5.1621552e+09 | H13: =(H12+E13)-F13 -> 5.1621552e+09
A14: 46234 | D14: Biaya Administrasi | F14: 15000 | G14: =(G13+E14)-F14 -> 5.1621402e+09 | H14: =(H13+E14)-F14 -> 5.1621402e+09
G15: =(G14+E15)-F15 -> 5.1621402e+09 | H15: =(H14+E15)-F15 -> 5.1621402e+09
D16: JUMLAH | E16: =SUM(E9:E15) -> 9.1621552e+09 | F16: =SUM(F10:F15) -> 4000015000 | G16: =E16-F16 -> 5.1621402e+09 | H16: =G16 -> 5.1621402e+09 | I16: 5.1621402e+09 | J16: =G16-I16 -> 0
A18: 46204 | D18: Saldo rekening 7099206505 - AL IRSYAD AL ISLAMIYYAH PURWOKERTO | E18: =juni!G24 -> 64515624 | G18: =E18 -> 64515624 | H18: =H16+G18 -> 5.2266558e+09
A19: 46205.037 | D19: By. Adm. BSINet | F19: 10000 | G19: =(G18+E19)-F19 -> 64505624 | H19: =(H18+E19)-F19 -> 5.2266458e+09
A20: 46206.089 | D20: Biaya Administrasi | F20: 15000 | G20: =(G19+E20)-F20 -> 64490624 | H20: =(H19+E20)-F20 -> 5.2266308e+09
A21: 46225 | D21: Pengembalian gaji usth Annisa | E21: 3788000 | G21: =(G20+E21)-F21 -> 68278624 | H21: =(H20+E21)-F21 -> 5.2304188e+09
A22: 46230.452 | D22: Pendapatan SPP | E22: 7116086500 | G22: =(G21+E22)-F22 -> 7.1843651e+09 | H22: =(H21+E22)-F22 -> 1.2346505e+10
A23: 46233.452 | D23: pindah buku Trf Ke - AL IRSYAD AL ISLAMIYYAH PURWOKERTO | F23: 2000000000 | G23: =(G22+E23)-F23 -> 5.1843651e+09 | H23: =(H22+E23)-F23 -> 1.0346505e+10
A24: 46234.452 | D24: Pajak | F24: 467592.05 | G24: =(G23+E24)-F24 -> 5.1838975e+09 | H24: =(H23+E24)-F24 -> 1.0346038e+10
A25: 46234.47 | D25: Bagi Hasil atau Bonus | E25: 2337960.2 | G25: =(G24+E25)-F25 -> 5.1862355e+09 | H25: =(H24+E25)-F25 -> 1.0348376e+10
D26: JUMLAH | E26: =SUM(E18:E25) -> 7.1867281e+09 | F26: =SUM(F18:F25) -> 2.0004926e+09 | G26: =E26-F26 -> 5.1862355e+09 | H26: =H25 -> 1.0348376e+10 | I26: 5.1862355e+09 | J26: =G26-I26 -> 0
A28: 46204 | D28: Saldo rekening 7152696536 - AL IRSYAD AL ISLAMIYYAH PURWOKERTO | E28: =juni!G32 -> 71089755 | G28: =E28 -> 71089755 | H28: =H26+G28 -> 1.0419465e+10
A29: 46234 | D29: Pendapatan SPP | E29: 305964500 | G29: =(G28+E29)-F29 -> 3.7705426e+08 | H29: =(H28+E29)-F29 -> 1.072543e+10
A30: 46234 | D30: Biaya Administrasi | F30: 15000 | G30: =(G29+E30)-F30 -> 3.7703926e+08 | H30: =(H29+E30)-F30 -> 1.0725415e+10
D31: JUMLAH | E31: =SUM(E28:E30) -> 3.7705426e+08 | F31: =SUM(F28:F30) -> 15000 | G31: =E31-F31 -> 3.7703926e+08 | H31: =H30 -> 1.0725415e+10 | I31: 3.7703926e+08 | J31: =G31-I31 -> 1.5497208e-06
A33: 46204 | D33: Saldo rekening 7107802511 - AL IRSYAD AL ISLAMIYYAH PURWOKERTO | E33: =juni!G38 -> 56204103 | G33: =E33 -> 56204103 | H33: =H31+G33 -> 1.0781619e+10
A34: 46223 | D34: Pembayaran listrik masjid | F34: =2098800+3500 -> 2102300 | G34: =(G33+E34)-F34 -> 54101803 | H34: =(H33+E34)-F34 -> 1.0779517e+10 | I34: 2102300
A35: 46234 | D35: Pemasukan infak masjid Al Irsyad | E35: 50010 | G35: =(G34+E35)-F35 -> 54151813 | H35: =(H34+E35)-F35 -> 1.0779567e+10
A36: 46234 | D36: Biaya administrasi bulanan | F36: 15000 | G36: =(G35+E36)-F36 -> 54136813 | H36: =(H35+E36)-F36 -> 1.0779552e+10
D37: JUMLAH | E37: =SUM(E33:E36) -> 56254113 | F37: =SUM(F33:F36) -> 2117300 | G37: =E37-F37 -> 54136813 | H37: =H36 -> 1.0779552e+10 | I37: 54136813 | J37: =G37-I37 -> 0
A39: 46204 | D39: Saldo rekening 7188000163 - AL IRSYAD AL ISLAMIYYAH PURWOKERTO | E39: =juni!G42 -> 9259301 | G39: =E39 -> 9259301 | H39: =H37+G39 -> 1.0788811e+10
A40: 46234 | D40: Biaya administrasi bulanan | F40: 15000 | G40: =G39-F40 -> 9244301 | H40: =H39-F40 -> 1.0788796e+10
D41: JUMLAH | E41: =SUM(E38:E40) -> 9259301 | F41: =SUM(F38:F40) -> 15000 | G41: =E41-F41 -> 9244301 | H41: =H40 -> 1.0788796e+10 | I41: 9244301 | J41: =G41-I41 -> 0
A43: 46204 | D43: Saldo rekening 1770001777 - AL IRSYAD AL ISLAMIYYAH PURWOKERTO | E43: =juni!G47 -> 1.1595177e+09 | G43: =E43 -> 1.1595177e+09 | H43: =H41+G43 -> 1.1948314e+10
A44: 46234.608 | D44: Pendapatan SPP | E44: 1247119000 | G44: =(G43+E44)-F44 -> 2.4066367e+09 | H44: =(H43+E44)-F44 -> 1.3195433e+10
A45: 46234.608 | D45: Biaya Administrasi | F45: 15000 | G45: =(G44+E45)-F45 -> 2.4066217e+09 | H45: =(H44+E45)-F45 -> 1.3195418e+10
D46: JUMLAH | E46: =SUM(E43:E45) -> 2.4066367e+09 | F46: =SUM(F44:F45) -> 15000 | G46: =E46-F46 -> 2.4066217e+09 | H46: =H45 -> 1.3195418e+10 | I46: 2.4066217e+09 | J46: =G46-I46 -> 0
A48: 46204 | D48: Saldo rekening 7777889871 - AL IRSYAD AL ISLAMIYYAH PURWOKERTO | E48: =juni!G124 -> 7.5518051e+08 | G48: =E48 -> 7.5518051e+08 | H48: =H46+G48 -> 1.3950598e+10 | I48: 7.5518051e+08
A49: 46204.6 | D49: Pelatihan guru al quran PAI Bhs Ara b LPM Trf Ke - LPP AL IRSYAD PURWOKERTO | F49: 4005000 | G49: =(G48+E49)-F49 -> 7.5117551e+08 | H49: =(H48+E49)-F49 -> 1.3946593e+10
A50: 46205.833 | D50: Dropping MPP bulan MeiJuni 2026 Trf Ke - MPP AL IRSYAD AL ISLAMIYYAH | F50: 21371700 | G50: =(G49+E50)-F50 -> 7.2980381e+08 | H50: =(H49+E50)-F50 -> 1.3925222e+10
A51: 46205.833 | D51: atribut SDM berupa lanyard dan id c ard holder Trf Ke - DROPPING BIRO SDM | F51: 5000000 | G51: =(G50+E51)-F51 -> 7.2480381e+08 | H51: =(H50+E51)-F51 -> 1.3920222e+10
A52: 46205.833 | D52: reward pegawai purna tugas Trf Ke - DROPPING BIRO SDM | F52: 127000000 | G52: =(G51+E52)-F52 -> 5.9780381e+08 | H52: =(H51+E52)-F52 -> 1.3793222e+10
A53: 46205.833 | D53: stadium general Trf Ke - DROPPING BIRO SDM | F53: 28205000 | G53: =(G52+E53)-F53 -> 5.6959881e+08 | H53: =(H52+E53)-F53 -> 1.3765017e+10
A54: 46205.833 | D54: Seragam SDM 462 pcs Trf Ke - OPS1 KOPERASI AL IRSYAD PURWOKERTO | F54: 230800000 | G54: =(G53+E54)-F54 -> 3.3879881e+08 | H54: =(H53+E54)-F54 -> 1.3534217e+10
A55: 46205.833 | D55: Seragam SDM hari Rabu Trf Ke - DROPPING BIRO SDM | F55: 83150000 | G55: =(G54+E55)-F55 -> 2.5564881e+08 | H55: =(H54+E55)-F55 -> 1.3451067e+10
A56: 46205.834 | D56: operasional job fair Purbalingga Trf Ke - DROPPING BIRO SDM | F56: 550000 | G56: =(G55+E56)-F56 -> 2.5509881e+08 | H56: =(H55+E56)-F56 -> 1.3450517e+10
A57: 46205.834 | D57: school meeting Trf Ke - DROPPING BIRO SDM | F57: 147800000 | G57: =(G56+E57)-F57 -> 1.0729881e+08 | H57: =(H56+E57)-F57 -> 1.3302717e+10
A58: 46206.069 | D58: Biaya Administrasi | F58: 10000 | G58: =(G57+E58)-F58 -> 1.0728881e+08 | H58: =(H57+E58)-F58 -> 1.3302707e+10
A59: 46207.809 | D59: Biaya Pemindahbukuan e-Banking | F59: 2500 | G59: =(G58+E59)-F59 -> 1.0728631e+08 | H59: =(H58+E59)-F59 -> 1.3302704e+10
A60: 46207.809 | D60: BIFAST - TRF Ke - BANK BNI MARDI KARYA SEJAHTERA YAYASAN Uang Muka Dana Operasional SPPG Dap | F60: 100000000 | G60: =(G59+E60)-F60 -> 7286306.2 | H60: =(H59+E60)-F60 -> 1.3202704e+10
A61: 46211.82 | D61: pindah buku Trf Dari - YAYASAN AL IRSYAD PURWOKERTO | E61: 1000000000 | G61: =(G60+E61)-F61 -> 1.0072863e+09 | H61: =(H60+E61)-F61 -> 1.4202704e+10
A62: 46211.822 | D62: Pengadaan Sarpras SMP AABS Trf Ke - SARPRAS AL IRSYAD | F62: 246000000 | G62: =(G61+E62)-F62 -> 7.6128631e+08 | H62: =(H61+E62)-F62 -> 1.3956704e+10
A63: 46211.822 | D63: Pengadaan meja kursi SMP reguler Trf Ke - SARPRAS AL IRSYAD | F63: 73600000 | G63: =(G62+E63)-F63 -> 6.8768631e+08 | H63: =(H62+E63)-F63 -> 1.3883104e+10
A64: 46211.822 | D64: 042212412737752 Trf Ke - REKENING PENERIMAAN NEGARA TERPUSAT | F64: 196732 | G64: =(G63+E64)-F64 -> 6.8748957e+08 | H64: =(H63+E64)-F64 -> 1.3882907e+10
A65: 46211.822 | D65: SPMB Tahun Pelajaran 2026 2027 Trf Ke - HUMAS LPP AL IRSYAD PURWOKERTO | F65: 137972200 | G65: =(G64+E65)-F65 -> 5.4951737e+08 | H65: =(H64+E65)-F65 -> 1.3744935e+10
A66: 46211.822 | D66: Biaya Pemindahbukuan e-Banking | F66: 2500 | G66: =(G65+E66)-F66 -> 5.4951487e+08 | H66: =(H65+E66)-F66 -> 1.3744933e+10
A67: 46211.822 | D67: BIFAST - TRF Ke - Bank BCA INDONESIA PARTNER SOLUTI gaji petugas OS IPS Juni 2026 | F67: 46683239 | G67: =(G66+E67)-F67 -> 5.0283164e+08 | H67: =(H66+E67)-F67 -> 1.3698249e+10
A68: 46211.822 | D68: Biaya Pemindahbukuan e-Banking | F68: 2500 | G68: =(G67+E68)-F68 -> 5.0282914e+08 | H68: =(H67+E68)-F68 -> 1.3698247e+10
A69: 46211.822 | D69: BIFAST - TRF Ke - Bank BRI Jkt SRI WAHYU JANURIYANT Pengembalian daftar ulang SMAIT an | F69: 5200000 | G69: =(G68+E69)-F69 -> 4.9762914e+08 | H69: =(H68+E69)-F69 -> 1.3693047e+10
A70: 46211.822 | D70: Biaya Pemindahbukuan e-Banking | F70: 2500 | G70: =(G69+E70)-F70 -> 4.9762664e+08 | H70: =(H69+E70)-F70 -> 1.3693044e+10
A71: 46211.822 | D71: BIFAST - TRF Ke - Bank BRI Jkt NISPAN HADI MARTONO Pembayaran 10 plakat an Al Irsyad P | F71: 3000000 | G71: =(G70+E71)-F71 -> 4.9462664e+08 | H71: =(H70+E71)-F71 -> 1.3690044e+10
A72: 46211.822 | D72: gaji guru OS bln Juni 2026 an Aufa Khalil Trf Ke - AUFA KHALIL | F72: 840000 | G72: =(G71+E72)-F72 -> 4.9378664e+08 | H72: =(H71+E72)-F72 -> 1.3689204e+10
A73: 46211.822 | D73: gaji guru OS bln Juni 2026 an Sugen g Wahono Trf Ke - SUGENG WAHONO | F73: 400000 | G73: =(G72+E73)-F73 -> 4.9338664e+08 | H73: =(H72+E73)-F73 -> 1.3688804e+10
... A80: 46211.822 | D80: BIFAST - TRF Ke - Bank BCA M ABDUL NURROHMAN gaji guru OS bulan Juni 2026 an M A | F80: 360000 | G80: =(G79+E80)-F80 -> 3.776311e+08 | H80: =(H79+E80)-F80 -> 1.3573049e+10
A81: 46213.447 | D81: pindah buku Trf Dari - PC AL IRSYAD AL ISLAMIYYAH PWT | E81: 1000000000 | G81: =(G80+E81)-F81 -> 1.3776311e+09 | H81: =(H80+E81)-F81 -> 1.4573049e+10
A82: 46213.447 | D82: pindah buku Trf Dari - YAYASAN AL IRSYAD PURWOKERTO | E82: 1000000000 | G82: =(G81+E82)-F82 -> 2.3776311e+09 | H82: =(H81+E82)-F82 -> 1.5573049e+10
A83: 46213.463 | D83: Kekurangan biaya operasional dapur SPPG Grendeng Trf Ke - FEBRIYANTI | F83: 4292356 | G83: =(G82+E83)-F83 -> 2.3733387e+09 | H83: =(H82+E83)-F83 -> 1.5568757e+10
A84: 46213.463 | D84: Payment Authorization Fee 4 school (S064269, S064317, S064272, S064268 ) | F84: 563000 | G84: =(G83+E84)-F84 -> 2.3727757e+09 | H84: =(H83+E84)-F84 -> 1.5568194e+10
A85: 46213.463 | D85: Payment Authorization Fee 4 school (S064269, S064317, S064272, S064268 ) | F85: 676444500 | G85: =(G84+E85)-F85 -> 1.6963312e+09 | H85: =(H84+E85)-F85 -> 1.4891749e+10
A86: 46217.566 | D86: BSI | E86: 2000000 | G86: =(G85+E86)-F86 -> 1.6983312e+09 | H86: =(H85+E86)-F86 -> 1.4893749e+10
A87: 46219.342 | D87: Pengadaan Mobile Stand MAXHUB untuk STIE Trf Ke - SARPRAS AL IRSYAD | F87: 7000000 | G87: =(G86+E87)-F87 -> 1.6913312e+09 | H87: =(H86+E87)-F87 -> 1.4886749e+10
A88: 46219.342 | D88: Pengadaan sarpras kantor LDK Trf Ke - SARPRAS AL IRSYAD | F88: 72489000 | G88: =(G87+E88)-F88 -> 1.6188422e+09 | H88: =(H87+E88)-F88 -> 1.481426e+10
A89: 46219.342 | D89: Biaya Pemindahbukuan e-Banking | F89: 2500 | G89: =(G88+E89)-F89 -> 1.6188397e+09 | H89: =(H88+E89)-F89 -> 1.4814258e+10
A90: 46219.342 | D90: BIFAST - TRF Ke - Bank Mandiri TRI ATIK NOFIANTI Pelunasan Pembangunan SPPG Dapur Ba | F90: 75000000 | G90: =(G89+E90)-F90 -> 1.5438397e+09 | H90: =(H89+E90)-F90 -> 1.4739258e+10
A91: 46219.342 | D91: Biaya Pemindahbukuan e-Banking | F91: 2500 | G91: =(G90+E91)-F91 -> 1.5438372e+09 | H91: =(H90+E91)-F91 -> 1.4739255e+10
A92: 46219.342 | D92: BIFAST - TRF Ke - BANK BNI NUNING INDRAENI biaya akta adendum STIE | F92: 500000 | G92: =(G91+E92)-F92 -> 1.5433372e+09 | H92: =(H91+E92)-F92 -> 1.4738755e+10
A93: 46219.342 | D93: Biaya Pemindahbukuan e-Banking | F93: 2500 | G93: =(G92+E93)-F93 -> 1.5433347e+09 | H93: =(H92+E93)-F93 -> 1.4738753e+10
A94: 46219.342 | D94: BIFAST - TRF Ke - Bank Mandiri ENENG IMA 20260713WY3RW0YZC | F94: 75000000 | G94: =(G93+E94)-F94 -> 1.4683347e+09 | H94: =(H93+E94)-F94 -> 1.4663753e+10
A95: 46219.342 | D95: Biaya Pemindahbukuan e-Banking | F95: 2500 | G95: =(G94+E95)-F95 -> 1.4683322e+09 | H95: =(H94+E95)-F95 -> 1.466375e+10
A96: 46219.342 | D96: BIFAST - TRF Ke - Bank Mandiri TRI ATIK NOFIANTI Pelunasan Pembangunan SPPG Dapur Ke | F96: 45250000 | G96: =(G95+E96)-F96 -> 1.4230822e+09 | H96: =(H95+E96)-F96 -> 1.46185e+10
A97: 46219.342 | D97: Biaya Pemindahbukuan e-Banking | F97: 2500 | G97: =(G96+E97)-F97 -> 1.4230797e+09 | H97: =(H96+E97)-F97 -> 1.4618498e+10
A98: 46219.342 | D98: BIFAST - TRF Ke - Bank Mandiri TRI ATIK NOFIANTI Pelunasan Pembangunan SPPG Dapur Ka | F98: 57000000 | G98: =(G97+E98)-F98 -> 1.3660797e+09 | H98: =(H97+E98)-F98 -> 1.4561498e+10
... A104: 46220.4 | D104: P260717080242211213Q1-Uang makan se curity Juni 2026 | F104: 4560000 | G104: =(G103+E104)-F104 -> 1.2258872e+09 | H104: =(H103+E104)-F104 -> 1.4421305e+10
A105: 46223.588 | D105: pengembalian keg pelatihan LPM Trf Dari - MUHAMMAD ELAN HABIBY | E105: 215540 | G105: =(G104+E105)-F105 -> 1.2261028e+09 | H105: =(H104+E105)-F105 -> 1.4421521e+10
A106: 46224.485 | D106: Makan siang SDM piket liburan Trf Ke - DROPPING BIRO SDM | F106: 1060000 | G106: =(G105+E106)-F106 -> 1.2250428e+09 | H106: =(H105+E106)-F106 -> 1.4420461e+10
A107: 46224.485 | D107: Makan siang SDM bulan Juni 2026 Trf Ke - DROPPING BIRO SDM | F107: 93973200 | G107: =(G106+E107)-F107 -> 1.1310696e+09 | H107: =(H106+E107)-F107 -> 1.4326487e+10
A108: 46225.443 | D108: Bon dropping TK bulan Juli 2026 Trf Ke - KB & TK AL IRSYAD | F108: 40170000 | G108: =(G107+E108)-F108 -> 1.0908996e+09 | H108: =(H107+E108)-F108 -> 1.4286317e+10
A109: 46225.443 | D109: Bon Dropping SD 2 Juli 2026 Trf Ke - SD AL IRSYAD 02 PURWOKERTO | F109: 50000000 | G109: =(G108+E109)-F109 -> 1.0408996e+09 | H109: =(H108+E109)-F109 -> 1.4236317e+10
A110: 46225.443 | D110: Biaya Pemindahbukuan e-Banking | F110: 2500 | G110: =(G109+E110)-F110 -> 1.0408971e+09 | H110: =(H109+E110)-F110 -> 1.4236315e+10
A111: 46225.443 | D111: BIFAST - TRF Ke - Bank BRI Jkt SURYAWAN YON SAPUTRA Pengembalian daftar ulang an Firas | F111: 12500000 | G111: =(G110+E111)-F111 -> 1.0283971e+09 | H111: =(H110+E111)-F111 -> 1.4223815e+10
A112: 46225.443 | D112: Dropping bulan Juli 2026 kantor PC Trf Ke - PC AL IRSYAD AL ISLAMIYYAH PWT | F112: 55048667 | G112: =(G111+E112)-F112 -> 9.7334842e+08 | H112: =(H111+E112)-F112 -> 1.4168766e+10
A113: 46225.463 | D113: Pengembalian deposit makan siang SD M th. 2025/2026 Trf Dari - DROPPING BIRO SDM | E113: 200000000 | G113: =(G112+E113)-F113 -> 1.1733484e+09 | H113: =(H112+E113)-F113 -> 1.4368766e+10
A114: 46226.405 | D114: pengembalian sisa perjln dinas Trf Dari - AGUS TARDIAN | E114: 435000 | G114: =(G113+E114)-F114 -> 1.1737834e+09 | H114: =(H113+E114)-F114 -> 1.4369201e+10
A115: 46226.458 | D115: Pengadaan meja kursi STIE Trf Ke - SARPRAS AL IRSYAD | F115: 7000000 | G115: =(G114+E115)-F115 -> 1.1667834e+09 | H115: =(H114+E115)-F115 -> 1.4362201e+10
A116: 46227.296 | D116: pengembalian sisa pelatihan LPD Trf Dari - DYAH RETNO KUSUMAWARDANI | E116: 504470 | G116: =(G115+E116)-F116 -> 1.1672879e+09 | H116: =(H115+E116)-F116 -> 1.4362706e+10
A117: 46228.345 | D117: Dropping bulan Juli 2026 unit SMP B oarding Trf Ke - SMP AL IRSYAD BOARDING SCHOOL PWT | F117: 121135865 | G117: =(G116+E117)-F117 -> 1.046152e+09 | H117: =(H116+E117)-F117 -> 1.424157e+10
A118: 46228.345 | D118: Dropping bulan Juli 2026 unit SMP Trf Ke - SMP AL IRSYAD PURWOKERTO | F118: 130812923 | G118: =(G117+E118)-F118 -> 9.153391e+08 | H118: =(H117+E118)-F118 -> 1.4110757e+10
A119: 46228.534 | D119: Kunjungan Prof. Dr. Nahla Shabry Al Saidi Trf Ke - LPM AL IRSYAD PURWOKERTO | F119: 20000000 | G119: =(G118+E119)-F119 -> 8.953391e+08 | H119: =(H118+E119)-F119 -> 1.4090757e+10
...

Sheet agst26
A1: BUKU KAS UMUM
A2: BULAN AGUSTUS 2026
A4: Instansi | C4: : PC AL IRSYAD AL ISLAMIYYAH PURWOKERTO | H4: BKU
A5: Kabupaten | C5: : BANYUMAS
A6: Provinsi | C6: : JAWA TENGAH
A8: Tanggal | B8: No. Kode | C8: No. Bukti | D8: Uraian | E8: Penerimaan (Debit) | F8: Pengeluaran (Kredit) | G8: Saldo Kas-Sub | H8: Saldo Kas Total
A9: 46235 | D9: Saldo rekening 1035241902 - YAYASAN AL IRSYAD PURWOKERTO | E9: =juli26!G16 -> 5.1621402e+09 | G9: =E9 -> 5.1621402e+09 | H9: =G9 -> 5.1621402e+09
A10: 46247 | D10: Pendapatan SPP | E10: 1534493750 | G10: =(G9+E10)-F10 -> 6.696634e+09 | H10: =G10 -> 6.696634e+09
A11: 46252 | D11: Pindah buku | F11: 1000000000 | G11: =(G10+E11)-F11 -> 5.696634e+09 | H11: =G11 -> 5.696634e+09
A12: 46262 | D12: Pindah buku | F12: 2000000000 | G12: =(G11+E12)-F12 -> 3.696634e+09 | H12: =G12 -> 3.696634e+09
A13: 46265 | D13: Biaya Administrasi | F13: 15000 | G13: =(G12+E13)-F13 -> 3.696619e+09 | H13: =G13 -> 3.696619e+09
D14: JUMLAH | E14: =SUM(E9:E13) -> 6.696634e+09 | F14: =SUM(F10:F13) -> 3000015000 | G14: =E14-F14 -> 3.696619e+09 | H14: =G14 -> 3.696619e+09 | I14: 3.696619e+09 | J14: =G14-I14 -> 0
I15: 8.3819697e+09
A16: 46235 | D16: Saldo rekening 7099206505 - AL IRSYAD AL ISLAMIYYAH PURWOKERTO | E16: =juli26!G26 -> 5.1862355e+09 | G16: =E16 -> 5.1862355e+09 | H16: =H14+G16 -> 8.8828545e+09
A17: 46236.048 | D17: By. Adm. BSINet JUL 26 | F17: 10000 | G17: =(G16+E17)-F17 -> 5.1862255e+09 | H17: =(H16+E17)-F17 -> 8.8828445e+09
A18: 46237.05 | D18: Biaya Administrasi | F18: 15000 | G18: =(G17+E18)-F18 -> 5.1862105e+09 | H18: =(H17+E18)-F18 -> 8.8828295e+09
A19: 46237.555 | D19: Pemindahbukuan Trf Dari - DHIYA AFSHA SALSABILA | E19: 2474600 | G19: =(G18+E19)-F19 -> 5.1886851e+09 | H19: =(H18+E19)-F19 -> 8.8853041e+09
A20: 46237.571 | D20: Pemindahbukuan Trf Dari - SHAFIRA WIDYA UTAMI | E20: 2474600 | G20: =(G19+E20)-F20 -> 5.1911597e+09 | H20: =(H19+E20)-F20 -> 8.8877787e+09
A21: 46252 | D21: Pindah buku | F21: 1000000000 | G21: =(G20+E21)-F21 -> 4.1911597e+09 | H21: =(H20+E21)-F21 -> 7.8877787e+09
A22: 46262 | D22: Pindah buku | F22: 2000000000 | G22: =(G21+E22)-F22 -> 2.1911597e+09 | H22: =(H21+E22)-F22 -> 5.8877787e+09
A23: 46265 | D23: Pendapatan SPP | E23: 2636569500 | G23: =(G22+E23)-F23 -> 4.8277292e+09 | H23: =(H22+E23)-F23 -> 8.5243482e+09
A24: 46265 | D24: Bagi Hasil atau Bonus | E24: 2683567.8 | G24: =(G23+E24)-F24 -> 4.8304128e+09 | H24: =(H23+E24)-F24 -> 8.5270317e+09
A25: 46265 | D25: Pajak | F25: 536713.55 | G25: =(G24+E25)-F25 -> 4.829876e+09 | H25: =(H24+E25)-F25 -> 8.526495e+09
D26: JUMLAH | E26: =SUM(E16:E25) -> 7.8304378e+09 | F26: =SUM(F16:F25) -> 3.0005617e+09 | G26: =E26-F26 -> 4.829876e+09 | H26: =H24 -> 8.5270317e+09 | I26: 4.829876e+09 | J26: =G26-I26 -> 0
A28: 46235 | D28: Saldo rekening 7152696536 - AL IRSYAD AL ISLAMIYYAH PURWOKERTO | E28: =juli26!G31 -> 3.7703926e+08 | G28: =E28 -> 3.7703926e+08 | H28: =H26+G28 -> 8.904071e+09
A29: 46265 | D29: Pendapatan SPP | E29: 251351250 | G29: =(G28+E29)-F29 -> 6.2839051e+08 | H29: =(H28+E29)-F29 -> 9.1554222e+09 | I29: =E29-62105000 -> 189246250
